Workbook
Name тыс: '[1]%'!$B$3

Sheet Content
A1: 1 | D1: Solidcore Resources plc Datapack
B4: Production results | C4: Операционные результаты
B6: Production statistics | C6: Производственная статистика
B7: Consolidated highlights | C7: Консолидированные результаты | E7: Language/ Язык
B8: Kyzyl | C8: Кызыл
B10: Varvara | C10: Варваринское
B11: Reserves and Resources | C11: Резервы и ресурсы
B14: Financial results | C14: Финансовые результаты | E14: =CHOOSE($A$1,B4,C4) -> Production results
B15: Financial highlights | C15: Финансовые результаты
B16: Group balance sheet | C16: Балансовый отчет Группы | E16: =CHOOSE($A$1,B7,C7) -> Consolidated highlights | F16: =CHOOSE($A$1,B8,C8) -> Kyzyl | G16: =CHOOSE($A$1,B11,C11) -> Reserves and Resources
B18: Group income statement | C18: Отчет Группы о прибылях и убытках | F18: =CHOOSE($A$1,B10,C10) -> Varvara
B19: Group cash flow statement | C19: Отчет Группы о движении денежных средств
B20: Revenue structure | C20: Структура выручки | E20: =CHOOSE($A$1, B14,C14) -> Financial results
B21: Cost structure | C21: Структура затрат
B22: Debt | C22: Долг | E22: =CHOOSE($A$1, B15,C15) -> Financial highlights | F22: =CHOOSE($A$1, B16, C16) -> Group balance sheet | G22: =CHOOSE($A$1, B18, C18) -> Group income statement | H22: =CHOOSE($A$1, B19, C19) -> Group cash flow statement
B24: Cash cost | C24: Денежные затраты | E24: =CHOOSE($A$1, B20,C20) -> Revenue structure | F24: =CHOOSE($A$1, B21, C21) -> Cost structure | G24: =CHOOSE($A$1, B22, C22) -> Debt | H24: =CHOOSE($A$1, B24, C24) -> Cash cost
B26: CapEx | C26: Капитальные затраты | E26: =CHOOSE($A$1, B27, C27) -> Dividends
B27: Dividends | C27: Дивиденды
B28: Other | C28: Прочее

Sheet Production
C1: =IFERROR(CHOOSE(B1, " ¹ "," ² "," ³ "," ⁴ "," ⁵ "," ⁶ "," ⁷ "," ⁸ "," ⁹ ", " ¹⁰ "," ¹¹ "," ¹² " ),"") | D1: Group production statistics | E1: Производственная статистика Группы | F1: =CHOOSE(Content!$A$1, $D1, $E1)&$C1 -> Group production statistics
C2: =IFERROR(CHOOSE(B2, " ¹ "," ² "," ³ "," ⁴ "," ⁵ "," ⁶ "," ⁷ "," ⁸ "," ⁹ ", " ¹⁰ "," ¹¹ "," ¹² " ),"") | D2: ="" | E2: ="" | F2: =CHOOSE(Content!$A$1, $D2, $E2)&$C2 | H2: =CHOOSE(Content!$A$1, "Q"&MONTH(H3)/3, ROMAN(MONTH(H3)/3)&" кв.")&" "&YEAR(H3) -> Q1 2019 | I2: =CHOOSE(Content!$A$1, "Q"&MONTH(I3)/3, ROMAN(MONTH(I3)/3)&" кв.")&" "&YEAR(I3) -> Q2 2019 | J2: =CHOOSE(Content!$A$1, "Q"&MONTH(J3)/3, ROMAN(MONTH(J3)/3)&" кв.")&" "&YEAR(J3) -> Q3 2019 | K2: =CHOOSE(Content!$A$1, "Q"&MONTH(K3)/3, ROMAN(MONTH(K3)/3)&" кв.")&" "&YEAR(K3) -> Q4 2019 | L2: =CHOOSE(Content!$A$1, "Q"&MONTH(L3)/3, ROMAN(MONTH(L3)/3)&" кв.")&" "&YEAR(L3) -> Q1 2020 | M2: =CHOOSE(Content!$A$1, "Q"&MONTH(M3)/3, ROMAN(MONTH(M3)/3)&" кв.")&" "&YEAR(M3) -> Q2 2020 | N2: =CHOOSE(Content!$A$1, "Q"&MONTH(N3)/3, ROMAN(MONTH(N3)/3)&" кв.")&" "&YEAR(N3) -> Q3 2020 | O2: =CHOOSE(Content!$A$1, "Q"&MONTH(O3)/3, ROMAN(MONTH(O3)/3)&" кв.")&" "&YEAR(O3) -> Q4 2020 | ... AK2: =CHOOSE(Content!$A$1, "Q"&MONTH(AK3)/3, ROMAN(MONTH(AK3)/3)&" кв.")&" "&YEAR(AK3) -> Q2 2026 | AL2: =CHOOSE(Content!$A$1, "Y-o-Y, %", "Изменение, %" ) -> Y-o-Y, % | AN2: =CHOOSE(Content!$A$1, "FY "&AN3, AN3) -> FY 2019 | AO2: =CHOOSE(Content!$A$1, "FY "&AO3, AO3) -> FY 2020 | AP2: =CHOOSE(Content!$A$1, "FY "&AP3, AP3) -> FY 2021 | AQ2: =CHOOSE(Content!$A$1, "FY "&AQ3, AQ3) -> FY 2022 | AR2: =CHOOSE(Content!$A$1, "FY "&AR3, AR3) -> FY 2023 | AS2: =CHOOSE(Content!$A$1, "FY "&AS3, AS3) -> FY 2024 | AT2: =CHOOSE(Content!$A$1, "FY "&AT3, AT3) -> FY 2025 | AU2: =CHOOSE(Content!$A$1, "Change, %", "Изменение, %" ) -> Change, %
C3: =IFERROR(CHOOSE(B3, " ¹ "," ² "," ³ "," ⁴ "," ⁵ "," ⁶ "," ⁷ "," ⁸ "," ⁹ ", " ¹⁰ "," ¹¹ "," ¹² " ),"") | D3: ="" | E3: ="" | F3: =CHOOSE(Content!$A$1, $D3, $E3)&$C3 | H3: =DATE(2019, 3, 31) -> 43555 | I3: =EOMONTH(H3,3) -> 43646 | J3: =EOMONTH(I3,3) -> 43738 | K3: =EOMONTH(J3,3) -> 43830 | L3: =EOMONTH(K3,3) -> 43921 | M3: =EOMONTH(L3,3) -> 44012 | N3: =EOMONTH(M3,3) -> 44104 | O3: =EOMONTH(N3,3) -> 44196 | P3: =EOMONTH(O3,3) -> 44286 | ... AK3: =EOMONTH(AJ3,3) -> 46203 | AN3: 2019 | AO3: =AN3+1 -> 2020 | AP3: =AO3+1 -> 2021 | AQ3: =AP3+1 -> 2022 | AR3: =AQ3+1 -> 2023 | AS3: =AR3+1 -> 2024 | AT3: =AS3+1 -> 2025
C4: =IFERROR(CHOOSE(B4, " ¹ "," ² "," ³ "," ⁴ "," ⁵ "," ⁶ "," ⁷ "," ⁸ "," ⁹ ", " ¹⁰ "," ¹¹ "," ¹² " ),"") | D4: Consolidated highlights | E4: Консолидированные результаты | F4: =CHOOSE(Content!$A$1, $D4, $E4)&$C4 -> Consolidated highlights
C5: =IFERROR(CHOOSE(B5, " ¹ "," ² "," ³ "," ⁴ "," ⁵ "," ⁶ "," ⁷ "," ⁸ "," ⁹ ", " ¹⁰ "," ¹¹ "," ¹² " ),"") | D5: Waste mined, Kt | E5: Вскрыша, тыс. тонн | F5: =CHOOSE(Content!$A$1, $D5, $E5)&$C5 -> Waste mined, Kt | H5: 27018.662 | I5: 28006.968 | J5: 28966.069 | K5: 28811.972 | L5: 29396.667 | M5: 28891.963 | N5: 30025.325 | O5: 29991.329 | P5: 29741.906 | Q5: 30668.213 | R5: 32336.74 | S5: 32296.576 | T5: 31689.133 | U5: 31260.303 | V5: 31408.052 | W5: 32145.285 | X5: 30617.695 | Y5: 29644.254 | Z5: 31872.297 | AA5: 29845.13 | AB5: 33054.518 | AC5: 31346.578 | AD5: 30979.182 | AE5: 33580.967 | AF5: 30611.268 | AG5: 30102.082 | AH5: 31585.628 | AI5: 30904.629 | AJ5: 23930.158 | AK5: 25397.157 | AL5: -0.15629901 | AN5: 112803.67 | AO5: 118305.29 | AP5: 125043.43 | AQ5: 126502.77 | AR5: 121979.38 | AS5: 128961.25 | AT5: 123203.61 | AU5: -0.044646269
C6: =IFERROR(CHOOSE(B6, " ¹ "," ² "," ³ "," ⁴ "," ⁵ "," ⁶ "," ⁷ "," ⁸ "," ⁹ ", " ¹⁰ "," ¹¹ "," ¹² " ),"") | D6: Ore mined, Kt | E6: Добыча руды, тыс. тонн | F6: =CHOOSE(Content!$A$1, $D6, $E6)&$C6 -> Ore mined, Kt | H6: 1482.401 | I6: 1488.6045 | J6: 1541.4545 | K6: 1430.9308 | L6: 1305.309 | M6: 1219.718 | N6: 1238.426 | O6: 1089.6228 | P6: 1612.243 | Q6: 1392.511 | R6: 1481.929 | S6: 1314.56 | T6: 1541.215 | U6: 1659.626 | V6: 1520.67 | W6: 1358.646 | X6: 1299.363 | Y6: 1389.523 | Z6: 1319.537 | AA6: 1251.821 | AB6: 1171.868 | AC6: 1311.919 | AD6: 1205.462 | AE6: 1511.541 | AF6: 1318.95 | AG6: 1260.073 | AH6: 1329.177 | AI6: 1391.513 | AJ6: 1464.229 | AK6: 1304.221 | AL6: 0.035036065 | AN6: 5943.3908 | AO6: 4853.0758 | AP6: 5801.243 | AQ6: 6080.157 | AR6: 5260.244 | AS6: 5200.79 | AT6: 5299.713 | AU6: 0.019020764
C7: =IFERROR(CHOOSE(B7, " ¹ "," ² "," ³ "," ⁴ "," ⁵ "," ⁶ "," ⁷ "," ⁸ "," ⁹ ", " ¹⁰ "," ¹¹ "," ¹² " ),"") | D7: Open-pit | E7: Открытые горные работы | F7: =CHOOSE(Content!$A$1, $D7, $E7)&$C7 -> Open-pit | H7: 1482.401 | I7: 1488.6045 | J7: 1541.4545 | K7: 1430.9308 | L7: 1305.309 | M7: 1219.718 | N7: 1238.426 | O7: 1089.6228 | P7: 1612.243 | Q7: 1392.511 | R7: 1481.929 | S7: 1314.56 | T7: 1541.215 | U7: 1659.626 | V7: 1520.67 | W7: 1358.646 | X7: 1299.363 | Y7: 1389.523 | Z7: 1319.537 | AA7: 1251.821 | AB7: 1171.868 | AC7: 1311.919 | AD7: 1205.462 | AE7: 1511.541 | AF7: 1318.95 | AG7: 1260.073 | AH7: 1329.177 | AI7: 1391.513 | AJ7: 1464.229 | AK7: 1304.221 | AL7: 0.035036065 | AN7: 5943.3908 | AO7: 4853.0758 | AP7: 5801.243 | AQ7: 6080.157 | AR7: 5260.244 | AS7: 5200.79 | AT7: 5299.713 | AU7: 0.019020764
C8: =IFERROR(CHOOSE(B8, " ¹ "," ² "," ³ "," ⁴ "," ⁵ "," ⁶ "," ⁷ "," ⁸ "," ⁹ ", " ¹⁰ "," ¹¹ "," ¹² " ),"") | D8: Ore processed, Kt | E8: Переработка руды, тыс. тонн | F8: =CHOOSE(Content!$A$1, $D8, $E8)&$C8 -> Ore processed, Kt | H8: 1374.598 | I8: 1425.725 | J8: 1369.1163 | K8: 1380.7677 | L8: 1388.3538 | M8: 1464.1691 | N8: 1458.327 | O8: 1408.0339 | P8: 1517.8243 | Q8: 1548.0353 | R8: 1513.0127 | S8: 1500.5611 | T8: 1498.8549 | U8: 1555.7007 | V8: 1584.4937 | W8: 1512.2953 | X8: 1517.6937 | Y8: 1597.2008 | Z8: 1619.3101 | AA8: 1606.8947 | AB8: 1567.5248 | AC8: 1577.9758 | AD8: 1608.7792 | AE8: 1618.2057 | AF8: 1572.632 | AG8: 1643.7091 | AH8: 1663.855 | AI8: 1641.792 | AJ8: 1634.029 | AK8: 1584.471 | AL8: -0.036039308 | AN8: 5550.557 | AO8: 5718.8837 | AP8: 6079.4335 | AQ8: 6151.3446 | AR8: 6341.0993 | AS8: 6372.4854 | AT8: 6521.9882 | AU8: 0.023460665
C9: =IFERROR(CHOOSE(B9, " ¹ "," ² "," ³ "," ⁴ "," ⁵ "," ⁶ "," ⁷ "," ⁸ "," ⁹ ", " ¹⁰ "," ¹¹ "," ¹² " ),"") | D9: Gold grade processed, g/t | E9: Содержание золота в перерабатываемой руде, г/т | F9: =CHOOSE(Content!$A$1, $D9, $E9)&$C9 -> Gold grade processed, g/t | H9: 3.2992939 | I9: 3.2468982 | J9: 3.7037138 | K9: 3.7669891 | L9: 4.1073566 | M9: 3.9295613 | N9: 3.7108704 | O9: 3.7571207 | P9: 3.3743491 | Q9: 3.5642708 | R9: 3.3253579 | S9: 3.2237463 | T9: 2.9582631 | U9: 2.8502677 | V9: 3.2537085 | W9: 3.3963858 | X9: 2.9367243 | Y9: 2.9009562 | Z9: 2.8185944 | AA9: 2.912527 | AB9: 3.0008482 | AC9: 3.0355678 | AD9: 2.5757193 | AE9: 2.5329187 | AF9: 2.9598505 | AG9: 3.0236013 | AH9: 2.5181914 | AI9: 2.4209239 | AJ9: 2.6499392 | AK9: 3.156415 | AL9: 0.043925678 | AN9: 3.5021934 | AO9: 3.8745028 | AP9: 3.3736651 | AQ9: 3.1134666 | AR9: 2.8914166 | AS9: 2.7832945 | AT9: 2.7275786 | AU9: -0.020017943
C10: =IFERROR(CHOOSE(B10, " ¹ "," ² "," ³ "," ⁴ "," ⁵ "," ⁶ "," ⁷ "," ⁸ "," ⁹ ", " ¹⁰ "," ¹¹ "," ¹² " ),"") | D10: Silver grade processed, g/t | E10: Содержание серебра в перерабатываемой руде, г/т | F10: =CHOOSE(Content!$A$1, $D10, $E10)&$C10 -> Silver grade processed, g/t | H10: 1.0497461 | I10: 1.0683157 | J10: 1.0524355 | K10: 0.9071357 | L10: 0.73179939 | M10: 1.0210556 | N10: 1.0128818 | O10: 0.85573169 | P10: 0.86005828 | Q10: 1.045712 | R10: 0.696302 | S10: 1.3731407 | T10: 0.96258542 | U10: 2.2653804 | V10: 0.59990857 | W10: 0.89388068 | X10: 0.4505996 | Y10: 0.84257723 | Z10: 0.4 | AA10: 0.4505996 | AB10: 0.3846373 | AC10: 0.31326026 | AD10: 0.57507864 | AE10: 0.27065119 | AF10: 0.29806572 | AG10: 0.23281382 | AH10: 0.3 | AI10: 0.3 | AJ10: 0.23250567 | AK10: 0.21487638 | AL10: -0.077046256 | AN10: 1.029163 | AO10: 0.90942688 | AP10: 0.99761086 | AQ10: 1.6525696 | AR10: 0.44808824 | AS10: 0.33075197 | AT10: 0.33075197 | AU10: 0
C11: =IFERROR(CHOOSE(B11, " ¹ "," ² "," ³ "," ⁴ "," ⁵ "," ⁶ "," ⁷ "," ⁸ "," ⁹ ", " ¹⁰ "," ¹¹ "," ¹² " ),"") | D11: GE grade processed, g/t | E11: Содержание в перерабатываемой руде в золотом эквиваленте, г/т | F11: =CHOOSE(Content!$A$1, $D11, $E11)&$C11 -> GE grade processed, g/t | H11: 3.3124158 | I11: 3.2602521 | J11: 3.7168692 | K11: 3.7783283 | L11: 4.1165041 | M11: 3.9423245 | N11: 3.7235315 | O11: 3.7678174 | P11: 3.3850999 | Q11: 3.5773422 | R11: 3.3340617 | S11: 3.2409106 | T11: 2.9702954 | U11: 2.8785849 | V11: 3.2612073 | W11: 3.4075593 | X11: 2.9423568 | Y11: 2.9114884 | Z11: 2.8235944 | AA11: 2.9181595 | AB11: 3.0056562 | AC11: 3.0394836 | AD11: 2.5829078 | AE11: 2.5363018 | AF11: 2.9635763 | AG11: 3.063247 | AH11: 2.5219414 | AI11: 2.4246739 | AJ11: 2.6528455 | AK11: 3.159101 | AL11: 0.031291644 | AN11: 3.515058 | AO11: 3.8858706 | AP11: 3.3861352 | AQ11: 3.1341238 | AR11: 2.8970177 | AS11: 2.7874289 | AT11: 2.731713 | AU11: -0.019988251
C12: =IFERROR(CHOOSE(B12, " ¹ "," ² "," ³ "," ⁴ "," ⁵ "," ⁶ "," ⁷ "," ⁸ "," ⁹ ", " ¹⁰ "," ¹¹ "," ¹² " ),"") | D12: TOTAL PRODUCTION | E12: ИТОГО ПРОИЗВОДСТВО | F12: =CHOOSE(Content!$A$1, $D12, $E12)&$C12 -> TOTAL PRODUCTION
C13: =IFERROR(CHOOSE(B13, " ¹ "," ² "," ³ "," ⁴ "," ⁵ "," ⁶ "," ⁷ "," ⁸ "," ⁹ ", " ¹⁰ "," ¹¹ "," ¹² " ),"") | D13: Gold, Koz | E13: Золото, тыс. унций | F13: =CHOOSE(Content!$A$1, $D13, $E13)&$C13 -> Gold, Koz | H13: 112.07749 | I13: 117.29913 | J13: 128.00192 | K13: 122.80021 | L13: 151.89644 | M13: 145.28285 | N13: 147.47422 | O13: 95.466796 | P13: 148.52503 | Q13: 143.94675 | R13: 139.88449 | S13: 124.78249 | T13: 138.74022 | U13: 104.89156 | V13: 133.05451 | W13: 163.91903 | X13: 115.22904 | Y13: 98.000927 | Z13: 126.82714 | AA13: 145.06508 | AB13: 117.05204 | AC13: 134.78362 | AD13: 118.53627 | AE13: 118.91991 | AF13: 67.992323 | AG13: 54.7899 | AH13: 124.79147 | AI13: 146.24576 | AJ13: 124.82516 | AK13: 85.529668 | AL13: 0.56104809 | AN13: 480.18231 | AO13: 540.12031 | AP13: 557.13876 | AQ13: 540.60532 | AR13: 485.12219 | AS13: 489.29183 | AT13: 394.59642 | AU13: -0.19353565
C14: =IFERROR(CHOOSE(B14, " ¹ "," ² "," ³ "," ⁴ "," ⁵ "," ⁶ "," ⁷ "," ⁸ "," ⁹ ", " ¹⁰ "," ¹¹ "," ¹² " ),"") | D14: Silver, Moz | E14: Серебро, млн унций | F14: =CHOOSE(Content!$A$1, $D14, $E14)&$C14 -> Silver, Moz | H14: 0.0064278509 | I14: 0.0092908515 | J14: 0.0082404771 | K14: 0.0071159803 | L14: 0.0077863358 | M14: 0.0091447059 | N14: 0.010171245 | O14: 0.0060872755 | P14: 0.013145167 | Q14: 0.010316871 | R14: 0.0098299494 | S14: 0.0077833676 | T14: 0.015628566 | U14: 0.015419111 | V14: 0.021099854 | W14: 0.016029372 | X14: 0.0099642281 | Y14: 0.0074720627 | Z14: 0.0070941883 | AA14: 0.0062437286 | AB14: 0.0055547274 | AC14: 0.0040108645 | AD14: 0.004257052 | AE14: 0.0049327366 | AF14: 0.0032007378 | AG14: 0.0035643202 | AH14: 0.0039244128 | AI14: 0.0039347209 | AJ14: 0.0035874993 | AK14: 0.0033229275 | AL14: -0.067724745 | AN14: 0.03107516 | AO14: 0.033189562 | AP14: 0.041075355 | AQ14: 0.068176903 | AR14: 0.030774208 | AS14: 0.01875538 | AT14: 0.014624192 | AU14: -0.22026686
C15: =IFERROR(CHOOSE(B15, " ¹ "," ² "," ³ "," ⁴ "," ⁵ "," ⁶ "," ⁷ "," ⁸ "," ⁹ ", " ¹⁰ "," ¹¹ "," ¹² " ),"") | D15: Copper, t | E15: Медь, тонн | F15: =CHOOSE(Content!$A$1, $D15, $E15)&$C15 -> Copper, t | H15: 705.0511 | I15: 559.38668 | J15: 569.47909 | K15: 451.78424 | L15: 320.1118 | M15: 464.74625 | N15: 509.83013 | O15: 249.67395 | P15: 600.31605 | Q15: 540.30951 | R15: 324.41031 | S15: 436.28748 | T15: 432.47165 | U15: 383.27455 | V15: 412.69607 | W15: 435.54906 | X15: 593.11455 | Y15: 491.73081 | Z15: 540.78056 | AA15: 537.20154 | AB15: 493.69193 | AC15: 441.89462 | AD15: 541.07647 | AE15: 362.35597 | AF15: 423.55709 | AG15: 437.53552 | AH15: 265.642 | AI15: 236.61973 | AJ15: 197.59716 | AK15: 195.03951 | AL15: -0.55423159 | AN15: 2285.7011 | AO15: 1544.3621 | AP15: 1901.3233 | AQ15: 1663.9913 | AR15: 2162.8275 | AS15: 1839.019 | AT15: 1363.3543 | AU15: -0.2586513
C16: =IFERROR(CHOOSE(B16, " ¹ "," ² "," ³ "," ⁴ "," ⁵ "," ⁶ "," ⁷ "," ⁸ "," ⁹ ", " ¹⁰ "," ¹¹ "," ¹² " ),"") | D16: Gold equivalent, Koz | E16: Золотой эквивалент, тыс. унций | F16: =CHOOSE(Content!$A$1, $D16, $E16)&$C16 -> Gold equivalent, Koz | H16: 112.15784 | I16: 117.41527 | J16: 128.10492 | K16: 122.88916 | L16: 151.99377 | M16: 145.39716 | N16: 147.60136 | O16: 95.542887 | P16: 148.68935 | Q16: 144.07571 | R16: 140.00736 | S16: 124.87978 | T16: 138.93558 | U16: 105.0843 | V16: 133.31826 | W16: 164.11939 | X16: 115.35359 | Y16: 98.094328 | Z16: 126.91582 | AA16: 145.14312 | AB16: 117.12147 | AC16: 134.83375 | AD16: 118.58949 | AE16: 118.98157 | AF16: 68.032333 | AG16: 54.834454 | AH16: 124.84053 | AI16: 146.29495 | AJ16: 124.87 | AK16: 85.571204 | AL16: 0.5605372 | AN16: 480.57075 | AO16: 540.53518 | AP16: 557.6522 | AQ16: 541.45753 | AR16: 485.50687 | AS16: 489.52628 | AT16: 394.77922 | AU16: -0.19354845
C17: =IFERROR(CHOOSE(B17, " ¹ "," ² "," ³ "," ⁴ "," ⁵ "," ⁶ "," ⁷ "," ⁸ "," ⁹ ", " ¹⁰ "," ¹¹ "," ¹² " ),"") | D17: Ag/Au ratio | E17: коэффициент Ag/Au | F17: =CHOOSE(Content!$A$1, $D17, $E17)&$C17 -> Ag/Au ratio | H17: 80 | I17: 80 | J17: 80 | K17: 80 | L17: 80 | M17: 80 | N17: 80 | O17: 80 | P17: 80 | Q17: 80 | R17: 80 | S17: 80 | T17: 80 | U17: 80 | V17: 80 | W17: 80 | X17: 80 | Y17: 80 | Z17: 80 | AA17: 80 | AB17: 80 | AC17: 80 | AD17: 80 | AE17: 80 | AF17: 80 | AG17: 80 | AH17: 80 | AI17: 80 | AJ17: 80 | AK17: 80 | AN17: 80 | AO17: 80 | AP17: 80 | AQ17: 80 | AR17: 80 | AS17: 80 | AT17: 80 | AU17: 0
C18: =IFERROR(CHOOSE(B18, " ¹ "," ² "," ³ "," ⁴ "," ⁵ "," ⁶ "," ⁷ "," ⁸ "," ⁹ ", " ¹⁰ "," ¹¹ "," ¹² " ),"") | D18: Gold production by mine, Koz | E18: Производство золота в разбивке по предприятиям, тыс. унций | F18: =CHOOSE(Content!$A$1, $D18, $E18)&$C18 -> Gold production by mine, Koz
C19: =IFERROR(CHOOSE(B19, " ¹ "," ² "," ³ "," ⁴ "," ⁵ "," ⁶ "," ⁷ "," ⁸ "," ⁹ ", " ¹⁰ "," ¹¹ "," ¹² " ),"") | D19: Kyzyl | E19: Кызыл | F19: =CHOOSE(Content!$A$1, $D19, $E19)&$C19 -> Kyzyl | H19: 78.107927 | I19: 81.354294 | J19: 94.002568 | K19: 90.017838 | L19: 108.56897 | M19: 104.27354 | N19: 101.5929 | O19: 67.137479 | P19: 88.953281 | Q19: 93.329214 | R19: 93.106825 | S19: 84.544425 | T19: 81.831828 | U19: 52.949432 | V19: 82.255127 | W19: 112.9262 | X19: 71.37472 | Y19: 56.324796 | Z19: 84.223568 | AA19: 104.14226 | AB19: 75.691725 | AC19: 93.226532 | AD19: 76.788776 | AE19: 74.06774 | AF19: 30.967218 | AG19: 16.195952 | AH19: 84.957223 | AI19: 101.36881 | AJ19: 81.189391 | AK19: 40.80249 | AL19: 1.5193018 | AN19: 343.48263 | AO19: 381.57289 | AP19: 359.93375 | AQ19: 329.96258 | AR19: 316.06535 | AS19: 319.77477 | AT19: 234.26617 | AU19: -0.2674026
C20: =IFERROR(CHOOSE(B20, " ¹ "," ² "," ³ "," ⁴ "," ⁵ "," ⁶ "," ⁷ "," ⁸ "," ⁹ ", " ¹⁰ "," ¹¹ "," ¹² " ),"") | D20: Varvara | E20: Варваринское | F20: =CHOOSE(Content!$A$1, $D20, $E20)&$C20 -> Varvara | H20: 33.969568 | I20: 35.944841 | J20: 33.999349 | K20: 32.782372 | L20: 43.327475 | M20: 41.00931 | N20: 45.881317 | O20: 28.329318 | P20: 59.571751 | Q20: 50.617536 | R20: 46.777662 | S20: 40.238066 | T20: 56.908393 | U20: 51.942127 | V20: 50.799386 | W20: 50.99283 | X20: 43.85432 | Y20: 41.676132 | Z20: 42.603575 | AA20: 40.922815 | AB20: 41.360314 | AC20: 41.557083 | AD20: 41.747498 | AE20: 44.852167 | AF20: 37.025105 | AG20: 38.593948 | AH20: 39.83425 | AI20: 44.876951 | AJ20: 43.635765 | AK20: 44.727177 | AL20: 0.15891688 | AN20: 136.69968 | AO20: 158.54742 | AP20: 197.20502 | AQ20: 210.64274 | AR20: 169.05684 | AS20: 169.51706 | AT20: 160.33025 | AU20: -0.054194006
C21: =IFERROR(CHOOSE(B21, " ¹ "," ² "," ³ "," ⁴ "," ⁵ "," ⁶ "," ⁷ "," ⁸ "," ⁹ ", " ¹⁰ "," ¹¹ "," ¹² " ),"") | D21: Total | E21: Итого | F21: =CHOOSE(Content!$A$1, $D21, $E21)&$C21 -> Total | H21: 112.07749 | I21: 117.29913 | J21: 128.00192 | K21: 122.80021 | L21: 151.89644 | M21: 145.28285 | N21: 147.47422 | O21: 95.466796 | P21: 148.52503 | Q21: 143.94675 | R21: 139.88449 | S21: 124.78249 | T21: 138.74022 | U21: 104.89156 | V21: 133.05451 | W21: 163.91903 | X21: 115.22904 | Y21: 98.000927 | Z21: 126.82714 | AA21: 145.06508 | AB21: 117.05204 | AC21: 134.78362 | AD21: 118.53627 | AE21: 118.91991 | AF21: 67.992323 | AG21: 54.7899 | AH21: 124.79147 | AI21: 146.24576 | AJ21: 124.82516 | AK21: 85.529668 | AL21: 0.56104809 | AN21: 480.18231 | AO21: 540.12031 | AP21: 557.13876 | AQ21: 540.60532 | AR21: 485.12219 | AS21: 489.29183 | AT21: 394.59642 | AU21: -0.19353565
C22: =IFERROR(CHOOSE(B22, " ¹ "," ² "," ³ "," ⁴ "," ⁵ "," ⁶ "," ⁷ "," ⁸ "," ⁹ ", " ¹⁰ "," ¹¹ "," ¹² " ),"") | D22: Silver production by mine, Moz | E22: Производство серебра в разбивке по предприятиям, млн унций | F22: =CHOOSE(Content!$A$1, $D22, $E22)&$C22 -> Silver production by mine, Moz
C23: =IFERROR(CHOOSE(B23, " ¹ "," ² "," ³ "," ⁴ "," ⁵ "," ⁶ "," ⁷ "," ⁸ "," ⁹ ", " ¹⁰ "," ¹¹ "," ¹² " ),"") | D23: Varvara | E23: Варваринское | F23: =CHOOSE(Content!$A$1, $D23, $E23)&$C23 -> Varvara | H23: 0.0064278509 | I23: 0.0092908515 | J23: 0.0082404771 | K23: 0.0071159803 | L23: 0.0077863358 | M23: 0.0091447059 | N23: 0.010171245 | O23: 0.0060872755 | P23: 0.013145167 | Q23: 0.010316871 | R23: 0.0098299494 | S23: 0.0077833676 | T23: 0.015628566 | U23: 0.015419111 | V23: 0.021099854 | W23: 0.016029372 | X23: 0.0099642281 | Y23: 0.0074720627 | Z23: 0.0070941883 | AA23: 0.0062437286 | AB23: 0.0055547274 | AC23: 0.0040108645 | AD23: 0.004257052 | AE23: 0.0049327366 | AF23: 0.0032007378 | AG23: 0.0035643202 | AH23: 0.0039244128 | AI23: 0.0039347209 | AJ23: 0.0035874993 | AK23: 0.0033229275 | AL23: -0.067724745 | AN23: 0.03107516 | AO23: 0.033189562 | AP23: 0.041075355 | AQ23: 0.068176903 | AR23: 0.030774208 | AS23: 0.01875538 | AT23: 0.014624192 | AU23: -0.22026686
C24: =IFERROR(CHOOSE(B24, " ¹ "," ² "," ³ "," ⁴ "," ⁵ "," ⁶ "," ⁷ "," ⁸ "," ⁹ ", " ¹⁰ "," ¹¹ "," ¹² " ),"") | D24: Silver, Moz | E24: Серебро, млн унций | F24: =CHOOSE(Content!$A$1, $D24, $E24)&$C24 -> Silver, Moz | H24: 0.0064278509 | I24: 0.0092908515 | J24: 0.0082404771 | K24: 0.0071159803 | L24: 0.0077863358 | M24: 0.0091447059 | N24: 0.010171245 | O24: 0.0060872755 | P24: 0.013145167 | Q24: 0.010316871 | R24: 0.0098299494 | S24: 0.0077833676 | T24: 0.015628566 | U24: 0.015419111 | V24: 0.021099854 | W24: 0.016029372 | X24: 0.0099642281 | Y24: 0.0074720627 | Z24: 0.0070941883 | AA24: 0.0062437286 | AB24: 0.0055547274 | AC24: 0.0040108645 | AD24: 0.004257052 | AE24: 0.0049327366 | AF24: 0.0032007378 | AG24: 0.0035643202 | AH24: 0.0039244128 | AI24: 0.0039347209 | AJ24: 0.0035874993 | AK24: 0.0033229275 | AL24: -0.067724745 | AN24: 0.03107516 | AO24: 0.033189562 | AP24: 0.041075355 | AQ24: 0.068176903 | AR24: 0.030774208 | AS24: 0.01875538 | AT24: 0.014624192 | AU24: -0.22026686
C25: =IFERROR(CHOOSE(B25, " ¹ "," ² "," ³ "," ⁴ "," ⁵ "," ⁶ "," ⁷ "," ⁸ "," ⁹ ", " ¹⁰ "," ¹¹ "," ¹² " ),"") | D25: Gold equivalent production by mine, GE Koz | E25: Производство по предприятиям, тыс. унций в золотом эквиваленте | F25: =CHOOSE(Content!$A$1, $D25, $E25)&$C25 -> Gold equivalent production by mine, GE Koz
C26: =IFERROR(CHOOSE(B26, " ¹ "," ² "," ³ "," ⁴ "," ⁵ "," ⁶ "," ⁷ "," ⁸ "," ⁹ ", " ¹⁰ "," ¹¹ "," ¹² " ),"") | D26: Kyzyl | E26: Кызыл | F26: =CHOOSE(Content!$A$1, $D26, $E26)&$C26 -> Kyzyl | H26: 78.107927 | I26: 81.354294 | J26: 94.002568 | K26: 90.017838 | L26: 108.56897 | M26: 104.27354 | N26: 101.5929 | O26: 67.137479 | P26: 88.953281 | Q26: 93.329214 | R26: 93.106825 | S26: 84.544425 | T26: 81.831828 | U26: 52.949432 | V26: 82.255127 | W26: 112.9262 | X26: 71.37472 | Y26: 56.324796 | Z26: 84.223568 | AA26: 104.14226 | AB26: 75.691725 | AC26: 93.226532 | AD26: 76.788776 | AE26: 74.06774 | AF26: 30.967218 | AG26: 16.195952 | AH26: 84.957223 | AI26: 101.36881 | AJ26: 81.189391 | AK26: 40.80249 | AL26: 1.5193018 | AN26: 343.48263 | AO26: 381.57289 | AP26: 359.93375 | AQ26: 329.96258 | AR26: 316.06535 | AS26: 319.77477 | AT26: 234.26617 | AU26: -0.2674026
C27: =IFERROR(CHOOSE(B27, " ¹ "," ² "," ³ "," ⁴ "," ⁵ "," ⁶ "," ⁷ "," ⁸ "," ⁹ ", " ¹⁰ "," ¹¹ "," ¹² " ),"") | D27: Varvara | E27: Варваринское | F27: =CHOOSE(Content!$A$1, $D27, $E27)&$C27 -> Varvara | H27: 34.049916 | I27: 36.060976 | J27: 34.102355 | K27: 32.871322 | L27: 43.424804 | M27: 41.123618 | N27: 46.008457 | O27: 28.405409 | P27: 59.736065 | Q27: 50.746497 | R27: 46.900537 | S27: 40.335358 | T27: 57.10375 | U27: 52.134866 | V27: 51.063134 | W27: 51.193197 | X27: 43.978873 | Y27: 41.769533 | Z27: 42.692253 | AA27: 41.000861 | AB27: 41.429748 | AC27: 41.607219 | AD27: 41.800711 | AE27: 44.913826 | AF27: 37.065115 | AG27: 38.638502 | AH27: 39.883306 | AI27: 44.926135 | AJ27: 43.680609 | AK27: 44.768714 | AL27: 0.15865554 | AN27: 137.08812 | AO27: 158.96229 | AP27: 197.71846 | AQ27: 211.49495 | AR27: 169.44152 | AS27: 169.7515 | AT27: 160.51306 | AU27: -0.054423367
C28: =IFERROR(CHOOSE(B28, " ¹ "," ² "," ³ "," ⁴ "," ⁵ "," ⁶ "," ⁷ "," ⁸ "," ⁹ ", " ¹⁰ "," ¹¹ "," ¹² " ),"") | D28: Total | E28: Итого | F28: =CHOOSE(Content!$A$1, $D28, $E28)&$C28 -> Total | H28: 112.15784 | I28: 117.41527 | J28: 128.10492 | K28: 122.88916 | L28: 151.99377 | M28: 145.39716 | N28: 147.60136 | O28: 95.542887 | P28: 148.68935 | Q28: 144.07571 | R28: 140.00736 | S28: 124.87978 | T28: 138.93558 | U28: 105.0843 | V28: 133.31826 | W28: 164.11939 | X28: 115.35359 | Y28: 98.094328 | Z28: 126.91582 | AA28: 145.14312 | AB28: 117.12147 | AC28: 134.83375 | AD28: 118.58949 | AE28: 118.98157 | AF28: 68.032333 | AG28: 54.834454 | AH28: 124.84053 | AI28: 146.29495 | AJ28: 124.87 | AK28: 85.571204 | AL28: 0.5605372 | AN28: 480.57075 | AO28: 540.53518 | AP28: 557.6522 | AQ28: 541.45753 | AR28: 485.50687 | AS28: 489.52628 | AT28: 394.77922 | AU28: -0.19354845
C29: =IFERROR(CHOOSE(B29, " ¹ "," ² "," ³ "," ⁴ "," ⁵ "," ⁶ "," ⁷ "," ⁸ "," ⁹ ", " ¹⁰ "," ¹¹ "," ¹² " ),"") | D29: Gold equivalent grade in ore processed by mine, GE g/t | E29: Среднее содержание в перерабатываемой руде,г/т золотого эквивалента | F29: =CHOOSE(Content!$A$1, $D29, $E29)&$C29 -> Gold equivalent grade in ore processed by mine, GE g/t
C30: =IFERROR(CHOOSE(B30, " ¹ "," ² "," ³ "," ⁴ "," ⁵ "," ⁶ "," ⁷ "," ⁸ "," ⁹ ", " ¹⁰ "," ¹¹ "," ¹² " ),"") | D30: Kyzyl | E30: Кызыл | F30: =CHOOSE(Content!$A$1, $D30, $E30)&$C30 -> Kyzyl | H30: 6.87654 | I30: 6.59069 | J30: 7.45128 | K30: 7.60637 | L30: 8.03291 | M30: 8.50223 | N30: 7.41231 | O30: 7.80096 | P30: 5.97519 | Q30: 6.46636 | R30: 6.05264 | S30: 6.33171 | T30: 4.7818535 | U30: 4.7814133 | V30: 5.63867 | W30: 6.5817733 | X30: 5.2335381 | Y30: 4.9359944 | Z30: 4.6874389 | AA30: 5.3065891 | AB30: 5.3467347 | AC30: 5.3132309 | AD30: 4.6872862 | AE30: 4.6068397 | AF30: 5.7630346 | AG30: 5.5895832 | AH30: 4.3780374 | AI30: 3.9618361 | AJ30: 4.46411 | AK30: 5.7115951 | AL30: 0.021828444 | AN30: 7.1337 | AO30: 7.93123 | AP30: 6.20544 | AQ30: 5.45106 | AR30: 5.0316426 | AS30: 4.9897735 | AT30: 4.9195474 | AU30: -0.014073998
C31: =IFERROR(CHOOSE(B31, " ¹ "," ² "," ³ "," ⁴ "," ⁵ "," ⁶ "," ⁷ "," ⁸ "," ⁹ ", " ¹⁰ "," ¹¹ "," ¹² " ),"") | D31: Varvara | E31: Варваринское | F31: =CHOOSE(Content!$A$1, $D31, $E31)&$C31 -> Varvara | H31: 1.4018785 | I31: 1.3749495 | J31: 1.5341337 | K31: 1.5215233 | L31: 1.7162356 | M31: 1.6950999 | N31: 1.7247443 | O31: 1.6101088 | P31: 1.8392024 | Q31: 1.8764735 | R31: 1.7660715 | S31: 1.5900154 | T31: 1.8995675 | U31: 1.837265 | V31: 1.9316253 | W31: 1.5805379 | X31: 1.5933135 | Y31: 1.5657215 | Z31: 1.5975455 | AA31: 1.447809 | AB31: 1.5301909 | AC31: 1.6098307 | AD31: 1.2749238 | AE31: 1.3372716 | AF31: 1.2820704 | AG31: 1.3830453 | AH31: 1.390576 | AI31: 1.5051727 | AJ31: 1.5269794 | AK31: 1.555301 | AL31: 0.12454812 | AN31: 1.4566 | AO31: 1.6865422 | AP31: 1.767785 | AQ31: 1.811959 | AR31: 1.5503401 | AS31: 1.435434 | AT31: 1.3914922 | AU31: -0.030612203
C32: =IFERROR(CHOOSE(B32, " ¹ "," ² "," ³ "," ⁴ "," ⁵ "," ⁶ "," ⁷ "," ⁸ "," ⁹ ", " ¹⁰ "," ¹¹ "," ¹² " ),"") | D32: Kyzyl | E32: Кызыл | F32: =CHOOSE(Content!$A$1, $D32, $E32)&$C32 -> Kyzyl
C33: =IFERROR(CHOOSE(B33, " ¹ "," ² "," ³ "," ⁴ "," ⁵ "," ⁶ "," ⁷ "," ⁸ "," ⁹ ", " ¹⁰ "," ¹¹ "," ¹² " ),"") | D33: MINING | E33: ДОБЫЧА | F33: =CHOOSE(Content!$A$1, $D33, $E33)&$C33 -> MINING
C34: =IFERROR(CHOOSE(B34, " ¹ "," ² "," ³ "," ⁴ "," ⁵ "," ⁶ "," ⁷ "," ⁸ "," ⁹ ", " ¹⁰ "," ¹¹ "," ¹² " ),"") | D34: Waste mined, Kt | E34: Вскрыша, тыс. тонн | F34: =CHOOSE(Content!$A$1, $D34, $E34)&$C34 -> Waste mined, Kt | H34: 15854.561 | I34: 16451.945 | J34: 17546.174 | K34: 17598.108 | L34: 19240.202 | M34: 18774.58 | N34: 19956.232 | O34: 19715.578 | P34: 20226.188 | Q34: 20634.538 | R34: 21171.154 | S34: 20970.73 | T34: 20696.696 | U34: 20954.253 | V34: 20622.33 | W34: 20937.954 | X34: 19979.671 | Y34: 18752.866 | Z34: 21494.927 | AA34: 21034.16 | AB34: 22052.126 | AC34: 20346.226 | AD34: 18611.087 | AE34: 19627.859 | AF34: 17535.121 | AG34: 16294.405 | AH34: 17213.295 | AI34: 17009.602 | AJ34: 12387.034 | AK34: 12153.437 | AL34: -0.25413431 | AN34: 67450.789 | AO34: 77686.592 | AP34: 83002.609 | AQ34: 83211.234 | AR34: 81261.624 | AS34: 80637.299 | AT34: 68052.423 | AU34: -0.15606767
C35: =IFERROR(CHOOSE(B35, " ¹ "," ² "," ³ "," ⁴ "," ⁵ "," ⁶ "," ⁷ "," ⁸ "," ⁹ ", " ¹⁰ "," ¹¹ "," ¹² " ),"") | D35: Ore mined (open-pit), Kt | E35: Добыча руды (ОГР), тыс. тонн | F35: =CHOOSE(Content!$A$1, $D35, $E35)&$C35 -> Ore mined (open-pit), Kt | H35: 521.615 | I35: 511.12754 | J35: 527.19146 | K35: 440.0658 | L35: 523.194 | M35: 518.081 | N35: 513.283 | O35: 486.24483 | P35: 555.809 | Q35: 542.454 | R35: 573.88 | S35: 504.859 | T35: 584.422 | U35: 546.639 | V35: 558.069 | W35: 533.774 | X35: 517.818 | Y35: 647.072 | Z35: 643.573 | AA35: 618.09 | AB35: 582.102 | AC35: 602.878 | AD35: 610.783 | AE35: 612.767 | AF35: 623.843 | AG35: 616.654 | AH35: 607.214 | AI35: 594.339 | AJ35: 696.217 | AK35: 502.416 | AL35: -0.18525462 | AN35: 1999.9998 | AO35: 2040.8028 | AP35: 2177.002 | AQ35: 2222.904 | AR35: 2426.553 | AS35: 2408.53 | AT35: 2442.05 | AU35: 0.013917203
C36: =IFERROR(CHOOSE(B36, " ¹ "," ² "," ³ "," ⁴ "," ⁵ "," ⁶ "," ⁷ "," ⁸ "," ⁹ ", " ¹⁰ "," ¹¹ "," ¹² " ),"") | D36: Gold grade, g/t | E36: Содержание золота в руде, г/т | F36: =CHOOSE(Content!$A$1, $D36, $E36)&$C36 -> Gold grade, g/t | AN36: 7.38285 | AO36: 7.22122 | AP36: 6.242 | AQ36: 5.549295 | AR36: 5.0324431 | AS36: 5.0752546 | AT36: 4.9615863 | AU36: -0.022396568
C37: =IFERROR(CHOOSE(B37, " ¹ "," ² "," ³ "," ⁴ "," ⁵ "," ⁶ "," ⁷ "," ⁸ "," ⁹ ", " ¹⁰ "," ¹¹ "," ¹² " ),"") | D37: PROCESSING | E37: ПЕРЕРАБОТКА | F37: =CHOOSE(Content!$A$1, $D37, $E37)&$C37 -> PROCESSING
C38: =IFERROR(CHOOSE(B38, " ¹ "," ² "," ³ "," ⁴ "," ⁵ "," ⁶ "," ⁷ "," ⁸ "," ⁹ ", " ¹⁰ "," ¹¹ "," ¹² " ),"") | D38: Ore processed, Kt | E38: Переработка руды, тыс. тонн | F38: =CHOOSE(Content!$A$1, $D38, $E38)&$C38 -> Ore processed, Kt | H38: 476.41 | I38: 511.698 | J38: 502 | K38: 509.539 | L38: 525.549 | M38: 480.618 | N38: 509.255 | O38: 488.31178 | P38: 563.368 | Q38: 569.245 | R38: 550.375 | S38: 517.012 | T38: 550.546 | U38: 535.275 | V38: 565.095 | W38: 549.084 | X38: 560.09901 | Y38: 632.779 | Z38: 639.911 | AA38: 609.946 | AB38: 604.026 | AC38: 607.49 | AD38: 613.268 | AE38: 591.761 | AF38: 588.831 | AG38: 641.049 | AH38: 628.021 | AI38: 611.998 | AJ38: 624.742 | AK38: 610.38 | AL38: -0.047841897 | AN38: 1999.997 | AO38: 2003.7338 | AP38: 2200 | AQ38: 2200 | AR38: 2442.735 | AS38: 2416.545 | AT38: 2469.899 | AU38: 0.022078629
C39: =IFERROR(CHOOSE(B39, " ¹ "," ² "," ³ "," ⁴ "," ⁵ "," ⁶ "," ⁷ "," ⁸ "," ⁹ ", " ¹⁰ "," ¹¹ "," ¹² " ),"") | D39: Gold grade, g/t | E39: Содержание золота в руде, г/т | F39: =CHOOSE(Content!$A$1, $D39, $E39)&$C39 -> Gold grade, g/t | H39: 6.87654 | I39: 6.59069 | J39: 7.45128 | K39: 7.60637 | L39: 8.03291 | M39: 8.50223 | N39: 7.41231 | O39: 7.80096 | P39: 5.97519 | Q39: 6.46636 | R39: 6.05264 | S39: 6.33171 | T39: 4.7818535 | U39: 4.7814133 | V39: 5.63867 | W39: 6.5817733 | X39: 5.2335381 | Y39: 4.9359944 | Z39: 4.6874389 | AA39: 5.3065891 | AB39: 5.3467347 | AC39: 5.3132309 | AD39: 4.6872862 | AE39: 4.6068397 | AF39: 5.7630346 | AG39: 5.5895832 | AH39: 4.3780374 | AI39: 3.9618361 | AJ39: 4.46411 | AK39: 5.7115951 | AL39: 0.021828444 | AN39: 7.1337 | AO39: 7.93123 | AP39: 6.20544 | AQ39: 5.45106 | AR39: 5.0316426 | AS39: 4.9897735 | AT39: 4.9195474 | AU39: -0.014073998
C40: =IFERROR(CHOOSE(B40, " ¹ "," ² "," ³ "," ⁴ "," ⁵ "," ⁶ "," ⁷ "," ⁸ "," ⁹ ", " ¹⁰ "," ¹¹ "," ¹² " ),"") | D40: Gold recovery | E40: Коэффициент извлечения золота | F40: =CHOOSE(Content!$A$1, $D40, $E40)&$C40 -> Gold recovery | H40: 0.868071 | I40: 0.8778266 | J40: 0.883 | K40: 0.8800126 | L40: 0.8723479 | M40: 0.8722467 | N40: 0.8901223 | O40: 0.8862443 | P40: 0.8882976 | Q40: 0.899391 | R40: 0.8836516 | S40: 0.8725022 | T40: 0.87699401 | U40: 0.88987689 | V40: 0.89185595 | W40: 0.89416512 | X40: 0.88503949 | Y40: 0.88985029 | Z40: 0.88808804 | AA40: 0.86753887 | AB40: 0.88243368 | AC40: 0.89167142 | AD40: 0.89219319 | AE40: 0.87719858 | AF40: 0.88840663 | AG40: 0.89720129 | AH40: 0.89399747 | AI40: 0.87009575 | AJ40: 0.88232925 | AK40: 0.89242773 | AL40: -0.0053204949 | AN40: 0.8775512 | AO40: 0.8798747 | AP40: 0.8863675 | AQ40: 0.88886688 | AR40: 0.88239734 | AS40: 0.88590416 | AT40: 0.88861137 | AU40: 0.0030558798
C41: =IFERROR(CHOOSE(B41, " ¹ "," ² "," ³ "," ⁴ "," ⁵ "," ⁶ "," ⁷ "," ⁸ "," ⁹ ", " ¹⁰ "," ¹¹ "," ¹² " ),"") | D41: Concentrate produced, Kt | E41: Производство концентрата, тыс. тонн | F41: =CHOOSE(Content!$A$1, $D41, $E41)&$C41 -> Concentrate produced, Kt | H41: 29.776879 | I41: 28.509114 | J41: 31.4 | K41: 34.786527 | L41: 35.70193 | M41: 37.290761 | N41: 37.1718 | O41: 40.458299 | P41: 35.107866 | Q41: 34.167762 | R41: 28.85612 | S41: 29.97003 | T41: 24.799353 | U41: 24.523066 | V41: 28.945476 | W41: 35.295819 | X41: 29.977953 | Y41: 31.535505 | Z41: 28.352604 | AA41: 29.789464 | AB41: 30.746585 | AC41: 30.866863 | AD41: 28.619481 | AE41: 27.886647 | AF41: 31.176014 | AG41: 32.221656 | AH41: 26.507822 | AI41: 22.801851 | AJ41: 27.183793 | AK41: 32.516174 | AL41: 0.0091403744 | AN41: 124.50755 | AO41: 150.62279 | AP41: 128.10178 | AQ41: 113.56371 | AR41: 119.65553 | AS41: 118.11958 | AT41: 112.70734 | AU41: -0.045819949
C42: =IFERROR(CHOOSE(B42, " ¹ "," ² "," ³ "," ⁴ "," ⁵ "," ⁶ "," ⁷ "," ⁸ "," ⁹ ", " ¹⁰ "," ¹¹ "," ¹² " ),"") | D42: Concentrate gold grades, g/t | E42: Содержание золота в концентрате г/т | F42: =CHOOSE(Content!$A$1, $D42, $E42)&$C42 -> Concentrate gold grades, g/t | H42: 96.01646 | I42: 104.2189 | J42: 104.8 | K42: 98.618278 | L42: 101.37632 | M42: 97.355921 | N42: 90.553984 | O42: 83.384186 | P42: 84.954742 | Q42: 97.016676 | R42: 102.32297 | S42: 94.19616 | T42: 91.617168 | U42: 94.496312 | V42: 98.424666 | W42: 91.27476 | X42: 86.683707 | Y42: 88.487472 | Z42: 93.920506 | AA42: 94.07323 | AB42: 92.574057 | AC42: 93.271155 | AD42: 89.534119 | AE42: 85.576883 | AF42: 96.532812 | AG42: 99.869579 | AH42: 93.134991 | AI42: 92.060767 | AJ42: 90.420706 | AK42: 95.515078 | AL42: -0.043601872 | AN42: 100.83544 | AO42: 92.877337 | AP42: 94.24637 | AQ42: 93.867589 | AR42: 90.713564 | AS42: 90.377704 | AT42: 95.782874 | AU42: 0.059806446
C43: =IFERROR(CHOOSE(B43, " ¹ "," ² "," ³ "," ⁴ "," ⁵ "," ⁶ "," ⁷ "," ⁸ "," ⁹ ", " ¹⁰ "," ¹¹ "," ¹² " ),"") | D43: Gold in concentrate, Koz | E43: Золото в концентрате, тыс. унций | F43: =CHOOSE(Content!$A$1, $D43, $E43)&$C43 -> Gold in concentrate, Koz | H43: 91.921183 | I43: 95.525854 | J43: 105.9 | K43: 110.29586 | L43: 116.36408 | M43: 116.72244 | N43: 108.22109 | O43: 108.46311 | P43: 95.892093 | Q43: 106.57459 | R43: 94.929635 | S43: 90.763477 | T43: 73.047937 | U43: 74.504133 | V43: 91.595763 | W43: 103.57733 | X43: 83.546871 | Y43: 89.716498 | Z43: 85.613867 | AA43: 90.098899 | AB43: 91.511762 | AC43: 92.561543 | AD43: 82.383655 | AE43: 76.726167 | AF43: 96.757867 | AG43: 103.45984 | AH43: 79.37389 | AI43: 67.489379 | AJ43: 79.025761 | AK43: 99.853229 | AL43: -0.034860035 | AN43: 403.64505 | AO43: 449.77072 | AP43: 388.15979 | AQ43: 342.72516 | AR43: 348.97613 | AS43: 343.22106 | AT43: 347.08098 | AU43: 0.011246169
C44: =IFERROR(CHOOSE(B44, " ¹ "," ² "," ³ "," ⁴ "," ⁵ "," ⁶ "," ⁷ "," ⁸ "," ⁹ ", " ¹⁰ "," ¹¹ "," ¹² " ),"") | D44: Concentrate shipped, Kt | E44: Отгрузка концентрата, тыс. тонн | F44: =CHOOSE(Content!$A$1, $D44, $E44)&$C44 -> Concentrate shipped, Kt | H44: 19.607558 | I44: 17.340008 | J44: 17.2 | K44: 13.483568 | L44: 20.841018 | M44: 26.424239 | N44: 21.060094 | O44: 15.929769 | P44: 26.971705 | Q44: 21.431497 | R44: 9.722248 | S44: 25.765944 | T44: 10.772623 | U44: 15.681569 | V44: 15.502931 | W44: 24.838837 | X44: 8.766444 | Y44: 9.69892 | Z44: 15.29672 | AA44: 15.622678 | AB44: 12.797923 | AC44: 18.613417 | AD44: 8.430653 | AE44: 15.060089 | AF44: 0 | AG44: 8.420931 | AH44: 6.487053 | AI44: 2.84694 | AJ44: 0 | AK44: 0 | AL44: -1 | AN44: 67.640033 | AO44: 84.25512 | AP44: 83.891394 | AQ44: 66.79596 | AR44: 49.384762 | AS44: 54.902082 | AT44: 17.754924 | AU44: -0.67660746
C45: =IFERROR(CHOOSE(B45, " ¹ "," ² "," ³ "," ⁴ "," ⁵ "," ⁶ "," ⁷ "," ⁸ "," ⁹ ", " ¹⁰ "," ¹¹ "," ¹² " ),"") | D45: Payable gold shipped, Koz | E45: Отгруженное товарное золото, тыс. унций | F45: =CHOOSE(Content!$A$1, $D45, $E45)&$C45 -> Payable gold shipped, Koz | H45: 50.725384 | I45: 40.44855 | J45: 35.823076 | K45: 28.042907 | L45: 41.337172 | M45: 50.729253 | N45: 39.867814 | O45: 27.818341 | P45: 46.135828 | Q45: 39.972023 | R45: 19.523856 | S45: 50.202873 | T45: 19.967945 | U45: 28.306537 | V45: 30.066186 | W45: 46.410827 | X45: 16.185934 | Y45: 17.938532 | Z45: 28.1397 | AA45: 29.857025 | AB45: 23.727355 | AC45: 34.32133 | AD45: 16.122803 | AE45: 28.324087 | AF45: 0 | AG45: 16.195952 | AH45: 12.360126 | AI45: 5.7992049 | AJ45: 0 | AK45: 0 | AL45: -1 | AN45: 155.03992 | AO45: 159.75258 | AP45: 155.83458 | AQ45: 124.7515 | AR45: 92.121192 | AS45: 102.49557 | AT45: 35.059502 | AU45: -0.65794131
D47: Toll-processing at third-party smelter in Kazakhstan | E47: Толлинг на стороннем предприятии в Казахстане | F47: =CHOOSE(Content!$A$1, $D47, $E47)&$C47 -> Toll-processing at third-party smelter in Kazakhstan
D48: Concentrate processed, Kt | E48: Переработка концентрата, тыс. тонн | F48: =CHOOSE(Content!$A$1, $D48, $E48)&$C48 -> Concentrate processed, Kt | H48: 0 | I48: 0 | J48: 0 | K48: 0 | L48: 0 | M48: 0 | N48: 0 | O48: 0 | P48: 0 | Q48: 0 | R48: 0 | S48: 0 | T48: 0 | U48: 0 | V48: 0 | W48: 0 | X48: 0 | Y48: 0 | Z48: 0 | AA48: 0 | AB48: 0 | AC48: 0 | AD48: 0 | AE48: 0 | AF48: 0 | AG48: 0 | AH48: 0 | AI48: 0 | AJ48: 15.024848 | AK48: 12.625177 | AL48: N/A
D49: Dore produced, Koz | E49: Производство золота в Доре, тыс. унций | F49: =CHOOSE(Content!$A$1, $D49, $E49)&$C49 -> Dore produced, Koz | H49: 0 | I49: 0 | J49: 0 | K49: 0 | L49: 0 | M49: 0 | N49: 0 | O49: 0 | P49: 0 | Q49: 0 | R49: 0 | S49: 0 | T49: 0 | U49: 0 | V49: 0 | W49: 0 | X49: 0 | Y49: 0 | Z49: 0 | AA49: 0 | AB49: 0 | AC49: 0 | AD49: 0 | AE49: 0 | AF49: 0 | AG49: 0 | AH49: 0 | AI49: 0 | AJ49: 35.708037 | AK49: 30.416109 | AL49: N/A
C51: =IFERROR(CHOOSE(B51, " ¹ "," ² "," ³ "," ⁴ "," ⁵ "," ⁶ "," ⁷ "," ⁸ "," ⁹ ", " ¹⁰ "," ¹¹ "," ¹² " ),"") | D51: Toll-processing at third-party POX | E51: Толлинг на стороннем ГМК | F51: =CHOOSE(Content!$A$1, $D51, $E51)&$C51 -> Toll-processing at third-party POX
C52: =IFERROR(CHOOSE(B52, " ¹ "," ² "," ³ "," ⁴ "," ⁵ "," ⁶ "," ⁷ "," ⁸ "," ⁹ ", " ¹⁰ "," ¹¹ "," ¹² " ),"") | D52: Concentrate processed, Kt | E52: Переработка концентрата, тыс. тонн | F52: =CHOOSE(Content!$A$1, $D52, $E52)&$C52 -> Concentrate processed, Kt | H52: 7.94964 | I52: 12.11205 | J52: 15.29395 | K52: 16.31572 | L52: 15.93418 | M52: 13.03322 | N52: 14.8972 | O52: 9.54016 | P52: 11.99729 | Q52: 13.14747 | R52: 19.14271 | S52: 10.67462 | T52: 13.51128 | U52: 7.021364 | V52: 14.291056 | W52: 13.364278 | X52: 14.431698 | Y52: 13.305157 | Z52: 18.99367 | AA52: 19.352735 | AB52: 17.000334 | AC52: 17.605181 | AD52: 16.348244 | AE52: 16.033507 | AF52: 8.643383 | AG52: 0 | AH52: 42.316228 | AI52: 31.506856 | AJ52: 13.11362 | AK52: 3.186849 | AL52: N/A | AN52: 51.67136 | AO52: 53.40476 | AP52: 54.96209 | AQ52: 48.187978 | AR52: 66.08326 | AS52: 66.987266 | AT52: 82.466467 | AU52: 0.23107677
C53: =IFERROR(CHOOSE(B53, " ¹ "," ² "," ³ "," ⁴ "," ⁵ "," ⁶ "," ⁷ "," ⁸ "," ⁹ ", " ¹⁰ "," ¹¹ "," ¹² " ),"") | D53: Gold grade, g/t | E53: Содержание золота в руде, г/т | F53: =CHOOSE(Content!$A$1, $D53, $E53)&$C53 -> Gold grade, g/t | H53: 118.32011 | I53: 128.93994 | J53: 125.9 | K53: 134.12047 | L53: 135.7719 | M53: 149.20928 | N53: 147.76586 | O53: 136.78638 | P53: 137.27443 | Q53: 130.81387 | R53: 133.80088 | S53: 132.67441 | T53: 132.55913 | U53: 131.15727 | V53: 136.75199 | W53: 129.30144 | X53: 125.42927 | Y53: 108.88848 | Z53: 107.97136 | AA53: 115.01165 | AB53: 116.62036 | AC53: 115.63039 | AD53: 112.01665 | AE53: 102.95865 | AF53: 111.45162 | AG53: 0 | AH53: 98.616561 | AI53: 102.87382 | AJ53: 115.42879 | AK53: 108.36453 | AL53: N/A | AN53: 128.05201 | AO53: 142.57816 | AP53: 133.62579 | AQ53: 132.69487 | AR53: 114.03036 | AS53: 111.96669 | AT53: 101.58833 | AU53: -0.092691535
C54: =IFERROR(CHOOSE(B54, " ¹ "," ² "," ³ "," ⁴ "," ⁵ "," ⁶ "," ⁷ "," ⁸ "," ⁹ ", " ¹⁰ "," ¹¹ "," ¹² " ),"") | D54: Gold recovery | E54: Коэффициент извлечения золота | F54: =CHOOSE(Content!$A$1, $D54, $E54)&$C54 -> Gold recovery | H54: 0.9444213 | I54: 0.934175 | J54: 0.917 | K54: 0.9138475 | L54: 0.9177843 | M54: 0.9176927 | N54: 0.9257638 | O54: 0.9173162 | P54: 0.9241742 | Q54: 0.9019952 | R54: 0.9311991 | S54: 0.930118 | T54: 0.94595717 | U54: 0.94002926 | V54: 0.94078235 | W54: 0.92446833 | X54: 0.93600261 | Y54: 0.91864363 | Z54: 0.91266826 | AA54: 0.92753987 | AB54: 0.93253427 | AC54: 0.92458301 | AD54: 0.93 | AE54: 0.91415875 | AF54: 0.89630569 | AG54: 0 | AH54: 0.92814419 | AI54: 0.91802314 | AJ54: 0.93455724 | AK54: 0.93545923 | AL54: N/A | AN54: 0.9239942 | AO54: 0.9199876 | AP54: 0.9225765 | AQ54: 0.93771459 | AR54: 0.92381509 | AS54: 0.92571908 | AT54: 0.92056744 | AU54: -0.0055650171
C55: =IFERROR(CHOOSE(B55, " ¹ "," ² "," ³ "," ⁴ "," ⁵ "," ⁶ "," ⁷ "," ⁸ "," ⁹ ", " ¹⁰ "," ¹¹ "," ¹² " ),"") | D55: Gold produced, Koz | E55: Производство золота, тыс. унций | F55: =CHOOSE(Content!$A$1, $D55, $E55)&$C55 -> Gold produced, Koz | H55: 27.382542 | I55: 40.905745 | J55: 58.2 | K55: 61.97493 | L55: 67.231796 | M55: 53.544287 | N55: 61.725091 | O55: 39.319138 | P55: 42.817453 | Q55: 53.357191 | R55: 73.58297 | S55: 34.341552 | T55: 61.863882 | U55: 24.642895 | V55: 52.188941 | W55: 66.51537 | X55: 55.188786 | Y55: 38.386264 | Z55: 56.083868 | AA55: 74.285237 | AB55: 51.96437 | AC55: 58.905202 | AD55: 60.665973 | AE55: 45.743653 | AF55: 30.967218 | AG55: 0 | AH55: 72.597097 | AI55: 95.569607 | AJ55: 45.481354 | AK55: 10.386381 | AL55: N/A | AN55: 188.44271 | AO55: 221.82031 | AP55: 204.09917 | AQ55: 205.21109 | AR55: 223.94416 | AS55: 217.2792 | AT55: 199.20666 | AU55: -0.083176546
C56: =IFERROR(CHOOSE(B56, " ¹ "," ² "," ³ "," ⁴ "," ⁵ "," ⁶ "," ⁷ "," ⁸ "," ⁹ ", " ¹⁰ "," ¹¹ "," ¹² " ),"") | D56: TOTAL PRODUCTION | E56: ИТОГО ПРОИЗВОДСТВО | F56: =CHOOSE(Content!$A$1, $D56, $E56)&$C56 -> TOTAL PRODUCTION
C57: =IFERROR(CHOOSE(B57, " ¹ "," ² "," ³ "," ⁴ "," ⁵ "," ⁶ "," ⁷ "," ⁸ "," ⁹ ", " ¹⁰ "," ¹¹ "," ¹² " ),"") | D57: Gold, Koz | E57: Золото, тыс. унций | F57: =CHOOSE(Content!$A$1, $D57, $E57)&$C57 -> Gold, Koz | H57: 78.107927 | I57: 81.354294 | J57: 94.002568 | K57: 90.017838 | L57: 108.56897 | M57: 104.27354 | N57: 101.5929 | O57: 67.137479 | P57: 88.953281 | Q57: 93.329214 | R57: 93.106825 | S57: 84.544425 | T57: 81.831828 | U57: 52.949432 | V57: 82.255127 | W57: 112.9262 | X57: 71.37472 | Y57: 56.324796 | Z57: 84.223568 | AA57: 104.14226 | AB57: 75.691725 | AC57: 93.226532 | AD57: 76.788776 | AE57: 74.06774 | AF57: 30.967218 | AG57: 16.195952 | AH57: 84.957223 | AI57: 101.36881 | AJ57: 81.189391 | AK57: 40.80249 | AL57: 1.5193018 | AN57: 343.48263 | AO57: 381.57289 | AP57: 359.93375 | AQ57: 329.96258 | AR57: 316.06535 | AS57: 319.77477 | AT57: 234.26617 | AU57: -0.2674026
C58: =IFERROR(CHOOSE(B58, " ¹ "," ² "," ³ "," ⁴ "," ⁵ "," ⁶ "," ⁷ "," ⁸ "," ⁹ ", " ¹⁰ "," ¹¹ "," ¹² " ),"") | D58: Varvara | E58: Варваринское | F58: =CHOOSE(Content!$A$1, $D58, $E58)&$C58 -> Varvara
C59: =IFERROR(CHOOSE(B59, " ¹ "," ² "," ³ "," ⁴ "," ⁵ "," ⁶ "," ⁷ "," ⁸ "," ⁹ ", " ¹⁰ "," ¹¹ "," ¹² " ),"") | D59: MINING | E59: ДОБЫЧА | F59: =CHOOSE(Content!$A$1, $D59, $E59)&$C59 -> MINING
C60: =IFERROR(CHOOSE(B60, " ¹ "," ² "," ³ "," ⁴ "," ⁵ "," ⁶ "," ⁷ "," ⁸ "," ⁹ ", " ¹⁰ "," ¹¹ "," ¹² " ),"") | D60: Waste mined, Kt | E60: Вскрыша, тыс. тонн | F60: =CHOOSE(Content!$A$1, $D60, $E60)&$C60 -> Waste mined, Kt | H60: 11164.101 | I60: 11555.023 | J60: 11419.895 | K60: 11213.863 | L60: 10156.465 | M60: 10117.383 | N60: 10069.093 | O60: 10275.752 | P60: 9515.718 | Q60: 10033.676 | R60: 11165.586 | S60: 11325.846 | T60: 10992.437 | U60: 10306.05 | V60: 10785.722 | W60: 11207.331 | X60: 10638.024 | Y60: 10891.388 | Z60: 10377.37 | AA60: 8810.97 | AB60: 11002.392 | AC60: 11000.352 | AD60: 12368.095 | AE60: 13953.108 | AF60: 13076.147 | AG60: 13807.678 | AH60: 14372.333 | AI60: 13895.026 | AJ60: 11543.124 | AK60: 13243.72 | AL60: -0.040843817 | AN60: 45352.883 | AO60: 40618.693 | AP60: 42040.826 | AQ60: 43291.539 | AR60: 40717.751 | AS60: 48323.948 | AT60: 55151.185 | AU60: 0.14128061
C61: =IFERROR(CHOOSE(B61, " ¹ "," ² "," ³ "," ⁴ "," ⁵ "," ⁶ "," ⁷ "," ⁸ "," ⁹ ", " ¹⁰ "," ¹¹ "," ¹² " ),"") | D61: Ore mined (open-pit), Kt | E61: Добыча руды (ОГР), тыс. тонн | F61: =CHOOSE(Content!$A$1, $D61, $E61)&$C61 -> Ore mined (open-pit), Kt | H61: 960.786 | I61: 977.477 | J61: 1014.263 | K61: 990.865 | L61: 782.115 | M61: 701.637 | N61: 725.143 | O61: 603.378 | P61: 1056.434 | Q61: 850.057 | R61: 908.049 | S61: 809.701 | T61: 956.793 | U61: 1112.987 | V61: 962.601 | W61: 824.872 | X61: 781.545 | Y61: 742.451 | Z61: 675.964 | AA61: 633.731 | AB61: 589.766 | AC61: 709.041 | AD61: 594.679 | AE61: 898.774 | AF61: 695.107 | AG61: 643.419 | AH61: 721.963 | AI61: 797.174 | AJ61: 768.012 | AK61: 801.805 | AL61: 0.24616308 | AN61: 3943.391 | AO61: 2812.273 | AP61: 3624.241 | AQ61: 3857.253 | AR61: 2833.691 | AS61: 2792.26 | AT61: 2857.663 | AU61: 0.023422962
C62: =IFERROR(CHOOSE(B62, " ¹ "," ² "," ³ "," ⁴ "," ⁵ "," ⁶ "," ⁷ "," ⁸ "," ⁹ ", " ¹⁰ "," ¹¹ "," ¹² " ),"") | D62: Grades | E62: Содержание металлов в руде | F62: =CHOOSE(Content!$A$1, $D62, $E62)&$C62 -> Grades
C63: =IFERROR(CHOOSE(B63, " ¹ "," ² "," ³ "," ⁴ "," ⁵ "," ⁶ "," ⁷ "," ⁸ "," ⁹ ", " ¹⁰ "," ¹¹ "," ¹² " ),"") | D63: Gold, g/t | E63: Золото, г/т | F63: =CHOOSE(Content!$A$1, $D63, $E63)&$C63 -> Gold, g/t | AN63: 1.3277785 | AO63: 1.4305539 | AP63: 1.5269796 | AQ63: 1.5547552 | AR63: 1.3741576 | AS63: 1.260243 | AT63: 1.369286 | AU63: 0.086525375
C64: =IFERROR(CHOOSE(B64, " ¹ "," ² "," ³ "," ⁴ "," ⁵ "," ⁶ "," ⁷ "," ⁸ "," ⁹ ", " ¹⁰ "," ¹¹ "," ¹² " ),"") | D64: PROCESSING | E64: ПЕРЕРАБОТКА | F64: =CHOOSE(Content!$A$1, $D64, $E64)&$C64 -> PROCESSING
C65: =IFERROR(CHOOSE(B65, " ¹ "," ² "," ³ "," ⁴ "," ⁵ "," ⁶ "," ⁷ "," ⁸ "," ⁹ ", " ¹⁰ "," ¹¹ "," ¹² " ),"") | D65: Flotation | E65: Флотация | F65: =CHOOSE(Content!$A$1, $D65, $E65)&$C65 -> Flotation
C66: =IFERROR(CHOOSE(B66, " ¹ "," ² "," ³ "," ⁴ "," ⁵ "," ⁶ "," ⁷ "," ⁸ "," ⁹ ", " ¹⁰ "," ¹¹ "," ¹² " ),"") | D66: Ore processed, Kt | E66: Переработка руды, тыс. тонн | F66: =CHOOSE(Content!$A$1, $D66, $E66)&$C66 -> Ore processed, Kt | H66: 146.53 | I66: 130.197 | J66: 134.485 | K66: 148.228 | L66: 129.002 | M66: 187.572 | N66: 176.088 | O66: 166.959 | P66: 190.266 | Q66: 185.105 | R66: 133.042 | S66: 187.93608 | T66: 178.84114 | U66: 191.86452 | V66: 196.78438 | W66: 184.734 | X66: 189.327 | Y66: 187.034 | Z66: 192.687 | AA66: 193.067 | AB66: 198.30952 | AC66: 196.41 | AD66: 204.085 | AE66: 178.08271 | AF66: 202.379 | AG66: 195.661 | AH66: 131.906 | AI66: 126.631 | AJ66: 117.768 | AK66: 105.505 | AL66: -0.46077655 | AN66: 559.44 | AO66: 659.621 | AP66: 696.34908 | AQ66: 752.22404 | AR66: 762.115 | AS66: 776.88723 | AT66: 656.577 | AU66: -0.1548619
C67: =IFERROR(CHOOSE(B67, " ¹ "," ² "," ³ "," ⁴ "," ⁵ "," ⁶ "," ⁷ "," ⁸ "," ⁹ ", " ¹⁰ "," ¹¹ "," ¹² " ),"") | D67: Grades | E67: Содержание металлов в руде | F67: =CHOOSE(Content!$A$1, $D67, $E67)&$C67 -> Grades
C68: =IFERROR(CHOOSE(B68, " ¹ "," ² "," ³ "," ⁴ "," ⁵ "," ⁶ "," ⁷ "," ⁸ "," ⁹ ", " ¹⁰ "," ¹¹ "," ¹² " ),"") | D68: Gold, g/t | E68: Золото, г/т | F68: =CHOOSE(Content!$A$1, $D68, $E68)&$C68 -> Gold, g/t | H68: 1.1193769 | I68: 1.0833214 | J68: 1.3406521 | K68: 2.2660111 | L68: 3.1303236 | M68: 2.5904127 | N68: 3.2046392 | O68: 2.6102618 | P68: 2.55 | Q68: 2.83 | R68: 2.91 | S68: 2.37809 | T68: 2.8198991 | U68: 2.772623 | V68: 2.9194696 | W68: 2.4011178 | X68: 2.2025839 | Y68: 2.2784553 | Z68: 2.4947599 | AA68: 2.232612 | AB68: 2.3260109 | AC68: 2.4348959 | AD68: 2.3304045 | AE68: 2.1775926 | AF68: 1.7749317 | AG68: 1.9078028 | AH68: 2.1278395 | AI68: 2.4315373 | AJ68: 2.3569773 | AK68: 2.4219753 | AL68: 0.26951029 | AN68: 1.4679883 | AO68: 2.8649969 | AP68: 2.6496196 | AQ68: 2.72043 | AR68: 2.3026823 | AS68: 2.3206717 | AT68: 2.012063 | AU68: -0.13298247
C69: =IFERROR(CHOOSE(B69, " ¹ "," ² "," ³ "," ⁴ "," ⁵ "," ⁶ "," ⁷ "," ⁸ "," ⁹ ", " ¹⁰ "," ¹¹ "," ¹² " ),"") | D69: Copper | E69: Медь | F69: =CHOOSE(Content!$A$1, $D69, $E69)&$C69 -> Copper | H69: 0.0057499249 | I69: 0.0051835613 | J69: 0.0049401264 | K69: 0.0036870572 | L69: 0.0031881748 | M69: 0.0034193959 | N69: 0.0033038145 | O69: 0.0033361355 | P69: 0.0030985917 | Q69: 0.0031248849 | R69: 0.0028986169 | S69: 0.0036274099 | T69: 0.003165498 | U69: 0.0067022301 | V69: 0.0065986025 | W69: 0.0036045898 | X69: 0.0032174014 | Y69: 0.0032182094 | Z69: 0.0033944957 | AA69: 0.0035347479 | AB69: 0.0030600485 | AC69: 0.0029425031 | AD69: 0.0029654207 | AE69: 0.0025229194 | AF69: 0.0027138682 | AG69: 0.0027560985 | AH69: 0.0025024515 | AI69: 0.0023708155 | AJ69: 0.0021783622 | AK69: 0.023378156 | AL69: 7.482337 | AN69: 0.0048768745 | AO69: 0.0031778231 | AP69: 0.003210096 | AQ69: 0.0050735332 | AR69: 0.0033427683 | AS69: 0.0028823488 | AT69: 0.0026178164 | AU69: -0.091776692
C70: =IFERROR(CHOOSE(B70, " ¹ "," ² "," ³ "," ⁴ "," ⁵ "," ⁶ "," ⁷ "," ⁸ "," ⁹ ", " ¹⁰ "," ¹¹ "," ¹² " ),"") | D70: Technological recovery | E70: Коэффициент извлечения | F70: =CHOOSE(Content!$A$1, $D70, $E70)&$C70 -> Technological recovery
C71: =IFERROR(CHOOSE(B71, " ¹ "," ² "," ³ "," ⁴ "," ⁵ "," ⁶ "," ⁷ "," ⁸ "," ⁹ ", " ¹⁰ "," ¹¹ "," ¹² " ),"") | D71: Gold | E71: Золото | F71: =CHOOSE(Content!$A$1, $D71, $E71)&$C71 -> Gold | H71: 0.7933 | I71: 0.887 | J71: 0.695 | K71: 0.7781012 | L71: 0.8566584 | M71: 0.87192848 | N71: 0.88726971 | O71: 0.83529586 | P71: 0.84639575 | Q71: 0.83857652 | R71: 0.88394311 | S71: 0.85569205 | T71: 0.88524437 | U71: 0.88416589 | V71: 0.86396451 | W71: 0.864 | X71: 0.85057068 | Y71: 0.88164702 | Z71: 0.87077872 | AA71: 0.87477339 | AB71: 0.89322669 | AC71: 0.88652931 | AD71: 0.8922376 | AE71: 0.88355905 | AF71: 0.85777957 | AG71: 0.89223961 | AH71: 0.90204437 | AI71: 0.90604463 | AJ71: 0.9027043 | AK71: 0.89781494 | AL71: 0.0062486837 | AN71: 0.69476206 | AO71: 0.86586399 | AP71: 0.85459808 | AQ71: 0.872 | AR71: 0.87008875 | AS71: 0.88949967 | AT71: 0.88789005 | AU71: -0.0018095861
C72: =IFERROR(CHOOSE(B72, " ¹ "," ² "," ³ "," ⁴ "," ⁵ "," ⁶ "," ⁷ "," ⁸ "," ⁹ ", " ¹⁰ "," ¹¹ "," ¹² " ),"") | D72: Copper | E72: Медь | F72: =CHOOSE(Content!$A$1, $D72, $E72)&$C72 -> Copper | H72: 0.9194 | I72: 0.908 | J72: 0.913 | K72: 0.86951886 | L72: 0.83558293 | M72: 0.85683622 | N72: 0.84244536 | O72: 0.841633 | P72: 0.83833303 | Q72: 0.86046159 | R72: 0.84948871 | S72: 0.85186629 | T72: 0.86611421 | U72: 0.85515561 | V72: 0.85096951 | W72: 0.837 | X72: 0.8362597 | Y72: 0.84752204 | Z72: 0.81388368 | AA72: 0.8535138 | AB72: 0.87166604 | AC72: 0.85578777 | AD72: 0.84619664 | AE72: 0.8195174 | AF72: 0.83150608 | AG72: 0.85306417 | AH72: 0.84250943 | AI72: 0.82971723 | AJ72: 0.83757366 | AK72: 0.84229085 | AL72: -0.012628974 | AN72: 0.90464316 | AO72: 0.8871 | AP72: 0.8466619 | AQ72: 0.844 | AR72: 0.83791161 | AS72: 0.8501467 | AT72: 0.84016597 | AU72: -0.011740006
C73: =IFERROR(CHOOSE(B73, " ¹ "," ² "," ³ "," ⁴ "," ⁵ "," ⁶ "," ⁷ "," ⁸ "," ⁹ ", " ¹⁰ "," ¹¹ "," ¹² " ),"") | D73: Production | E73: Производство | F73: =CHOOSE(Content!$A$1, $D73, $E73)&$C73 -> Production
C74: =IFERROR(CHOOSE(B74, " ¹ "," ² "," ³ "," ⁴ "," ⁵ "," ⁶ "," ⁷ "," ⁸ "," ⁹ ", " ¹⁰ "," ¹¹ "," ¹² " ),"") | D74: Gold (in concentrate), Koz | E74: Золото (в концентрате), тыс. унций | F74: =CHOOSE(Content!$A$1, $D74, $E74)&$C74 -> Gold (in concentrate), Koz | H74: 2.5968843 | I74: 1.8729559 | J74: 2.7318114 | K74: 6.1017112 | L74: 8.6705373 | M74: 8.8385217 | N74: 14.160874 | O74: 6.143694 | P74: 13.330766 | Q74: 12.451336 | R74: 9.1367218 | S74: 9.1717048 | T74: 11.459174 | U74: 10.757672 | V74: 9.5562703 | W74: 9.229343 | X74: 9.5132891 | Y74: 9.6988718 | Z74: 10.186321 | AA74: 10.201735 | AB74: 10.235154 | AC74: 10.184601 | AD74: 11.369888 | AE74: 8.8496109 | AF74: 7.4074488 | AG74: 8.7073266 | AH74: 6.6829996 | AI74: 7.4294083 | AJ74: 6.3060252 | AK74: 5.8173028 | AL74: -0.33190713 | AN74: 13.303363 | AO74: 37.813627 | AP74: 44.090529 | AQ74: 41.002459 | AR74: 39.600217 | AS74: 40.639254 | AT74: 30.227183 | AU74: -0.25620722
C75: =IFERROR(CHOOSE(B75, " ¹ "," ² "," ³ "," ⁴ "," ⁵ "," ⁶ "," ⁷ "," ⁸ "," ⁹ ", " ¹⁰ "," ¹¹ "," ¹² " ),"") | D75: Copper (in concentrate), t | E75: Медь ( в концентрате), тонн | F75: =CHOOSE(Content!$A$1, $D75, $E75)&$C75 -> Copper (in concentrate), t | H75: 705.0511 | I75: 559.38668 | J75: 569.47909 | K75: 451.78424 | L75: 320.1118 | M75: 464.74625 | N75: 509.83013 | O75: 249.67395 | P75: 600.31605 | Q75: 540.30951 | R75: 324.41031 | S75: 436.28748 | T75: 432.47165 | U75: 383.27455 | V75: 412.69607 | W75: 435.54906 | X75: 593.11455 | Y75: 491.73081 | Z75: 540.78056 | AA75: 537.20154 | AB75: 493.69193 | AC75: 441.89462 | AD75: 541.07647 | AE75: 362.35597 | AF75: 423.55709 | AG75: 437.53552 | AH75: 265.642 | AI75: 236.61973 | AJ75: 197.59716 | AK75: 195.03951 | AL75: -0.55423159 | AN75: 2285.7011 | AO75: 1544.3621 | AP75: 1901.3233 | AQ75: 1663.9913 | AR75: 2162.8275 | AS75: 1839.019 | AT75: 1363.3543 | AU75: -0.2586513
C76: =IFERROR(CHOOSE(B76, " ¹ "," ² "," ³ "," ⁴ "," ⁵ "," ⁶ "," ⁷ "," ⁸ "," ⁹ ", " ¹⁰ "," ¹¹ "," ¹² " ),"") | D76: Gold (in Dore), Koz | E76: Золото (в Доре), тыс. унций | F76: =CHOOSE(Content!$A$1, $D76, $E76)&$C76 -> Gold (in Dore), Koz | H76: 0 | I76: 0 | J76: 0 | K76: 0 | L76: 0 | M76: 0 | N76: 0 | O76: 0 | P76: 0 | Q76: 0 | R76: 0 | S76: 0 | T76: 0 | U76: 0 | V76: 0 | W76: 0 | X76: 0 | Y76: 0 | Z76: 0 | AA76: 0 | AB76: 0 | AC76: 0 | AD76: 0 | AE76: 0 | AF76: 0 | AG76: 0 | AH76: 0 | AI76: 0 | AJ76: 0 | AN76: 0 | AO76: 0 | AP76: 0 | AQ76: 0 | AR76: 0 | AS76: 0 | AT76: 0 | AU76: N/A
C77: =IFERROR(CHOOSE(B77, " ¹ "," ² "," ³ "," ⁴ "," ⁵ "," ⁶ "," ⁷ "," ⁸ "," ⁹ ", " ¹⁰ "," ¹¹ "," ¹² " ),"") | D77: Leaching | E77: Цианирование | F77: =CHOOSE(Content!$A$1, $D77, $E77)&$C77 -> Leaching
C78: =IFERROR(CHOOSE(B78, " ¹ "," ² "," ³ "," ⁴ "," ⁵ "," ⁶ "," ⁷ "," ⁸ "," ⁹ ", " ¹⁰ "," ¹¹ "," ¹² " ),"") | D78: Ore processed, Kt | E78: Переработка руды, тыс. тонн | F78: =CHOOSE(Content!$A$1, $D78, $E78)&$C78 -> Ore processed, Kt | H78: 751.658 | I78: 783.83 | J78: 732.6313 | K78: 723.00068 | L78: 733.80279 | M78: 795.9791 | N78: 772.98397 | O78: 752.76311 | P78: 764.19034 | Q78: 793.68534 | R78: 829.59569 | S78: 795.613 | T78: 769.46774 | U78: 828.56116 | V78: 822.61434 | W78: 778.47733 | X78: 768.26771 | Y78: 777.38777 | Z78: 786.71213 | AA78: 803.88169 | AB78: 765.18926 | AC78: 774.07577 | AD78: 791.42615 | AE78: 848.362 | AF78: 781.42202 | AG78: 806.99914 | AH78: 903.928 | AI78: 903.163 | AJ78: 891.519 | AK78: 868.586 | AL78: 0.076315893 | AN78: 2991.12 | AO78: 3055.529 | AP78: 3183.0844 | AQ78: 3199.1206 | AR78: 3136.2493 | AS78: 3179.0532 | AT78: 3395.5122 | AU78: 0.068089135
C79: =IFERROR(CHOOSE(B79, " ¹ "," ² "," ³ "," ⁴ "," ⁵ "," ⁶ "," ⁷ "," ⁸ "," ⁹ ", " ¹⁰ "," ¹¹ "," ¹² " ),"") | D79: Gold grade, g/t | E79: Содержание золота в руде, г/т | F79: =CHOOSE(Content!$A$1, $D79, $E79)&$C79 -> Gold grade, g/t | H79: 1.45695 | I79: 1.42339 | J79: 1.56965 | K79: 1.36889 | L79: 1.46764 | M79: 1.48412 | N79: 1.38762 | O79: 1.38828 | P79: 1.66223 | Q79: 1.65409 | R79: 1.58262 | S79: 1.40386 | T79: 1.6856624 | U79: 1.6206702 | V79: 1.695315 | W79: 1.3858129 | X79: 1.4431688 | Y79: 1.3942428 | Z79: 1.3777936 | AA79: 1.2593241 | AB79: 1.323943 | AC79: 1.4004829 | AD79: 1.0027471 | AE79: 1.1608768 | AF79: 1.1544252 | AG79: 1.2558152 | AH79: 1.2829906 | AI79: 1.3752886 | AJ79: 1.4173383 | AK79: 1.4500282 | AL79: 0.15465093 | AN79: 1.45447 | AO79: 1.43214 | AP79: 1.57487 | AQ79: 1.598346 | AR79: 1.3675194 | AS79: 1.2191023 | AT79: 1.2714948 | AU79: 0.042976293
C80: =IFERROR(CHOOSE(B80, " ¹ "," ² "," ³ "," ⁴ "," ⁵ "," ⁶ "," ⁷ "," ⁸ "," ⁹ ", " ¹⁰ "," ¹¹ "," ¹² " ),"") | D80: Technological recovery | E80: Коэффициент извлечения | F80: =CHOOSE(Content!$A$1, $D80, $E80)&$C80 -> Technological recovery | H80: 0.8532341 | I80: 0.8766197 | J80: 0.8744561 | K80: 0.8661452 | L80: 0.8696232 | M80: 0.8906236 | N80: 0.8810706 | O80: 0.8738293 | P80: 0.8641583 | Q80: 0.8994876 | R80: 0.8991179 | S80: 0.8938088 | T80: 0.89568115 | U80: 0.91081894 | V80: 0.9096529 | W80: 0.87701617 | X80: 0.89057795 | Y80: 0.89002621 | Z80: 0.89881836 | AA80: 0.86944247 | AB80: 0.87669759 | AC80: 0.91779825 | AD80: 0.88828656 | AE80: 0.893624 | AF80: 0.89384025 | AG80: 0.90365308 | AH80: 0.91489544 | AI80: 0.88650335 | AJ80: 0.88642734 | AK80: 0.91824041 | AL80: 0.016142621 | AN80: 0.8677782 | AO80: 0.8791029 | AP80: 0.8891732 | AQ80: 0.89952916 | AR80: 0.88753229 | AS80: 0.89415717 | AT80: 0.89968868 | AU80: 0.0061862839
C81: =IFERROR(CHOOSE(B81, " ¹ "," ² "," ³ "," ⁴ "," ⁵ "," ⁶ "," ⁷ "," ⁸ "," ⁹ ", " ¹⁰ "," ¹¹ "," ¹² " ),"") | D81: Gold (in Dore), Koz | E81: Золото (в Доре), тыс. унций | F81: =CHOOSE(Content!$A$1, $D81, $E81)&$C81 -> Gold (in Dore), Koz | H81: 31.372684 | I81: 34.071885 | J81: 31.267538 | K81: 26.680661 | L81: 34.656938 | M81: 32.170788 | N81: 31.720443 | O81: 22.185624 | P81: 46.240985 | Q81: 38.1662 | R81: 37.640941 | S81: 31.066361 | T81: 45.449219 | U81: 41.184455 | V81: 41.243116 | W81: 41.763487 | X81: 34.341031 | Y81: 31.97726 | Z81: 32.417255 | AA81: 30.72108 | AB81: 31.12516 | AC81: 31.372482 | AD81: 30.377611 | AE81: 36.002556 | AF81: 29.617657 | AG81: 29.886621 | AH81: 33.151251 | AI81: 37.447542 | AJ81: 37.32974 | AK81: 38.909875 | AL81: 0.30191615 | AN81: 123.39632 | AO81: 120.73379 | AP81: 153.11449 | AQ81: 169.64028 | AR81: 129.45663 | AS81: 128.87781 | AT81: 130.10307 | AU81: 0.0095071581
C82: =IFERROR(CHOOSE(B82, " ¹ "," ² "," ³ "," ⁴ "," ⁵ "," ⁶ "," ⁷ "," ⁸ "," ⁹ ", " ¹⁰ "," ¹¹ "," ¹² " ),"") | D82: TOTAL PRODUCTION | E82: ИТОГО ПРОИЗВОДСТВО | F82: =CHOOSE(Content!$A$1, $D82, $E82)&$C82 -> TOTAL PRODUCTION
C83: =IFERROR(CHOOSE(B83, " ¹ "," ² "," ³ "," ⁴ "," ⁵ "," ⁶ "," ⁷ "," ⁸ "," ⁹ ", " ¹⁰ "," ¹¹ "," ¹² " ),"") | D83: Gold, Koz | E83: Золото, тыс. унций | F83: =CHOOSE(Content!$A$1, $D83, $E83)&$C83 -> Gold, Koz | H83: 33.969568 | I83: 35.944841 | J83: 33.999349 | K83: 32.782372 | L83: 43.327475 | M83: 41.00931 | N83: 45.881317 | O83: 28.329318 | P83: 59.571751 | Q83: 50.617536 | R83: 46.777662 | S83: 40.238066 | T83: 56.908393 | U83: 51.942127 | V83: 50.799386 | W83: 50.99283 | X83: 43.85432 | Y83: 41.676132 | Z83: 42.603575 | AA83: 40.922815 | AB83: 41.360314 | AC83: 41.557083 | AD83: 41.747498 | AE83: 44.852167 | AF83: 37.025105 | AG83: 38.593948 | AH83: 39.83425 | AI83: 44.876951 | AJ83: 43.635765 | AK83: 44.727177 | AL83: 0.15891688 | AN83: 136.69968 | AO83: 158.54742 | AP83: 197.20502 | AQ83: 210.64274 | AR83: 169.05684 | AS83: 169.51706 | AT83: 160.33025 | AU83: -0.054194006
C84: =IFERROR(CHOOSE(B84, " ¹ "," ² "," ³ "," ⁴ "," ⁵ "," ⁶ "," ⁷ "," ⁸ "," ⁹ ", " ¹⁰ "," ¹¹ "," ¹² " ),"") | D84: Copper, t | E84: Медь, тонн | F84: =CHOOSE(Content!$A$1, $D84, $E84)&$C84 -> Copper, t | H84: 705.0511 | I84: 559.38668 | J84: 569.47909 | K84: 451.78424 | L84: 320.1118 | M84: 464.74625 | N84: 509.83013 | O84: 249.67395 | P84: 600.31605 | Q84: 540.30951 | R84: 324.41031 | S84: 436.28748 | T84: 432.47165 | U84: 383.27455 | V84: 412.69607 | W84: 435.54906 | X84: 593.11455 | Y84: 491.73081 | Z84: 540.78056 | AA84: 537.20154 | AB84: 493.69193 | AC84: 441.89462 | AD84: 541.07647 | AE84: 362.35597 | AF84: 423.55709 | AG84: 437.53552 | AH84: 265.642 | AI84: 236.61973 | AJ84: 197.59716 | AK84: 195.03951 | AL84: -0.55423159 | AN84: 2285.7011 | AO84: 1544.3621 | AP84: 1901.3233 | AQ84: 1663.9913 | AR84: 2162.8275 | AS84: 1839.019 | AT84: 1363.3543 | AU84: -0.2586513
C85: =IFERROR(CHOOSE(B85, " ¹ "," ² "," ³ "," ⁴ "," ⁵ "," ⁶ "," ⁷ "," ⁸ "," ⁹ ", " ¹⁰ "," ¹¹ "," ¹² " ),"") | D85: Silver, Moz | E85: Серебро, млн унций | F85: =CHOOSE(Content!$A$1, $D85, $E85)&$C85 -> Silver, Moz | H85: 0.0064278509 | I85: 0.0092908515 | J85: 0.0082404771 | K85: 0.0071159803 | L85: 0.0077863358 | M85: 0.0091447059 | N85: 0.010171245 | O85: 0.0060872755 | P85: 0.013145167 | Q85: 0.010316871 | R85: 0.0098299494 | S85: 0.0077833676 | T85: 0.015628566 | U85: 0.015419111 | V85: 0.021099854 | W85: 0.016029372 | X85: 0.0099642281 | Y85: 0.0074720627 | Z85: 0.0070941883 | AA85: 0.0062437286 | AB85: 0.0055547274 | AC85: 0.0040108645 | AD85: 0.004257052 | AE85: 0.0049327366 | AF85: 0.0032007378 | AG85: 0.0035643202 | AH85: 0.0039244128 | AI85: 0.0039347209 | AJ85: 0.0035874993 | AK85: 0.0033229275 | AL85: -0.067724745 | AN85: 0.03107516 | AO85: 0.033189562 | AP85: 0.041075355 | AQ85: 0.068176903 | AR85: 0.030774208 | AS85: 0.01875538 | AT85: 0.014624192 | AU85: -0.22026686

Sheet Production HY
C1: =IFERROR(CHOOSE(B1, " ¹ "," ² "," ³ "," ⁴ "," ⁵ "," ⁶ "," ⁷ "," ⁸ "," ⁹ ", " ¹⁰ "," ¹¹ "," ¹² " ),"") | D1: Group production statistics | E1: Производственная статистика Группы | F1: =CHOOSE(Content!$A$1, $D1, $E1)&$C1 -> Group production statistics
C2: =IFERROR(CHOOSE(B2, " ¹ "," ² "," ³ "," ⁴ "," ⁵ "," ⁶ "," ⁷ "," ⁸ "," ⁹ ", " ¹⁰ "," ¹¹ "," ¹² " ),"") | D2: ="" | E2: ="" | F2: =CHOOSE(Content!$A$1, $D2, $E2)&$C2 | H2: =CHOOSE(Content!$A$1, "H"&MONTH(H3)/6, MONTH(H3)/6&"П")&" "&YEAR(H3) -> H1 2019 | I2: =CHOOSE(Content!$A$1, "H"&MONTH(I3)/6, MONTH(I3)/6&"П")&" "&YEAR(I3) -> H2 2019 | J2: =CHOOSE(Content!$A$1, "H"&MONTH(J3)/6, MONTH(J3)/6&"П")&" "&YEAR(J3) -> H1 2020 | K2: =CHOOSE(Content!$A$1, "H"&MONTH(K3)/6, MONTH(K3)/6&"П")&" "&YEAR(K3) -> H2 2020 | L2: =CHOOSE(Content!$A$1, "H"&MONTH(L3)/6, MONTH(L3)/6&"П")&" "&YEAR(L3) -> H1 2021 | M2: =CHOOSE(Content!$A$1, "H"&MONTH(M3)/6, MONTH(M3)/6&"П")&" "&YEAR(M3) -> H2 2021 | N2: =CHOOSE(Content!$A$1, "H"&MONTH(N3)/6, MONTH(N3)/6&"П")&" "&YEAR(N3) -> H1 2022 | O2: =CHOOSE(Content!$A$1, "H"&MONTH(O3)/6, MONTH(O3)/6&"П")&" "&YEAR(O3) -> H2 2022 | ... V2: =CHOOSE(Content!$A$1, "H"&MONTH(V3)/6, MONTH(V3)/6&"П")&" "&YEAR(V3) -> H1 2026 | W2: =CHOOSE(Content!$A$1, "Y-o-Y, %", "г/г, %" ) -> Y-o-Y, %
C3: =IFERROR(CHOOSE(B3, " ¹ "," ² "," ³ "," ⁴ "," ⁵ "," ⁶ "," ⁷ "," ⁸ "," ⁹ ", " ¹⁰ "," ¹¹ "," ¹² " ),"") | D3: ="" | E3: ="" | F3: =CHOOSE(Content!$A$1, $D3, $E3)&$C3 | H3: =DATE(2019, 6,30) -> 43646 | I3: =EOMONTH(H3,6) -> 43830 | J3: =EOMONTH(I3,6) -> 44012 | K3: =EOMONTH(J3,6) -> 44196 | L3: =EOMONTH(K3,6) -> 44377 | M3: =EOMONTH(L3,6) -> 44561 | N3: =EOMONTH(M3,6) -> 44742 | O3: =EOMONTH(N3,6) -> 44926 | P3: =EOMONTH(O3,6) -> 45107 | ... V3: =EOMONTH(U3,6) -> 46203
C4: =IFERROR(CHOOSE(B4, " ¹ "," ² "," ³ "," ⁴ "," ⁵ "," ⁶ "," ⁷ "," ⁸ "," ⁹ ", " ¹⁰ "," ¹¹ "," ¹² " ),"") | D4: Consolidated highlights | E4: Консолидированные результаты | F4: =CHOOSE(Content!$A$1, $D4, $E4)&$C4 -> Consolidated highlights
C5: =IFERROR(CHOOSE(B5, " ¹ "," ² "," ³ "," ⁴ "," ⁵ "," ⁶ "," ⁷ "," ⁸ "," ⁹ ", " ¹⁰ "," ¹¹ "," ¹² " ),"") | D5: Waste mined, Kt | E5: Вскрыша, тыс. тонн | F5: =CHOOSE(Content!$A$1, $D5, $E5)&$C5 -> Waste mined, Kt | H5: 55025.63 | I5: 57778.041 | J5: 58288.631 | K5: 60016.655 | L5: 60410.394 | M5: 64633.315 | N5: 62949.436 | O5: 63553.337 | P5: 60261.949 | Q5: 61717.427 | R5: 64401.096 | S5: 64560.15 | T5: 60713.351 | U5: 62490.257 | V5: 49327.315 | W5: -0.1875376
C6: =IFERROR(CHOOSE(B6, " ¹ "," ² "," ³ "," ⁴ "," ⁵ "," ⁶ "," ⁷ "," ⁸ "," ⁹ ", " ¹⁰ "," ¹¹ "," ¹² " ),"") | D6: Ore mined, Kt | E6: Добыча руды, тыс. тонн | F6: =CHOOSE(Content!$A$1, $D6, $E6)&$C6 -> Ore mined, Kt | H6: 2971.0055 | I6: 2972.3853 | J6: 2525.027 | K6: 2328.0488 | L6: 3004.491 | M6: 2796.489 | N6: 3200.841 | O6: 2879.316 | P6: 2688.886 | Q6: 2571.358 | R6: 2483.787 | S6: 2717.003 | T6: 2579.023 | U6: 2720.69 | V6: 2768.45 | W6: 0.073449132
C7: =IFERROR(CHOOSE(B7, " ¹ "," ² "," ³ "," ⁴ "," ⁵ "," ⁶ "," ⁷ "," ⁸ "," ⁹ ", " ¹⁰ "," ¹¹ "," ¹² " ),"") | D7: Open-pit | E7: Открытые горные работы | F7: =CHOOSE(Content!$A$1, $D7, $E7)&$C7 -> Open-pit | H7: 2971.0055 | I7: 2972.3853 | J7: 2525.027 | K7: 2328.0488 | L7: 3004.491 | M7: 2796.489 | N7: 3200.841 | O7: 2879.316 | P7: 2688.886 | Q7: 2571.358 | R7: 2483.787 | S7: 2717.003 | T7: 2579.023 | U7: 2720.69 | V7: 2768.45 | W7: 0.073449132
C8: =IFERROR(CHOOSE(B8, " ¹ "," ² "," ³ "," ⁴ "," ⁵ "," ⁶ "," ⁷ "," ⁸ "," ⁹ ", " ¹⁰ "," ¹¹ "," ¹² " ),"") | D8: Ore processed, Kt | E8: Переработка руды, тыс. тонн | F8: =CHOOSE(Content!$A$1, $D8, $E8)&$C8 -> Ore processed, Kt | H8: 2800.323 | I8: 2749.884 | J8: 2852.5229 | K8: 2866.3609 | L8: 3065.8597 | M8: 3013.5738 | N8: 3054.5556 | O8: 3096.789 | P8: 3114.8945 | Q8: 3226.2048 | R8: 3145.5006 | S8: 3226.9849 | T8: 3216.3412 | U8: 3305.647 | V8: 3218.5 | W8: 0.00067120989
C9: =IFERROR(CHOOSE(B9, " ¹ "," ² "," ³ "," ⁴ "," ⁵ "," ⁶ "," ⁷ "," ⁸ "," ⁹ ", " ¹⁰ "," ¹¹ "," ¹² " ),"") | D9: Gold grade processed, g/t | E9: Содержание золота в перерабатываемой руде, г/т | F9: =CHOOSE(Content!$A$1, $D9, $E9)&$C9 -> Gold grade processed, g/t | H9: 3.4461811 | I9: 3.274762 | J9: 3.0910802 | K9: 2.9032605 | L9: 3.0538377 | M9: 3.3233839 | N9: 3.1661456 | O9: 2.9183838 | P9: 2.8594922 | Q9: 2.8653799 | R9: 3.0579629 | S9: 2.5542565 | T9: 2.9924303 | U9: 2.4698823 | V9: 2.8992778 | W9: -0.031129374
C10: =IFERROR(CHOOSE(B10, " ¹ "," ² "," ³ "," ⁴ "," ⁵ "," ⁶ "," ⁷ "," ⁸ "," ⁹ ", " ¹⁰ "," ¹¹ "," ¹² " ),"") | D10: Silver grade processed, g/t | E10: Содержание серебра в перерабатываемой руде, г/т | F10: =CHOOSE(Content!$A$1, $D10, $E10)&$C10 -> Silver grade processed, g/t | H10: 0.87300585 | I10: 1.033323 | J10: 1.1679798 | K10: 1.6261055 | L10: 1.425009 | M10: 0.7434678 | N10: 0.67184525 | O10: 0.65159099 | P10: 0.61976754 | Q10: 0.42520244 | R10: 0.41802749 | S10: 0.42242027 | T10: 0.26471878 | U10: 0.3 | V10: 0.22382675 | W10: -0.15447346
C11: =IFERROR(CHOOSE(B11, " ¹ "," ² "," ³ "," ⁴ "," ⁵ "," ⁶ "," ⁷ "," ⁸ "," ⁹ ", " ¹⁰ "," ¹¹ "," ¹² " ),"") | D11: GE grade processed, g/t | E11: Содержание в перерабатываемой руде в золотом эквиваленте, г/т | F11: =CHOOSE(Content!$A$1, $D11, $E11)&$C11 -> GE grade processed, g/t | H11: 3.4570937 | I11: 3.2876786 | J11: 3.10568 | K11: 2.9235868 | L11: 3.8013713 | M11: 3.3326773 | N11: 3.1745437 | O11: 3.3326773 | P11: 2.9265287 | Q11: 2.8706949 | R11: 2.9613652 | S11: 2.5595367 | T11: 3.0145129 | U11: 2.4736323 | V11: 2.9020756 | W11: -0.037298655
C12: =IFERROR(CHOOSE(B12, " ¹ "," ² "," ³ "," ⁴ "," ⁵ "," ⁶ "," ⁷ "," ⁸ "," ⁹ ", " ¹⁰ "," ¹¹ "," ¹² " ),"") | D12: TOTAL PRODUCTION | E12: ИТОГО ПРОИЗВОДСТВО | F12: =CHOOSE(Content!$A$1, $D12, $E12)&$C12 -> TOTAL PRODUCTION
C13: =IFERROR(CHOOSE(B13, " ¹ "," ² "," ³ "," ⁴ "," ⁵ "," ⁶ "," ⁷ "," ⁸ "," ⁹ ", " ¹⁰ "," ¹¹ "," ¹² " ),"") | D13: Gold, Koz | E13: Золото, тыс. унций | F13: =CHOOSE(Content!$A$1, $D13, $E13)&$C13 -> Gold, Koz | H13: 229.39664 | I13: 250.80213 | J13: 297.17929 | K13: 242.94102 | L13: 292.47178 | M13: 264.66698 | N13: 243.63178 | O13: 296.97354 | P13: 213.22997 | Q13: 271.89222 | R13: 251.83565 | S13: 237.45618 | T13: 122.78222 | U13: 271.03724 | V13: 210.35482 | W13: 0.71323519
C14: =IFERROR(CHOOSE(B14, " ¹ "," ² "," ³ "," ⁴ "," ⁵ "," ⁶ "," ⁷ "," ⁸ "," ⁹ ", " ¹⁰ "," ¹¹ "," ¹² " ),"") | D14: Silver, Moz | E14: Серебро, млн унций | F14: =CHOOSE(Content!$A$1, $D14, $E14)&$C14 -> Silver, Moz | H14: 0.015718702 | I14: 0.015718702 | J14: 0.017531329 | K14: 0.015356457 | L14: 0.014902316 | M14: 0.016931042 | N14: 0.019315951 | O14: 0.037129226 | P14: 0.017436291 | Q14: 0.013337917 | R14: 0.0095655919 | S14: 0.0091897886 | T14: 0.006765058 | U14: 0.0078591337 | V14: 0.0069104269 | W14: 0.021488195
C15: =IFERROR(CHOOSE(B15, " ¹ "," ² "," ³ "," ⁴ "," ⁵ "," ⁶ "," ⁷ "," ⁸ "," ⁹ ", " ¹⁰ "," ¹¹ "," ¹² " ),"") | D15: Copper, t | E15: Медь, тонн | F15: =CHOOSE(Content!$A$1, $D15, $E15)&$C15 -> Copper, t | H15: 1264.4378 | I15: 1021.2633 | J15: 784.85805 | K15: 759.50408 | L15: 1140.6256 | M15: 760.69779 | N15: 815.7462 | O15: 848.24513 | P15: 1084.8454 | Q15: 1077.9821 | R15: 935.58655 | S15: 903.43244 | T15: 861.09261 | U15: 502.26173 | V15: 392.63668 | W15: -0.54402503
C16: =IFERROR(CHOOSE(B16, " ¹ "," ² "," ³ "," ⁴ "," ⁵ "," ⁶ "," ⁷ "," ⁸ "," ⁹ ", " ¹⁰ "," ¹¹ "," ¹² " ),"") | D16: Gold equivalent, Koz | E16: Золотой эквивалент, тыс. унций | F16: =CHOOSE(Content!$A$1, $D16, $E16)&$C16 -> Gold equivalent, Koz | H16: 229.59313 | I16: 250.99861 | J16: 297.39843 | K16: 243.13297 | L16: 292.65806 | M16: 264.87862 | N16: 243.87323 | O16: 297.43766 | P16: 213.44792 | Q16: 272.05894 | R16: 251.95522 | S16: 237.57105 | T16: 122.86679 | U16: 271.13548 | V16: 210.4412 | W16: 0.71275909
C17: =IFERROR(CHOOSE(B17, " ¹ "," ² "," ³ "," ⁴ "," ⁵ "," ⁶ "," ⁷ "," ⁸ "," ⁹ ", " ¹⁰ "," ¹¹ "," ¹² " ),"") | D17: Ag/Au ratio | E17: коэффициент Ag/Au | F17: =CHOOSE(Content!$A$1, $D17, $E17)&$C17 -> Ag/Au ratio | H17: 80 | I17: 80 | J17: 80 | K17: 80 | L17: 80 | M17: 80 | N17: 80 | O17: 80 | P17: 80 | Q17: 80 | R17: 80 | S17: 80 | T17: 80 | U17: 80 | V17: 80 | W17: 80
C18: =IFERROR(CHOOSE(B18, " ¹ "," ² "," ³ "," ⁴ "," ⁵ "," ⁶ "," ⁷ "," ⁸ "," ⁹ ", " ¹⁰ "," ¹¹ "," ¹² " ),"") | D18: Gold production by mine, Koz | E18: Производство золота в разбивке по предприятиям, тыс. унций | F18: =CHOOSE(Content!$A$1, $D18, $E18)&$C18 -> Gold production by mine, Koz
C19: =IFERROR(CHOOSE(B19, " ¹ "," ² "," ³ "," ⁴ "," ⁵ "," ⁶ "," ⁷ "," ⁸ "," ⁹ ", " ¹⁰ "," ¹¹ "," ¹² " ),"") | D19: Kyzyl | E19: Кызыл | F19: =CHOOSE(Content!$A$1, $D19, $E19)&$C19 -> Kyzyl | H19: 159.46222 | I19: 184.02041 | J19: 212.84251 | K19: 168.73038 | L19: 182.2825 | M19: 177.65125 | N19: 134.78126 | O19: 195.18132 | P19: 127.69952 | Q19: 188.36583 | R19: 168.91826 | S19: 150.85652 | T19: 47.16317 | U19: 186.32604 | V19: 121.99188 | W19: 1.5865921
C20: =IFERROR(CHOOSE(B20, " ¹ "," ² "," ³ "," ⁴ "," ⁵ "," ⁶ "," ⁷ "," ⁸ "," ⁹ ", " ¹⁰ "," ¹¹ "," ¹² " ),"") | D20: Varvara | E20: Варваринское | F20: =CHOOSE(Content!$A$1, $D20, $E20)&$C20 -> Varvara | H20: 69.934423 | I20: 66.781722 | J20: 84.336785 | K20: 74.210635 | L20: 110.18929 | M20: 87.015728 | N20: 108.85052 | O20: 101.79222 | P20: 85.530452 | Q20: 83.52639 | R20: 82.917398 | S20: 86.599665 | T20: 75.619053 | U20: 84.711201 | V20: 88.362943 | W20: 0.1685275
C21: =IFERROR(CHOOSE(B21, " ¹ "," ² "," ³ "," ⁴ "," ⁵ "," ⁶ "," ⁷ "," ⁸ "," ⁹ ", " ¹⁰ "," ¹¹ "," ¹² " ),"") | D21: Total | E21: Итого | F21: =CHOOSE(Content!$A$1, $D21, $E21)&$C21 -> Total | H21: 229.39664 | I21: 250.80213 | J21: 297.17929 | K21: 242.94102 | L21: 292.47178 | M21: 264.66698 | N21: 243.63178 | O21: 296.97354 | P21: 213.22997 | Q21: 271.89222 | R21: 251.83565 | S21: 237.45618 | T21: 122.78222 | U21: 271.03724 | V21: 210.35482 | W21: 0.71323519
C22: =IFERROR(CHOOSE(B22, " ¹ "," ² "," ³ "," ⁴ "," ⁵ "," ⁶ "," ⁷ "," ⁸ "," ⁹ ", " ¹⁰ "," ¹¹ "," ¹² " ),"") | D22: Silver production by mine, Moz | E22: Производство серебра в разбивке по предприятиям, млн унций | F22: =CHOOSE(Content!$A$1, $D22, $E22)&$C22 -> Silver production by mine, Moz
C23: =IFERROR(CHOOSE(B23, " ¹ "," ² "," ³ "," ⁴ "," ⁵ "," ⁶ "," ⁷ "," ⁸ "," ⁹ ", " ¹⁰ "," ¹¹ "," ¹² " ),"") | D23: Varvara | E23: Варваринское | F23: =CHOOSE(Content!$A$1, $D23, $E23)&$C23 -> Varvara | H23: 0.015718702 | I23: 0.015718702 | J23: 0.017531329 | K23: 0.015356457 | L23: 0.014902316 | M23: 0.016931042 | N23: 0.019315951 | O23: 0.037129226 | P23: 0.017436291 | Q23: 0.013337917 | R23: 0.0095655919 | S23: 0.0091897886 | T23: 0.006765058 | U23: 0.0078591337 | V23: 0.0069104269 | W23: 0.021488195
C24: =IFERROR(CHOOSE(B24, " ¹ "," ² "," ³ "," ⁴ "," ⁵ "," ⁶ "," ⁷ "," ⁸ "," ⁹ ", " ¹⁰ "," ¹¹ "," ¹² " ),"") | D24: Silver, Moz | E24: Серебро, млн унций | F24: =CHOOSE(Content!$A$1, $D24, $E24)&$C24 -> Silver, Moz | H24: 0.015718702 | I24: 0.015718702 | J24: 0.017531329 | K24: 0.015356457 | L24: 0.014902316 | M24: 0.016931042 | N24: 0.019315951 | O24: 0.037129226 | P24: 0.017436291 | Q24: 0.013337917 | R24: 0.0095655919 | S24: 0.0091897886 | T24: 0.006765058 | U24: 0.0078591337 | V24: 0.0069104269 | W24: 0.021488195
C25: =IFERROR(CHOOSE(B25, " ¹ "," ² "," ³ "," ⁴ "," ⁵ "," ⁶ "," ⁷ "," ⁸ "," ⁹ ", " ¹⁰ "," ¹¹ "," ¹² " ),"") | D25: Gold equivalent production by mine, GE Koz | E25: Производство по предприятиям, тыс. унций в золотом эквиваленте | F25: =CHOOSE(Content!$A$1, $D25, $E25)&$C25 -> Gold equivalent production by mine, GE Koz
C26: =IFERROR(CHOOSE(B26, " ¹ "," ² "," ³ "," ⁴ "," ⁵ "," ⁶ "," ⁷ "," ⁸ "," ⁹ ", " ¹⁰ "," ¹¹ "," ¹² " ),"") | D26: Kyzyl | E26: Кызыл | F26: =CHOOSE(Content!$A$1, $D26, $E26)&$C26 -> Kyzyl | H26: 159.46222 | I26: 184.02041 | J26: 212.84251 | K26: 168.73038 | L26: 182.2825 | M26: 177.65125 | N26: 134.78126 | O26: 195.18132 | P26: 127.69952 | Q26: 188.36583 | R26: 170.01531 | S26: 150.85652 | T26: 47.16317 | U26: 186.32604 | V26: 121.99188 | W26: 1.5865921
C27: =IFERROR(CHOOSE(B27, " ¹ "," ² "," ³ "," ⁴ "," ⁵ "," ⁶ "," ⁷ "," ⁸ "," ⁹ ", " ¹⁰ "," ¹¹ "," ¹² " ),"") | D27: Varvara | E27: Варваринское | F27: =CHOOSE(Content!$A$1, $D27, $E27)&$C27 -> Varvara | H27: 70.130907 | I27: 66.978205 | J27: 84.555926 | K27: 74.40259 | L27: 110.37557 | M27: 87.227366 | N27: 109.09197 | O27: 102.25633 | P27: 85.748406 | Q27: 83.693114 | R27: 83.407931 | S27: 86.714537 | T27: 75.703616 | U27: 84.80944 | V27: 88.606744 | W27: 0.17044268
C28: =IFERROR(CHOOSE(B28, " ¹ "," ² "," ³ "," ⁴ "," ⁵ "," ⁶ "," ⁷ "," ⁸ "," ⁹ ", " ¹⁰ "," ¹¹ "," ¹² " ),"") | D28: Total | E28: Итого | F28: =CHOOSE(Content!$A$1, $D28, $E28)&$C28 -> Total | H28: 229.59313 | I28: 250.99861 | J28: 297.39843 | K28: 243.13297 | L28: 292.65806 | M28: 264.87862 | N28: 243.87323 | O28: 297.43766 | P28: 213.44792 | Q28: 272.05894 | R28: 251.95522 | S28: 237.57105 | T28: 122.86679 | U28: 271.13548 | V28: 210.4412 | W28: 0.71275909
C29: =IFERROR(CHOOSE(B29, " ¹ "," ² "," ³ "," ⁴ "," ⁵ "," ⁶ "," ⁷ "," ⁸ "," ⁹ ", " ¹⁰ "," ¹¹ "," ¹² " ),"") | D29: Gold equivalent grade in ore processed by mine, GE g/t | E29: Среднее содержание в перерабатываемой руде,г/т золотого эквивалента | F29: =CHOOSE(Content!$A$1, $D29, $E29)&$C29 -> Gold equivalent grade in ore processed by mine, GE g/t
C30: =IFERROR(CHOOSE(B30, " ¹ "," ² "," ³ "," ⁴ "," ⁵ "," ⁶ "," ⁷ "," ⁸ "," ⁹ ", " ¹⁰ "," ¹¹ "," ¹² " ),"") | D30: Kyzyl | E30: Кызыл | F30: =CHOOSE(Content!$A$1, $D30, $E30)&$C30 -> Kyzyl | H30: 6.7285108 | I30: 7.5294029 | J30: 8.25709 | K30: 7.6025553 | L30: 6.22205 | M30: 6.1878136 | N30: 4.7816365 | O30: 6.1034453 | P30: 5.0757018 | Q30: 4.989592 | R30: 5.3299349 | S30: 4.6477809 | T30: 5.6726267 | U30: 4.1726257 | V30: 5.0805997 | W30: -0.10436559
C31: =IFERROR(CHOOSE(B31, " ¹ "," ² "," ³ "," ⁴ "," ⁵ "," ⁶ "," ⁷ "," ⁸ "," ⁹ ", " ¹⁰ "," ¹¹ "," ¹² " ),"") | D31: Varvara | E31: Варваринское | F31: =CHOOSE(Content!$A$1, $D31, $E31)&$C31 -> Varvara | H31: 1.3882977 | I31: 1.5278136 | J31: 1.7049726 | K31: 1.6683268 | L31: 1.8584439 | M31: 1.6770976 | N31: 1.8675833 | O31: 1.7610565 | P31: 1.5794685 | Q31: 1.5220125 | R31: 1.5701547 | S31: 1.3065747 | T31: 1.3330372 | U31: 1.4477068 | V31: 1.5408889 | W31: 0.15592344
C32: =IFERROR(CHOOSE(B32, " ¹ "," ² "," ³ "," ⁴ "," ⁵ "," ⁶ "," ⁷ "," ⁸ "," ⁹ ", " ¹⁰ "," ¹¹ "," ¹² " ),"") | D32: Kyzyl | E32: Кызыл | F32: =CHOOSE(Content!$A$1, $D32, $E32)&$C32 -> Kyzyl
C33: =IFERROR(CHOOSE(B33, " ¹ "," ² "," ³ "," ⁴ "," ⁵ "," ⁶ "," ⁷ "," ⁸ "," ⁹ ", " ¹⁰ "," ¹¹ "," ¹² " ),"") | D33: MINING | E33: ДОБЫЧА | F33: =CHOOSE(Content!$A$1, $D33, $E33)&$C33 -> MINING
C34: =IFERROR(CHOOSE(B34, " ¹ "," ² "," ³ "," ⁴ "," ⁵ "," ⁶ "," ⁷ "," ⁸ "," ⁹ ", " ¹⁰ "," ¹¹ "," ¹² " ),"") | D34: Waste mined, Kt | E34: Вскрыша, тыс. тонн | F34: =CHOOSE(Content!$A$1, $D34, $E34)&$C34 -> Waste mined, Kt | H34: 32306.506 | I34: 35144.282 | J34: 38014.782 | K34: 39671.81 | L34: 40861 | M34: 42141.883 | N34: 41650.949 | O34: 41560.285 | P34: 38732.537 | Q34: 42529.087 | R34: 42398.352 | S34: 38238.946 | T34: 33829.526 | U34: 34222.897 | V34: 24540.471 | W34: -0.27458423
C35: =IFERROR(CHOOSE(B35, " ¹ "," ² "," ³ "," ⁴ "," ⁵ "," ⁶ "," ⁷ "," ⁸ "," ⁹ ", " ¹⁰ "," ¹¹ "," ¹² " ),"") | D35: Ore mined (open-pit), Kt | E35: Добыча руды (ОГР), тыс. тонн | F35: =CHOOSE(Content!$A$1, $D35, $E35)&$C35 -> Ore mined (open-pit), Kt | H35: 1032.7425 | I35: 967.25726 | J35: 1041.275 | K35: 999.52783 | L35: 1098 | M35: 1078.739 | N35: 1131.061 | O35: 1091.843 | P35: 1164.89 | Q35: 1261.663 | R35: 1184.98 | S35: 1223.55 | T35: 1240.497 | U35: 1201.553 | V35: 1198.633 | W35: -0.033747764
C36: =IFERROR(CHOOSE(B36, " ¹ "," ² "," ³ "," ⁴ "," ⁵ "," ⁶ "," ⁷ "," ⁸ "," ⁹ ", " ¹⁰ "," ¹¹ "," ¹² " ),"") | D36: Gold grade, g/t | E36: Содержание золота в руде, г/т | F36: =CHOOSE(Content!$A$1, $D36, $E36)&$C36 -> Gold grade, g/t
C37: =IFERROR(CHOOSE(B37, " ¹ "," ² "," ³ "," ⁴ "," ⁵ "," ⁶ "," ⁷ "," ⁸ "," ⁹ ", " ¹⁰ "," ¹¹ "," ¹² " ),"") | D37: PROCESSING | E37: ПЕРЕРАБОТКА | F37: =CHOOSE(Content!$A$1, $D37, $E37)&$C37 -> PROCESSING
C38: =IFERROR(CHOOSE(B38, " ¹ "," ² "," ³ "," ⁴ "," ⁵ "," ⁶ "," ⁷ "," ⁸ "," ⁹ ", " ¹⁰ "," ¹¹ "," ¹² " ),"") | D38: Ore processed, Kt | E38: Переработка руды, тыс. тонн | F38: =CHOOSE(Content!$A$1, $D38, $E38)&$C38 -> Ore processed, Kt | H38: 988.108 | I38: 1011.539 | J38: 1006.167 | K38: 997.56678 | L38: 1132.613 | M38: 1067.387 | N38: 1085.821 | O38: 1114.179 | P38: 1192.878 | Q38: 1249.857 | R38: 1211.516 | S38: 1205.029 | T38: 1229.88 | U38: 1240.019 | V38: 1235.122 | W38: 0.0042622044
C39: =IFERROR(CHOOSE(B39, " ¹ "," ² "," ³ "," ⁴ "," ⁵ "," ⁶ "," ⁷ "," ⁸ "," ⁹ ", " ¹⁰ "," ¹¹ "," ¹² " ),"") | D39: Gold grade, g/t | E39: Содержание золота в руде, г/т | F39: =CHOOSE(Content!$A$1, $D39, $E39)&$C39 -> Gold grade, g/t | H39: 6.7285108 | I39: 7.5294029 | J39: 8.25709 | K39: 7.6025553 | L39: 6.22205 | M39: 6.1878136 | N39: 4.7816365 | O39: 6.1034453 | P39: 5.0757018 | Q39: 4.989592 | R39: 5.3299349 | S39: 4.6477809 | T39: 5.6726267 | U39: 4.1726257 | V39: 5.0805997 | W39: -0.10436559
C40: =IFERROR(CHOOSE(B40, " ¹ "," ² "," ³ "," ⁴ "," ⁵ "," ⁶ "," ⁷ "," ⁸ "," ⁹ ", " ¹⁰ "," ¹¹ "," ¹² " ),"") | D40: Gold recovery | E40: Коэффициент извлечения золота | F40: =CHOOSE(Content!$A$1, $D40, $E40)&$C40 -> Gold recovery | H40: 0.8730195 | I40: 0.88149517 | J40: 0.8722981 | K40: 0.88822401 | L40: 0.894092 | M40: 0.87825115 | N40: 0.88334456 | O40: 0.89299394 | P40: 0.88759144 | Q40: 0.87805979 | R40: 0.88706575 | S40: 0.88482969 | T40: 0.89299066 | U40: 0.88220103 | V40: 0.88731978 | W40: -0.0063504357
C41: =IFERROR(CHOOSE(B41, " ¹ "," ² "," ³ "," ⁴ "," ⁵ "," ⁶ "," ⁷ "," ⁸ "," ⁹ ", " ¹⁰ "," ¹¹ "," ¹² " ),"") | D41: Concentrate produced, Kt | E41: Производство концентрата, тыс. тонн | F41: =CHOOSE(Content!$A$1, $D41, $E41)&$C41 -> Concentrate produced, Kt | H41: 58.285993 | I41: 66.186527 | J41: 72.992691 | K41: 77.630099 | L41: 69.275628 | M41: 58.82615 | N41: 49.322419 | O41: 64.241295 | P41: 61.513458 | Q41: 58.142068 | R41: 61.613448 | S41: 56.506128 | T41: 63.39767 | U41: 49.309673 | V41: 59.699967 | W41: -0.058325535
C42: =IFERROR(CHOOSE(B42, " ¹ "," ² "," ³ "," ⁴ "," ⁵ "," ⁶ "," ⁷ "," ⁸ "," ⁹ ", " ¹⁰ "," ¹¹ "," ¹² " ),"") | D42: Concentrate gold grades, g/t | E42: Содержание золота в концентрате г/т | F42: =CHOOSE(Content!$A$1, $D42, $E42)&$C42 -> Concentrate gold grades, g/t | H42: 100.02847 | I42: 101.55099 | J42: 99.322365 | K42: 87.044348 | L42: 90.903866 | M42: 98.386574 | N42: 93.048676 | O42: 94.496324 | P42: 87.608425 | Q42: 93.998755 | R42: 92.923286 | S42: 87.581162 | T42: 98.228713 | U42: 92.638247 | V42: 93.195406 | W42: -0.051240688
C43: =IFERROR(CHOOSE(B43, " ¹ "," ² "," ³ "," ⁴ "," ⁵ "," ⁶ "," ⁷ "," ⁸ "," ⁹ ", " ¹⁰ "," ¹¹ "," ¹² " ),"") | D43: Gold in concentrate, Koz | E43: Золото в концентрате, тыс. унций | F43: =CHOOSE(Content!$A$1, $D43, $E43)&$C43 -> Gold in concentrate, Koz | H43: 187.44704 | I43: 216.19586 | J43: 233.08652 | K43: 216.6842 | L43: 202.46668 | M43: 185.69311 | N43: 147.55207 | O43: 195.17309 | P43: 173.26337 | Q43: 175.71277 | R43: 184.07331 | S43: 159.10982 | T43: 200.21771 | U43: 146.86327 | V43: 178.87899 | W43: -0.10657758
C44: =IFERROR(CHOOSE(B44, " ¹ "," ² "," ³ "," ⁴ "," ⁵ "," ⁶ "," ⁷ "," ⁸ "," ⁹ ", " ¹⁰ "," ¹¹ "," ¹² " ),"") | D44: Concentrate shipped, Kt | E44: Отгрузка концентрата, тыс. тонн | F44: =CHOOSE(Content!$A$1, $D44, $E44)&$C44 -> Concentrate shipped, Kt | H44: 36.947566 | I44: 30.683568 | J44: 47.265257 | K44: 36.989863 | L44: 48.403202 | M44: 35.488192 | N44: 26.454192 | O44: 40.341768 | P44: 18.465364 | Q44: 30.919398 | R44: 31.41134 | S44: 23.490742 | T44: 8.420931 | U44: 9.333993 | V44: 0 | W44: -100%
C45: =IFERROR(CHOOSE(B45, " ¹ "," ² "," ³ "," ⁴ "," ⁵ "," ⁶ "," ⁷ "," ⁸ "," ⁹ ", " ¹⁰ "," ¹¹ "," ¹² " ),"") | D45: Payable gold shipped, Koz | E45: Отгруженное товарное золото, тыс. унций | F45: =CHOOSE(Content!$A$1, $D45, $E45)&$C45 -> Payable gold shipped, Koz | H45: 91.173934 | I45: 63.865983 | J45: 92.066425 | K45: 67.686155 | L45: 86.107851 | M45: 69.726729 | N45: 48.274483 | O45: 76.477014 | P45: 34.124466 | Q45: 57.996725 | R45: 58.048685 | S45: 44.446889 | T45: 16.195952 | U45: 18.159331 | V45: 0 | W45: -100%
C46: =IFERROR(CHOOSE(B46, " ¹ "," ² "," ³ "," ⁴ "," ⁵ "," ⁶ "," ⁷ "," ⁸ "," ⁹ ", " ¹⁰ "," ¹¹ "," ¹² " ),"") | D46: Toll-processing at third-party POX | E46: Толлинг на стороннем ГМК | F46: =CHOOSE(Content!$A$1, $D46, $E46)&$C46 -> Toll-processing at third-party POX
C47: =IFERROR(CHOOSE(B47, " ¹ "," ² "," ³ "," ⁴ "," ⁵ "," ⁶ "," ⁷ "," ⁸ "," ⁹ ", " ¹⁰ "," ¹¹ "," ¹² " ),"") | D47: Concentrate processed, Kt | E47: Переработка концентрата, тыс. тонн | F47: =CHOOSE(Content!$A$1, $D47, $E47)&$C47 -> Concentrate processed, Kt | H47: 20.06169 | I47: 31.60967 | J47: 28.9674 | K47: 24.43736 | L47: 25.14476 | M47: 29.81733 | N47: 20.532644 | O47: 27.655334 | P47: 27.736855 | Q47: 38.346405 | R47: 34.605515 | S47: 32.381751 | T47: 8.643383 | U47: 73.823084 | V47: 16.300469 | W47: 0.88588993
C48: =IFERROR(CHOOSE(B48, " ¹ "," ² "," ³ "," ⁴ "," ⁵ "," ⁶ "," ⁷ "," ⁸ "," ⁹ ", " ¹⁰ "," ¹¹ "," ¹² " ),"") | D48: Gold grade, g/t | E48: Содержание золота в руде, г/т | F48: =CHOOSE(Content!$A$1, $D48, $E48)&$C48 -> Gold grade, g/t | H48: 124.73173 | I48: 130.1431 | J48: 141.81774 | K48: 143.47955 | L48: 133.89639 | M48: 133.3976 | N48: 132.07975 | O48: 133.15156 | P48: 117.49478 | Q48: 111.52447 | R48: 116.11672 | S48: 107.53167 | T48: 111.45162 | U48: 100.43351 | V48: 114.04768 | W48: 0.023293211
C49: =IFERROR(CHOOSE(B49, " ¹ "," ² "," ³ "," ⁴ "," ⁵ "," ⁶ "," ⁷ "," ⁸ "," ⁹ ", " ¹⁰ "," ¹¹ "," ¹² " ),"") | D49: Gold recovery | E49: Коэффициент извлечения золота | F49: =CHOOSE(Content!$A$1, $D49, $E49)&$C49 -> Gold recovery | H49: 0.9380265 | I49: 0.9153728 | J49: 0.917741 | K49: 0.92246592 | L49: 0.9128444 | M49: 0.93081207 | N49: 0.94394421 | O49: 0.93289869 | P49: 0.92767564 | Q49: 0.92017369 | R49: 0.92848915 | S49: 0.92215636 | T49: 0.89630569 | U49: 0.92382465 | V49: 0.93473359 | W49: 0.04287365
C50: =IFERROR(CHOOSE(B50, " ¹ "," ² "," ³ "," ⁴ "," ⁵ "," ⁶ "," ⁷ "," ⁸ "," ⁹ ", " ¹⁰ "," ¹¹ "," ¹² " ),"") | D50: Gold produced, Koz | E50: Производство золота, тыс. унций | F50: =CHOOSE(Content!$A$1, $D50, $E50)&$C50 -> Gold produced, Koz | H50: 68.288287 | I50: 120.17493 | J50: 120.77608 | K50: 101.04423 | L50: 96.174644 | M50: 107.92452 | N50: 86.506777 | O50: 118.70431 | P50: 93.575049 | Q50: 130.36911 | R50: 110.86957 | S50: 106.40963 | T50: 30.967218 | U50: 168.1667 | V50: 55.867735 | W50: 0.80409281
C51: =IFERROR(CHOOSE(B51, " ¹ "," ² "," ³ "," ⁴ "," ⁵ "," ⁶ "," ⁷ "," ⁸ "," ⁹ ", " ¹⁰ "," ¹¹ "," ¹² " ),"") | D51: TOTAL PRODUCTION | E51: ИТОГО ПРОИЗВОДСТВО | F51: =CHOOSE(Content!$A$1, $D51, $E51)&$C51 -> TOTAL PRODUCTION
C52: =IFERROR(CHOOSE(B52, " ¹ "," ² "," ³ "," ⁴ "," ⁵ "," ⁶ "," ⁷ "," ⁸ "," ⁹ ", " ¹⁰ "," ¹¹ "," ¹² " ),"") | D52: Gold, Koz | E52: Золото, тыс. унций | F52: =CHOOSE(Content!$A$1, $D52, $E52)&$C52 -> Gold, Koz | H52: 159.46222 | I52: 184.02041 | J52: 212.84251 | K52: 168.73038 | L52: 182.2825 | M52: 177.65125 | N52: 134.78126 | O52: 195.18132 | P52: 127.69952 | Q52: 188.36583 | R52: 168.91826 | S52: 150.85652 | T52: 47.16317 | U52: 186.32604 | V52: 121.99188 | W52: 1.5865921
C53: =IFERROR(CHOOSE(B53, " ¹ "," ² "," ³ "," ⁴ "," ⁵ "," ⁶ "," ⁷ "," ⁸ "," ⁹ ", " ¹⁰ "," ¹¹ "," ¹² " ),"") | D53: Varvara | E53: Варваринское | F53: =CHOOSE(Content!$A$1, $D53, $E53)&$C53 -> Varvara
C54: =IFERROR(CHOOSE(B54, " ¹ "," ² "," ³ "," ⁴ "," ⁵ "," ⁶ "," ⁷ "," ⁸ "," ⁹ ", " ¹⁰ "," ¹¹ "," ¹² " ),"") | D54: MINING | E54: ДОБЫЧА | F54: =CHOOSE(Content!$A$1, $D54, $E54)&$C54 -> MINING
C55: =IFERROR(CHOOSE(B55, " ¹ "," ² "," ³ "," ⁴ "," ⁵ "," ⁶ "," ⁷ "," ⁸ "," ⁹ ", " ¹⁰ "," ¹¹ "," ¹² " ),"") | D55: Waste mined, Kt | E55: Вскрыша, тыс. тонн | F55: =CHOOSE(Content!$A$1, $D55, $E55)&$C55 -> Waste mined, Kt | H55: 22719.124 | I55: 22633.759 | J55: 20273.848 | K55: 20344.845 | L55: 19549.394 | M55: 22491.432 | N55: 21298.487 | O55: 21993.053 | P55: 21529.412 | Q55: 19188.34 | R55: 22002.744 | S55: 26321.203 | T55: 26883.825 | U55: 28267.359 | V55: 24786.844 | W55: -0.07800161
C56: =IFERROR(CHOOSE(B56, " ¹ "," ² "," ³ "," ⁴ "," ⁵ "," ⁶ "," ⁷ "," ⁸ "," ⁹ ", " ¹⁰ "," ¹¹ "," ¹² " ),"") | D56: Ore mined (open-pit), Kt | E56: Добыча руды (ОГР), тыс. тонн | F56: =CHOOSE(Content!$A$1, $D56, $E56)&$C56 -> Ore mined (open-pit), Kt | H56: 1938.263 | I56: 2005.128 | J56: 1483.752 | K56: 1328.521 | L56: 1906.491 | M56: 1717.75 | N56: 2069.78 | O56: 1787.473 | P56: 1523.996 | Q56: 1309.695 | R56: 1298.807 | S56: 1493.453 | T56: 1338.526 | U56: 1519.137 | V56: 1569.817 | W56: 0.1727953
C57: =IFERROR(CHOOSE(B57, " ¹ "," ² "," ³ "," ⁴ "," ⁵ "," ⁶ "," ⁷ "," ⁸ "," ⁹ ", " ¹⁰ "," ¹¹ "," ¹² " ),"") | D57: Grades | E57: Содержание металлов в руде | F57: =CHOOSE(Content!$A$1, $D57, $E57)&$C57 -> Grades
C58: =IFERROR(CHOOSE(B58, " ¹ "," ² "," ³ "," ⁴ "," ⁵ "," ⁶ "," ⁷ "," ⁸ "," ⁹ ", " ¹⁰ "," ¹¹ "," ¹² " ),"") | D58: Gold, g/t | E58: Золото, г/т | F58: =CHOOSE(Content!$A$1, $D58, $E58)&$C58 -> Gold, g/t
C59: =IFERROR(CHOOSE(B59, " ¹ "," ² "," ³ "," ⁴ "," ⁵ "," ⁶ "," ⁷ "," ⁸ "," ⁹ ", " ¹⁰ "," ¹¹ "," ¹² " ),"") | D59: PROCESSING | E59: ПЕРЕРАБОТКА | F59: =CHOOSE(Content!$A$1, $D59, $E59)&$C59 -> PROCESSING
C60: =IFERROR(CHOOSE(B60, " ¹ "," ² "," ³ "," ⁴ "," ⁵ "," ⁶ "," ⁷ "," ⁸ "," ⁹ ", " ¹⁰ "," ¹¹ "," ¹² " ),"") | D60: Flotation | E60: Флотация | F60: =CHOOSE(Content!$A$1, $D60, $E60)&$C60 -> Flotation
C61: =IFERROR(CHOOSE(B61, " ¹ "," ² "," ³ "," ⁴ "," ⁵ "," ⁶ "," ⁷ "," ⁸ "," ⁹ ", " ¹⁰ "," ¹¹ "," ¹² " ),"") | D61: Ore processed, Kt | E61: Переработка руды, тыс. тонн | F61: =CHOOSE(Content!$A$1, $D61, $E61)&$C61 -> Ore processed, Kt | H61: 276.727 | I61: 282.713 | J61: 316.574 | K61: 343.047 | L61: 375.371 | M61: 320.97808 | N61: 370.70566 | O61: 381.51838 | P61: 376.361 | Q61: 385.754 | R61: 394.71952 | S61: 382.16771 | T61: 398.04 | U61: 258.537 | V61: 223.273 | W61: -0.43906894
C62: =IFERROR(CHOOSE(B62, " ¹ "," ² "," ³ "," ⁴ "," ⁵ "," ⁶ "," ⁷ "," ⁸ "," ⁹ ", " ¹⁰ "," ¹¹ "," ¹² " ),"") | D62: Grades | E62: Содержание металлов в руде | F62: =CHOOSE(Content!$A$1, $D62, $E62)&$C62 -> Grades
C63: =IFERROR(CHOOSE(B63, " ¹ "," ² "," ³ "," ⁴ "," ⁵ "," ⁶ "," ⁷ "," ⁸ "," ⁹ ", " ¹⁰ "," ¹¹ "," ¹² " ),"") | D63: Gold, g/t | E63: Золото, г/т | F63: =CHOOSE(Content!$A$1, $D63, $E63)&$C63 -> Gold, g/t | H63: 1.1024132 | I63: 1.825823 | J63: 2.8104232 | K63: 2.9153591 | L63: 2.69 | M63: 2.5985611 | N63: 2.7970673 | O63: 2.6684798 | P63: 2.2402884 | Q63: 2.3635568 | R63: 2.3801914 | S63: 2.2591971 | T63: 1.840246 | U63: 2.2765902 | V63: 2.3876913 | W63: 0.29748488
C64: =IFERROR(CHOOSE(B64, " ¹ "," ² "," ³ "," ⁴ "," ⁵ "," ⁶ "," ⁷ "," ⁸ "," ⁹ ", " ¹⁰ "," ¹¹ "," ¹² " ),"") | D64: Copper | E64: Медь | F64: =CHOOSE(Content!$A$1, $D64, $E64)&$C64 -> Copper | H64: 0.0054834571 | I64: 0.0042831353 | J64: 0.0033251747 | K64: 0.0033195449 | L64: 0.0031115575 | M64: 0.0033253329 | N64: 0.0028923657 | O64: 0.0051488796 | P64: 0.0032178029 | Q64: 0.0034646909 | R64: 0.0030015587 | S64: 0.0027592237 | T64: 0.002734627 | U64: 0.0024379764 | V64: 0.012196072 | W64: 3.459867
C65: =IFERROR(CHOOSE(B65, " ¹ "," ² "," ³ "," ⁴ "," ⁵ "," ⁶ "," ⁷ "," ⁸ "," ⁹ ", " ¹⁰ "," ¹¹ "," ¹² " ),"") | D65: Technological recovery | E65: Коэффициент извлечения | F65: =CHOOSE(Content!$A$1, $D65, $E65)&$C65 -> Technological recovery
C66: =IFERROR(CHOOSE(B66, " ¹ "," ² "," ³ "," ⁴ "," ⁵ "," ⁶ "," ⁷ "," ⁸ "," ⁹ ", " ¹⁰ "," ¹¹ "," ¹² " ),"") | D66: Gold | E66: Золото | F66: =CHOOSE(Content!$A$1, $D66, $E66)&$C66 -> Gold | H66: 0.837 | I66: 0.73857042 | J66: 0.86459986 | K66: 0.86197434 | L66: 0.84261372 | M66: 0.86740181 | N66: 0.89027424 | O66: 0.86398169 | P66: 0.86601418 | Q66: 0.87277802 | R66: 0.88989412 | S66: 0.88819356 | T66: 0.87471879 | U66: 0.90400369 | V66: 0.90039389 | W66: 0.029352404
C67: =IFERROR(CHOOSE(B67, " ¹ "," ² "," ³ "," ⁴ "," ⁵ "," ⁶ "," ⁷ "," ⁸ "," ⁹ ", " ¹⁰ "," ¹¹ "," ¹² " ),"") | D67: Copper | E67: Медь | F67: =CHOOSE(Content!$A$1, $D67, $E67)&$C67 -> Copper | H67: 0.914 | I67: 0.8902026 | J67: 0.84855783 | K67: 0.84204999 | L67: 0.8490544 | M67: 0.85088081 | N67: 0.8588136 | O67: 0.86044242 | P67: 0.84185656 | Q67: 0.83371826 | R67: 0.86376511 | S67: 0.83376463 | T67: 0.8421032 | U67: 0.83624383 | V67: 0.83980271 | W67: -0.0027318402
C68: =IFERROR(CHOOSE(B68, " ¹ "," ² "," ³ "," ⁴ "," ⁵ "," ⁶ "," ⁷ "," ⁸ "," ⁹ ", " ¹⁰ "," ¹¹ "," ¹² " ),"") | D68: Production | E68: Производство | F68: =CHOOSE(Content!$A$1, $D68, $E68)&$C68 -> Production
C69: =IFERROR(CHOOSE(B69, " ¹ "," ² "," ³ "," ⁴ "," ⁵ "," ⁶ "," ⁷ "," ⁸ "," ⁹ ", " ¹⁰ "," ¹¹ "," ¹² " ),"") | D69: Gold (in concentrate), Koz | E69: Золото (в концентрате), тыс. унций | F69: =CHOOSE(Content!$A$1, $D69, $E69)&$C69 -> Gold (in concentrate), Koz | H69: 4.4698402 | I69: 8.8335226 | J69: 17.509059 | K69: 20.304568 | L69: 25.782102 | M69: 18.308427 | N69: 22.216846 | O69: 18.785613 | P69: 19.212161 | Q69: 20.388056 | R69: 20.419755 | S69: 20.219498 | T69: 16.114775 | U69: 14.112408 | V69: 12.123328 | W69: -0.24768868
C70: =IFERROR(CHOOSE(B70, " ¹ "," ² "," ³ "," ⁴ "," ⁵ "," ⁶ "," ⁷ "," ⁸ "," ⁹ ", " ¹⁰ "," ¹¹ "," ¹² " ),"") | D70: Copper (in concentrate), t | E70: Медь ( в концентрате), тонн | F70: =CHOOSE(Content!$A$1, $D70, $E70)&$C70 -> Copper (in concentrate), t | H70: 1264.4378 | I70: 1021.2633 | J70: 784.85805 | K70: 759.50408 | L70: 1140.6256 | M70: 760.69779 | N70: 815.7462 | O70: 848.24513 | P70: 1084.8454 | Q70: 1077.9821 | R70: 935.58655 | S70: 903.43244 | T70: 861.09261 | U70: 502.26173 | V70: 392.63668 | W70: -0.54402503
C71: =IFERROR(CHOOSE(B71, " ¹ "," ² "," ³ "," ⁴ "," ⁵ "," ⁶ "," ⁷ "," ⁸ "," ⁹ ", " ¹⁰ "," ¹¹ "," ¹² " ),"") | D71: Gold (in Dore), Koz | E71: Золото (в Доре), тыс. унций | F71: =CHOOSE(Content!$A$1, $D71, $E71)&$C71 -> Gold (in Dore), Koz | H71: 0 | I71: 0 | J71: 0 | K71: 0 | L71: 0 | M71: 0 | N71: 0 | O71: 0 | P71: 0 | Q71: 0 | R71: 0 | S71: 0 | T71: 0 | U71: 0 | V71: 0 | W71: N/A
C72: =IFERROR(CHOOSE(B72, " ¹ "," ² "," ³ "," ⁴ "," ⁵ "," ⁶ "," ⁷ "," ⁸ "," ⁹ ", " ¹⁰ "," ¹¹ "," ¹² " ),"") | D72: Leaching | E72: Цианирование | F72: =CHOOSE(Content!$A$1, $D72, $E72)&$C72 -> Leaching
C73: =IFERROR(CHOOSE(B73, " ¹ "," ² "," ³ "," ⁴ "," ⁵ "," ⁶ "," ⁷ "," ⁸ "," ⁹ ", " ¹⁰ "," ¹¹ "," ¹² " ),"") | D73: Ore processed, Kt | E73: Переработка руды, тыс. тонн | F73: =CHOOSE(Content!$A$1, $D73, $E73)&$C73 -> Ore processed, Kt | H73: 1535.488 | I73: 1455.632 | J73: 1529.7819 | K73: 1525.7471 | L73: 1557.8757 | M73: 1625.2087 | N73: 1598.0289 | O73: 1601.0917 | P73: 1545.6555 | Q73: 1590.5938 | R73: 1539.265 | S73: 1639.7881 | T73: 1588.4212 | U73: 1807.091 | V73: 1760.105 | W73: 0.10808458
C74: =IFERROR(CHOOSE(B74, " ¹ "," ² "," ³ "," ⁴ "," ⁵ "," ⁶ "," ⁷ "," ⁸ "," ⁹ ", " ¹⁰ "," ¹¹ "," ¹² " ),"") | D74: Gold grade, g/t | E74: Содержание золота в руде, г/т | F74: =CHOOSE(Content!$A$1, $D74, $E74)&$C74 -> Gold grade, g/t | H74: 1.43982 | I74: 1.4699341 | J74: 1.47621 | K74: 1.3879456 | L74: 1.65808 | M74: 1.4951089 | N74: 1.6519646 | O74: 1.5448299 | P74: 1.4185615 | Q74: 1.3179194 | R74: 1.3624339 | S74: 1.0845572 | T74: 1.2059365 | U74: 1.3291201 | V74: 1.4334703 | W74: 0.18867805
C75: =IFERROR(CHOOSE(B75, " ¹ "," ² "," ³ "," ⁴ "," ⁵ "," ⁶ "," ⁷ "," ⁸ "," ⁹ ", " ¹⁰ "," ¹¹ "," ¹² " ),"") | D75: Technological recovery | E75: Коэффициент извлечения | F75: =CHOOSE(Content!$A$1, $D75, $E75)&$C75 -> Technological recovery | H75: 0.8650358 | I75: 0.87032814 | J75: 0.8806087 | K75: 0.87749793 | L75: 0.882114 | M75: 0.89651886 | N75: 0.90338125 | O75: 0.89378438 | P75: 0.89030045 | Q75: 0.88397187 | R75: 0.89736656 | S75: 0.89104794 | T75: 0.89882567 | U75: 0.90070541 | V75: 0.90212662 | W75: 0.0036725172
C76: =IFERROR(CHOOSE(B76, " ¹ "," ² "," ³ "," ⁴ "," ⁵ "," ⁶ "," ⁷ "," ⁸ "," ⁹ ", " ¹⁰ "," ¹¹ "," ¹² " ),"") | D76: Gold (in Dore), Koz | E76: Золото (в Доре), тыс. унций | F76: =CHOOSE(Content!$A$1, $D76, $E76)&$C76 -> Gold (in Dore), Koz | H76: 65.464583 | I76: 57.948199 | J76: 66.827726 | K76: 53.906066 | L76: 84.407185 | M76: 68.707302 | N76: 86.633674 | O76: 83.006602 | P76: 66.318291 | Q76: 63.138334 | R76: 62.497642 | S76: 66.380167 | T76: 59.504278 | U76: 70.598793 | V76: 76.239615 | W76: 0.28124595
C77: =IFERROR(CHOOSE(B77, " ¹ "," ² "," ³ "," ⁴ "," ⁵ "," ⁶ "," ⁷ "," ⁸ "," ⁹ ", " ¹⁰ "," ¹¹ "," ¹² " ),"") | D77: TOTAL PRODUCTION | E77: ИТОГО ПРОИЗВОДСТВО | F77: =CHOOSE(Content!$A$1, $D77, $E77)&$C77 -> TOTAL PRODUCTION
C78: =IFERROR(CHOOSE(B78, " ¹ "," ² "," ³ "," ⁴ "," ⁵ "," ⁶ "," ⁷ "," ⁸ "," ⁹ ", " ¹⁰ "," ¹¹ "," ¹² " ),"") | D78: Gold, Koz | E78: Золото, тыс. унций | F78: =CHOOSE(Content!$A$1, $D78, $E78)&$C78 -> Gold, Koz | H78: 69.934423 | I78: 66.781722 | J78: 84.336785 | K78: 74.210635 | L78: 110.18929 | M78: 87.015728 | N78: 108.85052 | O78: 101.79222 | P78: 85.530452 | Q78: 83.52639 | R78: 82.917398 | S78: 86.599665 | T78: 75.619053 | U78: 84.711201 | V78: 88.362943 | W78: 0.1685275
C79: =IFERROR(CHOOSE(B79, " ¹ "," ² "," ³ "," ⁴ "," ⁵ "," ⁶ "," ⁷ "," ⁸ "," ⁹ ", " ¹⁰ "," ¹¹ "," ¹² " ),"") | D79: Copper, t | E79: Медь, тонн | F79: =CHOOSE(Content!$A$1, $D79, $E79)&$C79 -> Copper, t | H79: 1264.4378 | I79: 1021.2633 | J79: 784.85805 | K79: 759.50408 | L79: 1140.6256 | M79: 760.69779 | N79: 815.7462 | O79: 848.24513 | P79: 1084.8454 | Q79: 1077.9821 | R79: 935.58655 | S79: 903.43244 | T79: 861.09261 | U79: 502.26173 | V79: 392.63668 | W79: -0.54402503
C80: =IFERROR(CHOOSE(B80, " ¹ "," ² "," ³ "," ⁴ "," ⁵ "," ⁶ "," ⁷ "," ⁸ "," ⁹ ", " ¹⁰ "," ¹¹ "," ¹² " ),"") | D80: Silver, Moz | E80: Серебро, млн унций | F80: =CHOOSE(Content!$A$1, $D80, $E80)&$C80 -> Silver, Moz | H80: 0.015718702 | I80: 0.015718702 | J80: 0.017531329 | K80: 0.015356457 | L80: 0.014902316 | M80: 0.016931042 | N80: 0.019315951 | O80: 0.01625852 | P80: 0.019232443 | Q80: 0.023462038 | R80: 0.0095655919 | S80: 0.0091897886 | T80: 0.006765058 | U80: 0.0078591337 | V80: 0.0069104269 | W80: 0.021488195

Sheet Reserves and Resources
C1: =IFERROR(CHOOSE(B1, " ¹ "," ² "," ³ "," ⁴ "," ⁵ "," ⁶ "," ⁷ "," ⁸ "," ⁹ ", " ¹⁰ "," ¹¹ "," ¹² " ),"") | D1: Summary Reserves and Resources | E1: Суммарная таблица Минеральных Ресурсов и Рудных Запасов | F1: =CHOOSE(Content!$A$1, $D1, $E1)&$C1 -> Summary Reserves and Resources
C2: =IFERROR(CHOOSE(B2, " ¹ "," ² "," ³ "," ⁴ "," ⁵ "," ⁶ "," ⁷ "," ⁸ "," ⁹ ", " ¹⁰ "," ¹¹ "," ¹² " ),"") | D2: as at 1 January 2026 | E2: данные на 1 января 2026 г. | F2: =CHOOSE(Content!$A$1, $D2, $E2)&$C2 -> as at 1 January 2026
C3: =IFERROR(CHOOSE(B3, " ¹ "," ² "," ³ "," ⁴ "," ⁵ "," ⁶ "," ⁷ "," ⁸ "," ⁹ ", " ¹⁰ "," ¹¹ "," ¹² " ),"") | D3: ="" | E3: ="" | F3: =CHOOSE(Content!$A$1, $D3, $E3)&$C3 | H3: =CHOOSE(Content!$A$1,$D132,$E132) -> Tonnage, Kt | I3: =CHOOSE(Content!$A$1,$D133,$E133) -> GE grade, g/t | J3: =CHOOSE(Content!$A$1,$D134,$E134) -> Gold, Koz | K3: =CHOOSE(Content!$A$1,$D135,$E135) -> Copper, Kt | L3: =CHOOSE(Content!$A$1,$D136,$E136) -> GE, Koz
C4: =IFERROR(CHOOSE(B4, " ¹ "," ² "," ³ "," ⁴ "," ⁵ "," ⁶ "," ⁷ "," ⁸ "," ⁹ ", " ¹⁰ "," ¹¹ "," ¹² " ),"") | D4: Summary | E4: Сведения о запасах и ресурсах | F4: =CHOOSE(Content!$A$1, $D4, $E4)&$C4 -> Summary
C5: =IFERROR(CHOOSE(B5, " ¹ "," ² "," ³ "," ⁴ "," ⁵ "," ⁶ "," ⁷ "," ⁸ "," ⁹ ", " ¹⁰ "," ¹¹ "," ¹² " ),"") | D5: Ore Reserves | E5: Рудные запасы | F5: =CHOOSE(Content!$A$1, $D5, $E5)&$C5 -> Ore Reserves
C6: =IFERROR(CHOOSE(B6, " ¹ "," ² "," ³ "," ⁴ "," ⁵ "," ⁶ "," ⁷ "," ⁸ "," ⁹ ", " ¹⁰ "," ¹¹ "," ¹² " ),"") | D6: Proved | E6: Доказанные | F6: =CHOOSE(Content!$A$1, $D6, $E6)&$C6 -> Proved | H6: 28780 | I6: 1.4972896 | J6: 1361.2382 | K6: 27.237639 | L6: 1385.4388
C7: =IFERROR(CHOOSE(B7, " ¹ "," ² "," ³ "," ⁴ "," ⁵ "," ⁶ "," ⁷ "," ⁸ "," ⁹ ", " ¹⁰ "," ¹¹ "," ¹² " ),"") | D7: Probable | E7: Вероятные | F7: =CHOOSE(Content!$A$1, $D7, $E7)&$C7 -> Probable | H7: 93600 | I7: 3.4912218 | J7: 10435.607 | K7: 20.211521 | L7: 10506.16
C8: =IFERROR(CHOOSE(B8, " ¹ "," ² "," ³ "," ⁴ "," ⁵ "," ⁶ "," ⁷ "," ⁸ "," ⁹ ", " ¹⁰ "," ¹¹ "," ¹² " ),"") | D8: Proved + Probable | E8: Доказанные + Вероятные | F8: =CHOOSE(Content!$A$1, $D8, $E8)&$C8 -> Proved + Probable | H8: 122380 | I8: 3.0223105 | J8: 11796.845 | K8: 47.44916 | L8: 11891.599
C9: =IFERROR(CHOOSE(B9, " ¹ "," ² "," ³ "," ⁴ "," ⁵ "," ⁶ "," ⁷ "," ⁸ "," ⁹ ", " ¹⁰ "," ¹¹ "," ¹² " ),"") | D9: Mineral Resources | E9: Минеральные ресурсы | F9: =CHOOSE(Content!$A$1, $D9, $E9)&$C9 -> Mineral Resources
C10: =IFERROR(CHOOSE(B10, " ¹ "," ² "," ³ "," ⁴ "," ⁵ "," ⁶ "," ⁷ "," ⁸ "," ⁹ ", " ¹⁰ "," ¹¹ "," ¹² " ),"") | D10: Measured | E10: Оцененные | F10: =CHOOSE(Content!$A$1, $D10, $E10)&$C10 -> Measured | H10: 6030 | I10: 1.2180265 | J10: 236.3654 | K10: 3.3408876 | L10: 236.1374
C11: =IFERROR(CHOOSE(B11, " ¹ "," ² "," ³ "," ⁴ "," ⁵ "," ⁶ "," ⁷ "," ⁸ "," ⁹ ", " ¹⁰ "," ¹¹ "," ¹² " ),"") | D11: Indicated | E11: Выявленные | F11: =CHOOSE(Content!$A$1, $D11, $E11)&$C11 -> Indicated | H11: 22950 | I11: 2.0264279 | J11: 1495.2183 | K11: 5.8593908 | L11: 1495.2183
C12: =IFERROR(CHOOSE(B12, " ¹ "," ² "," ³ "," ⁴ "," ⁵ "," ⁶ "," ⁷ "," ⁸ "," ⁹ ", " ¹⁰ "," ¹¹ "," ¹² " ),"") | D12: Measured + Indicated | E12: Оцененные + Выявленные | F12: =CHOOSE(Content!$A$1, $D12, $E12)&$C12 -> Measured + Indicated | H12: 28980 | I12: 1.8584649 | J12: 1731.5837 | K12: 9.2002784 | L12: 1731.5837
C13: =IFERROR(CHOOSE(B13, " ¹ "," ² "," ³ "," ⁴ "," ⁵ "," ⁶ "," ⁷ "," ⁸ "," ⁹ ", " ¹⁰ "," ¹¹ "," ¹² " ),"") | D13: Inferred | E13: Предполагаемые | F13: =CHOOSE(Content!$A$1, $D13, $E13)&$C13 -> Inferred | H13: 16100 | I13: 3.9435344 | J13: 2037.9866 | K13: 3.8460735 | L13: 2041.2784
C14: =IFERROR(CHOOSE(B14, " ¹ "," ² "," ³ "," ⁴ "," ⁵ "," ⁶ "," ⁷ "," ⁸ "," ⁹ ", " ¹⁰ "," ¹¹ "," ¹² " ),"") | D14: Measured + Indicated + Inferred | E14: Оцененные + Выявленные + Предполагаемые | F14: =CHOOSE(Content!$A$1, $D14, $E14)&$C14 -> Measured + Indicated + Inferred | H14: 45080 | I14: 2.6031326 | J14: 3769.5703 | K14: 13.046352 | L14: 3772.8621
C15: =IFERROR(CHOOSE(B15, " ¹ "," ² "," ³ "," ⁴ "," ⁵ "," ⁶ "," ⁷ "," ⁸ "," ⁹ ", " ¹⁰ "," ¹¹ "," ¹² " ),"") | D15: Ore Reserves reconciliation, GE Moz | E15: Изменения Рудных Запасов, млн унций золотого эквивалента | F15: =CHOOSE(Content!$A$1, $D15, $E15)&$C15 -> Ore Reserves reconciliation, GE Moz
C16: =IFERROR(CHOOSE(B16, " ¹ "," ² "," ³ "," ⁴ "," ⁵ "," ⁶ "," ⁷ "," ⁸ "," ⁹ ", " ¹⁰ "," ¹¹ "," ¹² " ),"") | D16: Ore Reserves, as at 1 January 2025 | E16: Рудные Запасы на 1 января 2025 г. | F16: =CHOOSE(Content!$A$1, $D16, $E16)&$C16 -> Ore Reserves, as at 1 January 2025 | H16: 12.1
C17: =IFERROR(CHOOSE(B17, " ¹ "," ² "," ³ "," ⁴ "," ⁵ "," ⁶ "," ⁷ "," ⁸ "," ⁹ ", " ¹⁰ "," ¹¹ "," ¹² " ),"") | D17: Depletion | E17: Истощение | F17: =CHOOSE(Content!$A$1, $D17, $E17)&$C17 -> Depletion | H17: -0.5
C18: =IFERROR(CHOOSE(B18, " ¹ "," ² "," ³ "," ⁴ "," ⁵ "," ⁶ "," ⁷ "," ⁸ "," ⁹ ", " ¹⁰ "," ¹¹ "," ¹² " ),"") | D18: Revaluation | E18: Переоценка | F18: =CHOOSE(Content!$A$1, $D18, $E18)&$C18 -> Revaluation | H18: 0.3
C19: =IFERROR(CHOOSE(B19, " ¹ "," ² "," ³ "," ⁴ "," ⁵ "," ⁶ "," ⁷ "," ⁸ "," ⁹ ", " ¹⁰ "," ¹¹ "," ¹² " ),"") | D19: Ore Reserves, as at 1 January 2026 | E19: Рудные Запасы на 1 января 2026 г. | F19: =CHOOSE(Content!$A$1, $D19, $E19)&$C19 -> Ore Reserves, as at 1 January 2026 | H19: 11.9
C20: =IFERROR(CHOOSE(B20, " ¹ "," ² "," ³ "," ⁴ "," ⁵ "," ⁶ "," ⁷ "," ⁸ "," ⁹ ", " ¹⁰ "," ¹¹ "," ¹² " ),"") | D20: Mineral Resources and Ore Reserves breakdown by metal | E20: Структура Минеральных ресурсов и Рудных запасов в разбивке по металлам | F20: =CHOOSE(Content!$A$1, $D20, $E20)&$C20 -> Mineral Resources and Ore Reserves breakdown by metal
C21: =IFERROR(CHOOSE(B21, " ¹ "," ² "," ³ "," ⁴ "," ⁵ "," ⁶ "," ⁷ "," ⁸ "," ⁹ ", " ¹⁰ "," ¹¹ "," ¹² " ),"") | D21: GE | E21: В золотом эквиваленте | F21: =CHOOSE(Content!$A$1, $D21, $E21)&$C21 -> GE | H21: =CHOOSE(Content!$A$1,$D137,$E137) -> Ore Reserves | I21: =CHOOSE(Content!$A$1,$D138,$E138) -> Mineral Resources
C22: =IFERROR(CHOOSE(B22, " ¹ "," ² "," ³ "," ⁴ "," ⁵ "," ⁶ "," ⁷ "," ⁸ "," ⁹ ", " ¹⁰ "," ¹¹ "," ¹² " ),"") | D22: Gold | E22: Золото | F22: =CHOOSE(Content!$A$1, $D22, $E22)&$C22 -> Gold | H22: 0.98929777 | I22: 0.98990773
C23: =IFERROR(CHOOSE(B23, " ¹ "," ² "," ³ "," ⁴ "," ⁵ "," ⁶ "," ⁷ "," ⁸ "," ⁹ ", " ¹⁰ "," ¹¹ "," ¹² " ),"") | D23: Base metals | E23: Цветные металлы | F23: =CHOOSE(Content!$A$1, $D23, $E23)&$C23 -> Base metals | H23: 0.010702231 | I23: 0.010092272
C24: =IFERROR(CHOOSE(B24, " ¹ "," ² "," ³ "," ⁴ "," ⁵ "," ⁶ "," ⁷ "," ⁸ "," ⁹ ", " ¹⁰ "," ¹¹ "," ¹² " ),"") | D24: Total | E24: Итого | F24: =CHOOSE(Content!$A$1, $D24, $E24)&$C24 -> Total | H24: 1 | I24: 1
B25: 1 | C25: =IFERROR(CHOOSE(B25, " ¹ "," ² "," ³ "," ⁴ "," ⁵ "," ⁶ "," ⁷ "," ⁸ "," ⁹ ", " ¹⁰ "," ¹¹ "," ¹² " ),"") -> ¹ | D25: Ore Reserves | E25: Рудные запасы | F25: =CHOOSE(Content!$A$1, $D25, $E25)&$C25 -> Ore Reserves ¹
C26: =IFERROR(CHOOSE(B26, " ¹ "," ² "," ³ "," ⁴ "," ⁵ "," ⁶ "," ⁷ "," ⁸ "," ⁹ ", " ¹⁰ "," ¹¹ "," ¹² " ),"") | D26: ="" | E26: ="" | F26: =CHOOSE(Content!$A$1, $D26, $E26)&$C26 | H26: =CHOOSE(Content!$A$1,$D132,$E132) -> Tonnage, Kt | I26: =CHOOSE(Content!$A$1,$D139,$E139) -> Gold grade, g/t | J26: =CHOOSE(Content!$A$1,$D141,$E141) -> Copper grade, % | K26: =CHOOSE(Content!$A$1,$D133,$E133) -> GE grade, g/t | L26: =CHOOSE(Content!$A$1,$D134,$E134) -> Gold, Koz | M26: =CHOOSE(Content!$A$1,$D135,$E135) -> Copper, Kt | N26: =CHOOSE(Content!$A$1,$D136,$E136) -> GE, Koz
C27: =IFERROR(CHOOSE(B27, " ¹ "," ² "," ³ "," ⁴ "," ⁵ "," ⁶ "," ⁷ "," ⁸ "," ⁹ ", " ¹⁰ "," ¹¹ "," ¹² " ),"") | D27: Proved | E27: Доказанные | F27: =CHOOSE(Content!$A$1, $D27, $E27)&$C27 -> Proved
C28: =IFERROR(CHOOSE(B28, " ¹ "," ² "," ³ "," ⁴ "," ⁵ "," ⁶ "," ⁷ "," ⁸ "," ⁹ ", " ¹⁰ "," ¹¹ "," ¹² " ),"") | D28: Stand-alone mines | E28: Самостоятельные месторождения | F28: =CHOOSE(Content!$A$1, $D28, $E28)&$C28 -> Stand-alone mines | H28: 3340 | K28: 6.1164911 | L28: 656.80969 | M28: 0 | N28: 656.80969
C29: =IFERROR(CHOOSE(B29, " ¹ "," ² "," ³ "," ⁴ "," ⁵ "," ⁶ "," ⁷ "," ⁸ "," ⁹ ", " ¹⁰ "," ¹¹ "," ¹² " ),"") | D29: Kyzyl | E29: Кызыл | F29: =CHOOSE(Content!$A$1, $D29, $E29)&$C29 -> Kyzyl | H29: 3340 | I29: 6.1228827 | J29: 0 | K29: 6.1228827 | L29: 656.80969 | M29: 0 | N29: 656.80969
C30: =IFERROR(CHOOSE(B30, " ¹ "," ² "," ³ "," ⁴ "," ⁵ "," ⁶ "," ⁷ "," ⁸ "," ⁹ ", " ¹⁰ "," ¹¹ "," ¹² " ),"") | D30: Varvara operations | E30: Варваринский Хаб | F30: =CHOOSE(Content!$A$1, $D30, $E30)&$C30 -> Varvara operations | H30: 25440 | K30: 0.89083788 | L30: 704.42849 | M30: 27.237639 | N30: 728.62912
B31: 2 | C31: =IFERROR(CHOOSE(B31, " ¹ "," ² "," ³ "," ⁴ "," ⁵ "," ⁶ "," ⁷ "," ⁸ "," ⁹ ", " ¹⁰ "," ¹¹ "," ¹² " ),"") -> ² | D31: Varvara | E31: Варваринское | F31: =CHOOSE(Content!$A$1, $D31, $E31)&$C31 -> Varvara ² | H31: 16150 | I31: 0.65037826 | J31: 0.42474512 | K31: 0.69698404 | L31: 337.71689 | M31: 27.237639 | N31: 361.91752
C32: =IFERROR(CHOOSE(B32, " ¹ "," ² "," ³ "," ⁴ "," ⁵ "," ⁶ "," ⁷ "," ⁸ "," ⁹ ", " ¹⁰ "," ¹¹ "," ¹² " ),"") | D32: High-grade ore | E32: руда с высокими содержаниями | F32: =CHOOSE(Content!$A$1, $D32, $E32)&$C32 -> High-grade ore | H32: 6410 | I32: 0.74528463 | J32: 0.42492416 | K32: 0.8627143 | L32: 153.59283 | M32: 27.237639 | N32: 177.79345
C33: =IFERROR(CHOOSE(B33, " ¹ "," ² "," ³ "," ⁴ "," ⁵ "," ⁶ "," ⁷ "," ⁸ "," ⁹ ", " ¹⁰ "," ¹¹ "," ¹² " ),"") | D33: Low-grade ore | E33: руда с низкими содержаниями | F33: =CHOOSE(Content!$A$1, $D33, $E33)&$C33 -> Low-grade ore | H33: 9740 | I33: 0.58797771 | J33: 0 | K33: 0.58797771 | L33: 184.12407 | M33: 0 | N33: 184.12407
C34: =IFERROR(CHOOSE(B34, " ¹ "," ² "," ³ "," ⁴ "," ⁵ "," ⁶ "," ⁷ "," ⁸ "," ⁹ ", " ¹⁰ "," ¹¹ "," ¹² " ),"") | D34: Komar | E34: Комаровское | F34: =CHOOSE(Content!$A$1, $D34, $E34)&$C34 -> Komar | H34: 5230 | I34: 1.3792051 | J34: 0 | K34: 1.3792051 | L34: 231.93308 | M34: 0 | N34: 231.93308
C35: =IFERROR(CHOOSE(B35, " ¹ "," ² "," ³ "," ⁴ "," ⁵ "," ⁶ "," ⁷ "," ⁸ "," ⁹ ", " ¹⁰ "," ¹¹ "," ¹² " ),"") | D35: Elevator | E35: Элеваторное | F35: =CHOOSE(Content!$A$1, $D35, $E35)&$C35 -> Elevator | H35: 4060 | I35: 1.0316358 | J35: 0 | K35: 1.0316358 | L35: 134.77851 | M35: 0 | N35: 134.77851
B36: 3 | C36: =IFERROR(CHOOSE(B36, " ¹ "," ² "," ³ "," ⁴ "," ⁵ "," ⁶ "," ⁷ "," ⁸ "," ⁹ ", " ¹⁰ "," ¹¹ "," ¹² " ),"") -> ³ | D36: Baksy | E36: Баксы | F36: =CHOOSE(Content!$A$1, $D36, $E36)&$C36 -> Baksy ³ | H36: 0 | I36: 0 | J36: 0 | K36: 0 | L36: 0 | M36: 0 | N36: 0
C37: =IFERROR(CHOOSE(B37, " ¹ "," ² "," ³ "," ⁴ "," ⁵ "," ⁶ "," ⁷ "," ⁸ "," ⁹ ", " ¹⁰ "," ¹¹ "," ¹² " ),"") | D37: Total Proved | E37: Всего Доказанные | F37: =CHOOSE(Content!$A$1, $D37, $E37)&$C37 -> Total Proved | H37: 28780 | K37: 1.4972896 | L37: 1361.2382 | M37: 27.237639 | N37: 1385.4388
C38: =IFERROR(CHOOSE(B38, " ¹ "," ² "," ³ "," ⁴ "," ⁵ "," ⁶ "," ⁷ "," ⁸ "," ⁹ ", " ¹⁰ "," ¹¹ "," ¹² " ),"") | D38: Probable | E38: Вероятные | F38: =CHOOSE(Content!$A$1, $D38, $E38)&$C38 -> Probable
C39: =IFERROR(CHOOSE(B39, " ¹ "," ² "," ³ "," ⁴ "," ⁵ "," ⁶ "," ⁷ "," ⁸ "," ⁹ ", " ¹⁰ "," ¹¹ "," ¹² " ),"") | D39: Stand-alone mines | E39: Самостоятельные месторождения | F39: =CHOOSE(Content!$A$1, $D39, $E39)&$C39 -> Stand-alone mines | H39: 56160 | K39: 4.981015 | L39: 8993.6438 | M39: 0 | N39: 8993.6438
C40: =IFERROR(CHOOSE(B40, " ¹ "," ² "," ³ "," ⁴ "," ⁵ "," ⁶ "," ⁷ "," ⁸ "," ⁹ ", " ¹⁰ "," ¹¹ "," ¹² " ),"") | D40: Kyzyl | E40: Кызыл | F40: =CHOOSE(Content!$A$1, $D40, $E40)&$C40 -> Kyzyl | H40: 56160 | I40: 4.9798957 | J40: 0 | K40: 4.9798957 | L40: 8993.6438 | M40: 0 | N40: 8993.6438
C41: =IFERROR(CHOOSE(B41, " ¹ "," ² "," ³ "," ⁴ "," ⁵ "," ⁶ "," ⁷ "," ⁸ "," ⁹ ", " ¹⁰ "," ¹¹ "," ¹² " ),"") | D41: Varvara operations | E41: Варваринский Хаб | F41: =CHOOSE(Content!$A$1, $D41, $E41)&$C41 -> Varvara operations | H41: 37440 | K41: 1.256532 | L41: 1441.9631 | M41: 20.211521 | N41: 1512.5166
B42: 2 | C42: =IFERROR(CHOOSE(B42, " ¹ "," ² "," ³ "," ⁴ "," ⁵ "," ⁶ "," ⁷ "," ⁸ "," ⁹ ", " ¹⁰ "," ¹¹ "," ¹² " ),"") -> ² | D42: Varvara | E42: Варваринское | F42: =CHOOSE(Content!$A$1, $D42, $E42)&$C42 -> Varvara ² | H42: 9140 | I42: 0.89160221 | J42: 0.61496759 | K42: 1.0667467 | L42: 262.04511 | M42: 14.153229 | N42: 313.5207
C43: =IFERROR(CHOOSE(B43, " ¹ "," ² "," ³ "," ⁴ "," ⁵ "," ⁶ "," ⁷ "," ⁸ "," ⁹ ", " ¹⁰ "," ¹¹ "," ¹² " ),"") | D43: High-grade ore | E43: руда с высокими содержаниями | F43: =CHOOSE(Content!$A$1, $D43, $E43)&$C43 -> High-grade ore | H43: 2300 | I43: 0.96428653 | J43: 0.61496759 | K43: 1.6604045 | L43: 71.30577 | M43: 14.153229 | N43: 122.78137
C44: =IFERROR(CHOOSE(B44, " ¹ "," ² "," ³ "," ⁴ "," ⁵ "," ⁶ "," ⁷ "," ⁸ "," ⁹ ", " ¹⁰ "," ¹¹ "," ¹² " ),"") | D44: Low-grade ore | E44: руда с низкими содержаниями | F44: =CHOOSE(Content!$A$1, $D44, $E44)&$C44 -> Low-grade ore | H44: 6840 | I44: 0.86734809 | J44: 0 | K44: 0.86734809 | L44: 190.73934 | M44: 0 | N44: 190.73934
C45: =IFERROR(CHOOSE(B45, " ¹ "," ² "," ³ "," ⁴ "," ⁵ "," ⁶ "," ⁷ "," ⁸ "," ⁹ ", " ¹⁰ "," ¹¹ "," ¹² " ),"") | D45: Komar | E45: Комаровское | F45: =CHOOSE(Content!$A$1, $D45, $E45)&$C45 -> Komar | H45: 17560 | I45: 1.2715256 | J45: 0 | K45: 1.2715256 | L45: 717.84232 | M45: 0 | N45: 717.84232
C46: =IFERROR(CHOOSE(B46, " ¹ "," ² "," ³ "," ⁴ "," ⁵ "," ⁶ "," ⁷ "," ⁸ "," ⁹ ", " ¹⁰ "," ¹¹ "," ¹² " ),"") | D46: Elevator | E46: Элеваторное | F46: =CHOOSE(Content!$A$1, $D46, $E46)&$C46 -> Elevator | H46: 10420 | I46: 1.3039833 | J46: 0 | K46: 1.3039833 | L46: 436.99458 | M46: 0 | N46: 436.99458
B47: 3 | C47: =IFERROR(CHOOSE(B47, " ¹ "," ² "," ³ "," ⁴ "," ⁵ "," ⁶ "," ⁷ "," ⁸ "," ⁹ ", " ¹⁰ "," ¹¹ "," ¹² " ),"") -> ³ | D47: Baksy | E47: Баксы | F47: =CHOOSE(Content!$A$1, $D47, $E47)&$C47 -> Baksy ³ | H47: 320 | I47: 2.4214522 | J47: 1.8804906 | K47: 4.2633337 | L47: 25.081047 | M47: 6.0582918 | N47: 44.158986
C48: =IFERROR(CHOOSE(B48, " ¹ "," ² "," ³ "," ⁴ "," ⁵ "," ⁶ "," ⁷ "," ⁸ "," ⁹ ", " ¹⁰ "," ¹¹ "," ¹² " ),"") | D48: Total Probable | E48: Всего Вероятные | F48: =CHOOSE(Content!$A$1, $D48, $E48)&$C48 -> Total Probable | H48: 93600 | K48: 3.4912218 | L48: 10435.607 | M48: 20.211521 | N48: 10506.16
C49: =IFERROR(CHOOSE(B49, " ¹ "," ² "," ³ "," ⁴ "," ⁵ "," ⁶ "," ⁷ "," ⁸ "," ⁹ ", " ¹⁰ "," ¹¹ "," ¹² " ),"") | D49: Proved + Probable | E49: Доказанные + Вероятные | F49: =CHOOSE(Content!$A$1, $D49, $E49)&$C49 -> Proved + Probable
C50: =IFERROR(CHOOSE(B50, " ¹ "," ² "," ³ "," ⁴ "," ⁵ "," ⁶ "," ⁷ "," ⁸ "," ⁹ ", " ¹⁰ "," ¹¹ "," ¹² " ),"") | D50: Stand-alone mines | E50: Самостоятельные месторождения | F50: =CHOOSE(Content!$A$1, $D50, $E50)&$C50 -> Stand-alone mines | H50: 59500 | K50: 5.0447543 | L50: 9650.4535 | M50: 0 | N50: 9650.4535
C51: =IFERROR(CHOOSE(B51, " ¹ "," ² "," ³ "," ⁴ "," ⁵ "," ⁶ "," ⁷ "," ⁸ "," ⁹ ", " ¹⁰ "," ¹¹ "," ¹² " ),"") | D51: Kyzyl | E51: Кызыл | F51: =CHOOSE(Content!$A$1, $D51, $E51)&$C51 -> Kyzyl | H51: 59500 | I51: 5.0439798 | J51: 0 | K51: 5.0439798 | L51: 9650.4535 | M51: 0 | N51: 9650.4535
C52: =IFERROR(CHOOSE(B52, " ¹ "," ² "," ³ "," ⁴ "," ⁵ "," ⁶ "," ⁷ "," ⁸ "," ⁹ ", " ¹⁰ "," ¹¹ "," ¹² " ),"") | D52: Varvara operations | E52: Варваринский Хаб | F52: =CHOOSE(Content!$A$1, $D52, $E52)&$C52 -> Varvara operations | H52: 62880 | K52: 1.1085794 | L52: 2146.3915 | M52: 47.44916 | N52: 2241.1457
B53: 2 | C53: =IFERROR(CHOOSE(B53, " ¹ "," ² "," ³ "," ⁴ "," ⁵ "," ⁶ "," ⁷ "," ⁸ "," ⁹ ", " ¹⁰ "," ¹¹ "," ¹² " ),"") -> ² | D53: Varvara | E53: Варваринское | F53: =CHOOSE(Content!$A$1, $D53, $E53)&$C53 -> Varvara ² | H53: 25290 | I53: 0.73756414 | J53: 0.47498395 | K53: 0.83062784 | L53: 599.762 | M53: 41.390868 | N53: 675.43822
C54: =IFERROR(CHOOSE(B54, " ¹ "," ² "," ³ "," ⁴ "," ⁵ "," ⁶ "," ⁷ "," ⁸ "," ⁹ ", " ¹⁰ "," ¹¹ "," ¹² " ),"") | D54: High-grade ore | E54: руда с высокими содержаниями | F54: =CHOOSE(Content!$A$1, $D54, $E54)&$C54 -> High-grade ore | H54: 8710 | I54: 0.80311521 | J54: 0.47521088 | K54: 1.0733558 | L54: 224.8986 | M54: 41.390868 | N54: 300.57482
C55: =IFERROR(CHOOSE(B55, " ¹ "," ² "," ³ "," ⁴ "," ⁵ "," ⁶ "," ⁷ "," ⁸ "," ⁹ ", " ¹⁰ "," ¹¹ "," ¹² " ),"") | D55: Low-grade ore | E55: руда с низкими содержаниями | F55: =CHOOSE(Content!$A$1, $D55, $E55)&$C55 -> Low-grade ore | H55: 16580 | I55: 0.70323063 | J55: 0 | K55: 0.70323063 | L55: 374.8634 | M55: 0 | N55: 374.8634
C56: =IFERROR(CHOOSE(B56, " ¹ "," ² "," ³ "," ⁴ "," ⁵ "," ⁶ "," ⁷ "," ⁸ "," ⁹ ", " ¹⁰ "," ¹¹ "," ¹² " ),"") | D56: Komar | E56: Комаровское | F56: =CHOOSE(Content!$A$1, $D56, $E56)&$C56 -> Komar | H56: 22790 | I56: 1.2962389 | J56: 0 | K56: 1.2962389 | L56: 949.77541 | M56: 0 | N56: 949.77541
C57: =IFERROR(CHOOSE(B57, " ¹ "," ² "," ³ "," ⁴ "," ⁵ "," ⁶ "," ⁷ "," ⁸ "," ⁹ ", " ¹⁰ "," ¹¹ "," ¹² " ),"") | D57: Elevator | E57: Элеваторное | F57: =CHOOSE(Content!$A$1, $D57, $E57)&$C57 -> Elevator | H57: 14480 | I57: 1.2275913 | J57: 0 | K57: 1.2275913 | L57: 571.77309 | M57: 0 | N57: 571.77309
B58: 3 | C58: =IFERROR(CHOOSE(B58, " ¹ "," ² "," ³ "," ⁴ "," ⁵ "," ⁶ "," ⁷ "," ⁸ "," ⁹ ", " ¹⁰ "," ¹¹ "," ¹² " ),"") -> ³ | D58: Baksy | E58: Баксы | F58: =CHOOSE(Content!$A$1, $D58, $E58)&$C58 -> Baksy ³ | H58: 320 | I58: 2.4214522 | J58: 1.8804906 | K58: 4.2633337 | L58: 25.081047 | M58: 6.0582918 | N58: 44.158986
C59: =IFERROR(CHOOSE(B59, " ¹ "," ² "," ³ "," ⁴ "," ⁵ "," ⁶ "," ⁷ "," ⁸ "," ⁹ ", " ¹⁰ "," ¹¹ "," ¹² " ),"") | D59: Total Proved + Probable | E59: Всего Доказанные + Вероятные | F59: =CHOOSE(Content!$A$1, $D59, $E59)&$C59 -> Total Proved + Probable | H59: 122380 | I59: 2.9982282 | K59: 3.0223105 | L59: 11796.845 | M59: 47.44916 | N59: 11891.599
B60: 4 | C60: =IFERROR(CHOOSE(B60, " ¹ "," ² "," ³ "," ⁴ "," ⁵ "," ⁶ "," ⁷ "," ⁸ "," ⁹ ", " ¹⁰ "," ¹¹ "," ¹² " ),"") -> ⁴ | D60: Mineral Resources | E60: Минеральные ресурсы | F60: =CHOOSE(Content!$A$1, $D60, $E60)&$C60 -> Mineral Resources ⁴
C61: =IFERROR(CHOOSE(B61, " ¹ "," ² "," ³ "," ⁴ "," ⁵ "," ⁶ "," ⁷ "," ⁸ "," ⁹ ", " ¹⁰ "," ¹¹ "," ¹² " ),"") | D61: ="" | E61: ="" | F61: =CHOOSE(Content!$A$1, $D61, $E61)&$C61 | H61: =H26 -> Tonnage, Kt | I61: =I26 -> Gold grade, g/t | J61: =J26 -> Copper grade, % | K61: =K26 -> GE grade, g/t | L61: =L26 -> Gold, Koz | M61: =M26 -> Copper, Kt | N61: =N26 -> GE, Koz
C62: =IFERROR(CHOOSE(B62, " ¹ "," ² "," ³ "," ⁴ "," ⁵ "," ⁶ "," ⁷ "," ⁸ "," ⁹ ", " ¹⁰ "," ¹¹ "," ¹² " ),"") | D62: Measured | E62: Оцененные | F62: =CHOOSE(Content!$A$1, $D62, $E62)&$C62 -> Measured
C63: =IFERROR(CHOOSE(B63, " ¹ "," ² "," ³ "," ⁴ "," ⁵ "," ⁶ "," ⁷ "," ⁸ "," ⁹ ", " ¹⁰ "," ¹¹ "," ¹² " ),"") | D63: Standalone Mines | E63: Самостоятельные месторождения | F63: =CHOOSE(Content!$A$1, $D63, $E63)&$C63 -> Standalone Mines | H63: 270 | K63: 3.8015389 | L63: 33.228001 | M63: 0 | N63: 33
C64: =IFERROR(CHOOSE(B64, " ¹ "," ² "," ³ "," ⁴ "," ⁵ "," ⁶ "," ⁷ "," ⁸ "," ⁹ ", " ¹⁰ "," ¹¹ "," ¹² " ),"") | D64: Kyzyl | E64: Кызыл | F64: =CHOOSE(Content!$A$1, $D64, $E64)&$C64 -> Kyzyl | H64: 270 | I64: 3.7405182 | J64: 0 | K64: 3.7405182 | L64: 33.228001 | M64: 0 | N64: 33
C65: =IFERROR(CHOOSE(B65, " ¹ "," ² "," ³ "," ⁴ "," ⁵ "," ⁶ "," ⁷ "," ⁸ "," ⁹ ", " ¹⁰ "," ¹¹ "," ¹² " ),"") | D65: Varvara hub | E65: Предприятия Варваринского | F65: =CHOOSE(Content!$A$1, $D65, $E65)&$C65 -> Varvara hub | H65: 5760 | K65: 1.0969243 | L65: 203.1374 | M65: 3.3408876 | N65: 203.1374
B66: 5 | C66: =IFERROR(CHOOSE(B66, " ¹ "," ² "," ³ "," ⁴ "," ⁵ "," ⁶ "," ⁷ "," ⁸ "," ⁹ ", " ¹⁰ "," ¹¹ "," ¹² " ),"") -> ⁵ | D66: Varvara | E66: Варваринское | F66: =CHOOSE(Content!$A$1, $D66, $E66)&$C66 -> Varvara ⁵ | H66: 3920 | I66: 1.0208081 | J66: 0.44664648 | K66: 1.1097144 | L66: 128.52133 | M66: 3.3408876 | N66: 128.52133
C67: =IFERROR(CHOOSE(B67, " ¹ "," ² "," ³ "," ⁴ "," ⁵ "," ⁶ "," ⁷ "," ⁸ "," ⁹ ", " ¹⁰ "," ¹¹ "," ¹² " ),"") | D67: High-grade ore | E67: руда с высокими содержаниями | F67: =CHOOSE(Content!$A$1, $D67, $E67)&$C67 -> High-grade ore | H67: 750 | I67: 1.0903219 | J67: 0.44664648 | K67: 1.0903219 | L67: 26.220648 | M67: 3.3408876 | N67: 26.220648
C68: =IFERROR(CHOOSE(B68, " ¹ "," ² "," ³ "," ⁴ "," ⁵ "," ⁶ "," ⁷ "," ⁸ "," ⁹ ", " ¹⁰ "," ¹¹ "," ¹² " ),"") | D68: Low-grade ore | E68: руда с низкими содержаниями | F68: =CHOOSE(Content!$A$1, $D68, $E68)&$C68 -> Low-grade ore | H68: 3170 | I68: 1.0043951 | J68: 0 | K68: 1.0043951 | L68: 102.30068 | M68: 0 | N68: 102.30068
C69: =IFERROR(CHOOSE(B69, " ¹ "," ² "," ³ "," ⁴ "," ⁵ "," ⁶ "," ⁷ "," ⁸ "," ⁹ ", " ¹⁰ "," ¹¹ "," ¹² " ),"") | D69: Komar | E69: Комаровское | F69: =CHOOSE(Content!$A$1, $D69, $E69)&$C69 -> Komar | H69: 1550 | I69: 1.3216124 | J69: 0 | K69: 1.3216124 | L69: 65.821831 | M69: 0 | N69: 65.821831
C70: =IFERROR(CHOOSE(B70, " ¹ "," ² "," ³ "," ⁴ "," ⁵ "," ⁶ "," ⁷ "," ⁸ "," ⁹ ", " ¹⁰ "," ¹¹ "," ¹² " ),"") | D70: Elevator | E70: Элеваторное | F70: =CHOOSE(Content!$A$1, $D70, $E70)&$C70 -> Elevator | H70: 290 | I70: 0.94885586 | J70: 0 | K70: 0.94885586 | L70: 8.7942454 | M70: 0 | N70: 8.7942454
B71: 6 | C71: =IFERROR(CHOOSE(B71, " ¹ "," ² "," ³ "," ⁴ "," ⁵ "," ⁶ "," ⁷ "," ⁸ "," ⁹ ", " ¹⁰ "," ¹¹ "," ¹² " ),"") -> ⁶ | D71: Baksy | E71: Баксы | F71: =CHOOSE(Content!$A$1, $D71, $E71)&$C71 -> Baksy ⁶ | H71: 0 | I71: 0 | J71: 0 | K71: 0 | L71: 0 | M71: 0 | N71: 0
C72: =IFERROR(CHOOSE(B72, " ¹ "," ² "," ³ "," ⁴ "," ⁵ "," ⁶ "," ⁷ "," ⁸ "," ⁹ ", " ¹⁰ "," ¹¹ "," ¹² " ),"") | D72: Total Measured | E72: Всего Оцененные | F72: =CHOOSE(Content!$A$1, $D72, $E72)&$C72 -> Total Measured | H72: 6030 | K72: 1.2180265 | L72: 236.3654 | M72: 3.3408876 | N72: 236.1374
C73: =IFERROR(CHOOSE(B73, " ¹ "," ² "," ³ "," ⁴ "," ⁵ "," ⁶ "," ⁷ "," ⁸ "," ⁹ ", " ¹⁰ "," ¹¹ "," ¹² " ),"") | D73: Indicated | E73: Выявленные | F73: =CHOOSE(Content!$A$1, $D73, $E73)&$C73 -> Indicated
C74: =IFERROR(CHOOSE(B74, " ¹ "," ² "," ³ "," ⁴ "," ⁵ "," ⁶ "," ⁷ "," ⁸ "," ⁹ ", " ¹⁰ "," ¹¹ "," ¹² " ),"") | D74: Standalone Mines | E74: Самостоятельные месторождения | F74: =CHOOSE(Content!$A$1, $D74, $E74)&$C74 -> Standalone Mines | H74: 7930 | K74: 3.5786345 | L74: 912.39158 | M74: 0 | N74: 912.39158
C75: =IFERROR(CHOOSE(B75, " ¹ "," ² "," ³ "," ⁴ "," ⁵ "," ⁶ "," ⁷ "," ⁸ "," ⁹ ", " ¹⁰ "," ¹¹ "," ¹² " ),"") | D75: Kyzyl | E75: Кызыл | F75: =CHOOSE(Content!$A$1, $D75, $E75)&$C75 -> Kyzyl | H75: 7930 | I75: 3.5833021 | J75: 0 | K75: 3.5833021 | L75: 912.39158 | M75: 0 | N75: 912.39158
C76: =IFERROR(CHOOSE(B76, " ¹ "," ² "," ³ "," ⁴ "," ⁵ "," ⁶ "," ⁷ "," ⁸ "," ⁹ ", " ¹⁰ "," ¹¹ "," ¹² " ),"") | D76: Varvara hub | E76: Предприятия Варваринского | F76: =CHOOSE(Content!$A$1, $D76, $E76)&$C76 -> Varvara hub | H76: 15020 | K76: 1.2069208 | L76: 582.82668 | M76: 5.8593908 | N76: 582.82668
B77: 5 | C77: =IFERROR(CHOOSE(B77, " ¹ "," ² "," ³ "," ⁴ "," ⁵ "," ⁶ "," ⁷ "," ⁸ "," ⁹ ", " ¹⁰ "," ¹¹ "," ¹² " ),"") -> ⁵ | D77: Varvara | E77: Варваринское | F77: =CHOOSE(Content!$A$1, $D77, $E77)&$C77 -> Varvara ⁵ | H77: 5870 | I77: 1.0555405 | J77: 0.53726095 | K77: 1.1691737 | L77: 199.21894 | M77: 5.8593908 | N77: 199.21894
C78: =IFERROR(CHOOSE(B78, " ¹ "," ² "," ³ "," ⁴ "," ⁵ "," ⁶ "," ⁷ "," ⁸ "," ⁹ ", " ¹⁰ "," ¹¹ "," ¹² " ),"") | D78: High-grade ore | E78: руда с высокими содержаниями | F78: =CHOOSE(Content!$A$1, $D78, $E78)&$C78 -> High-grade ore | H78: 1090 | I78: 1.0707087 | J78: 0.53726095 | K78: 1.0707087 | L78: 37.543025 | M78: 5.8593908 | N78: 37.543025
C79: =IFERROR(CHOOSE(B79, " ¹ "," ² "," ³ "," ⁴ "," ⁵ "," ⁶ "," ⁷ "," ⁸ "," ⁹ ", " ¹⁰ "," ¹¹ "," ¹² " ),"") | D79: Low-grade ore | E79: руда с низкими содержаниями | F79: =CHOOSE(Content!$A$1, $D79, $E79)&$C79 -> Low-grade ore | H79: 4780 | I79: 1.0520796 | J79: 0 | K79: 1.0520796 | L79: 161.67592 | M79: 0 | N79: 161.67592
C80: =IFERROR(CHOOSE(B80, " ¹ "," ² "," ³ "," ⁴ "," ⁵ "," ⁶ "," ⁷ "," ⁸ "," ⁹ ", " ¹⁰ "," ¹¹ "," ¹² " ),"") | D80: Komar | E80: Комаровское | F80: =CHOOSE(Content!$A$1, $D80, $E80)&$C80 -> Komar | H80: 4530 | I80: 1.3801688 | J80: 0 | K80: 1.3801688 | L80: 200.99139 | M80: 0 | N80: 200.99139
C81: =IFERROR(CHOOSE(B81, " ¹ "," ² "," ³ "," ⁴ "," ⁵ "," ⁶ "," ⁷ "," ⁸ "," ⁹ ", " ¹⁰ "," ¹¹ "," ¹² " ),"") | D81: Elevator | E81: Элеваторное | F81: =CHOOSE(Content!$A$1, $D81, $E81)&$C81 -> Elevator | H81: 4620 | I81: 1.2303466 | J81: 0 | K81: 1.2303466 | L81: 182.61635 | M81: 0 | N81: 182.61635
B82: 6 | C82: =IFERROR(CHOOSE(B82, " ¹ "," ² "," ³ "," ⁴ "," ⁵ "," ⁶ "," ⁷ "," ⁸ "," ⁹ ", " ¹⁰ "," ¹¹ "," ¹² " ),"") -> ⁶ | D82: Baksy | E82: Баксы | F82: =CHOOSE(Content!$A$1, $D82, $E82)&$C82 -> Baksy ⁶ | H82: 0 | I82: 0 | J82: 0 | K82: 0 | L82: 0 | M82: 0 | N82: 0
C83: =IFERROR(CHOOSE(B83, " ¹ "," ² "," ³ "," ⁴ "," ⁵ "," ⁶ "," ⁷ "," ⁸ "," ⁹ ", " ¹⁰ "," ¹¹ "," ¹² " ),"") | D83: Total Indicated | E83: Всего Выявленные | F83: =CHOOSE(Content!$A$1, $D83, $E83)&$C83 -> Total Indicated | H83: 22950 | K83: 2.0264279 | L83: 1495.2183 | M83: 5.8593908 | N83: 1495.2183
C84: =IFERROR(CHOOSE(B84, " ¹ "," ² "," ³ "," ⁴ "," ⁵ "," ⁶ "," ⁷ "," ⁸ "," ⁹ ", " ¹⁰ "," ¹¹ "," ¹² " ),"") | D84: Measured + Indicated | E84: Оцененные + Выявленные | F84: =CHOOSE(Content!$A$1, $D84, $E84)&$C84 -> Measured + Indicated
C85: =IFERROR(CHOOSE(B85, " ¹ "," ² "," ³ "," ⁴ "," ⁵ "," ⁶ "," ⁷ "," ⁸ "," ⁹ ", " ¹⁰ "," ¹¹ "," ¹² " ),"") | D85: Stand-alone mines | E85: Самостоятельные месторождения | F85: =CHOOSE(Content!$A$1, $D85, $E85)&$C85 -> Stand-alone mines | H85: 8200 | K85: 3.5868388 | L85: 945.61958 | M85: 0 | N85: 945.61958
C86: =IFERROR(CHOOSE(B86, " ¹ "," ² "," ³ "," ⁴ "," ⁵ "," ⁶ "," ⁷ "," ⁸ "," ⁹ ", " ¹⁰ "," ¹¹ "," ¹² " ),"") | D86: Kyzyl | E86: Кызыл | F86: =CHOOSE(Content!$A$1, $D86, $E86)&$C86 -> Kyzyl | H86: 8200 | I86: 3.5886021 | J86: 0 | K86: 3.5886021 | L86: 945.61958 | M86: 0 | N86: 945.61958
C87: =IFERROR(CHOOSE(B87, " ¹ "," ² "," ³ "," ⁴ "," ⁵ "," ⁶ "," ⁷ "," ⁸ "," ⁹ ", " ¹⁰ "," ¹¹ "," ¹² " ),"") | D87: Varvara hub | E87: Предприятия Варваринского | F87: =CHOOSE(Content!$A$1, $D87, $E87)&$C87 -> Varvara hub | H87: 20780 | K87: 1.1764309 | L87: 785.96409 | M87: 9.2002784 | N87: 785.96409
B88: 5 | C88: =IFERROR(CHOOSE(B88, " ¹ "," ² "," ³ "," ⁴ "," ⁵ "," ⁶ "," ⁷ "," ⁸ "," ⁹ ", " ¹⁰ "," ¹¹ "," ¹² " ),"") -> ⁵ | D88: Varvara | E88: Варваринское | F88: =CHOOSE(Content!$A$1, $D88, $E88)&$C88 -> Varvara ⁵ | H88: 9790 | I88: 1.0416424 | J88: 0.50039642 | K88: 1.1453812 | L88: 327.74027 | M88: 9.2002784 | N88: 327.74027
C89: =IFERROR(CHOOSE(B89, " ¹ "," ² "," ³ "," ⁴ "," ⁵ "," ⁶ "," ⁷ "," ⁸ "," ⁹ ", " ¹⁰ "," ¹¹ "," ¹² " ),"") | D89: High-grade ore | E89: руда с высокими содержаниями | F89: =CHOOSE(Content!$A$1, $D89, $E89)&$C89 -> High-grade ore | H89: 1840 | I89: 1.0786879 | J89: 0.50039642 | K89: 1.0786879 | L89: 63.763672 | M89: 9.2002784 | N89: 63.763672
C90: =IFERROR(CHOOSE(B90, " ¹ "," ² "," ³ "," ⁴ "," ⁵ "," ⁶ "," ⁷ "," ⁸ "," ⁹ ", " ¹⁰ "," ¹¹ "," ¹² " ),"") | D90: Low-grade ore | E90: руда с низкими содержаниями | F90: =CHOOSE(Content!$A$1, $D90, $E90)&$C90 -> Low-grade ore | H90: 7950 | I90: 1.0330725 | J90: 0 | K90: 1.0330725 | L90: 263.97659 | M90: 0 | N90: 263.97659
C91: =IFERROR(CHOOSE(B91, " ¹ "," ² "," ³ "," ⁴ "," ⁵ "," ⁶ "," ⁷ "," ⁸ "," ⁹ ", " ¹⁰ "," ¹¹ "," ¹² " ),"") | D91: Komar | E91: Комаровское | F91: =CHOOSE(Content!$A$1, $D91, $E91)&$C91 -> Komar | H91: 6080 | I91: 1.3652462 | J91: 0 | K91: 1.3652462 | L91: 266.81322 | M91: 0 | N91: 266.81322
C92: =IFERROR(CHOOSE(B92, " ¹ "," ² "," ³ "," ⁴ "," ⁵ "," ⁶ "," ⁷ "," ⁸ "," ⁹ ", " ¹⁰ "," ¹¹ "," ¹² " ),"") | D92: Elevator | E92: Элеваторное | F92: =CHOOSE(Content!$A$1, $D92, $E92)&$C92 -> Elevator | H92: 4910 | I92: 1.2138024 | J92: 0 | K92: 1.2138024 | L92: 191.4106 | M92: 0 | N92: 191.4106
C93: =IFERROR(CHOOSE(B93, " ¹ "," ² "," ³ "," ⁴ "," ⁵ "," ⁶ "," ⁷ "," ⁸ "," ⁹ ", " ¹⁰ "," ¹¹ "," ¹² " ),"") | D93: Baksy | E93: Баксы | F93: =CHOOSE(Content!$A$1, $D93, $E93)&$C93 -> Baksy | H93: 0 | I93: 0 | J93: 0 | K93: 0 | L93: 0 | M93: 0 | N93: 0
B94: 6 | C94: =IFERROR(CHOOSE(B94, " ¹ "," ² "," ³ "," ⁴ "," ⁵ "," ⁶ "," ⁷ "," ⁸ "," ⁹ ", " ¹⁰ "," ¹¹ "," ¹² " ),"") -> ⁶ | D94: Total Measured + Indicated | E94: Оцененные + Выявленные | F94: =CHOOSE(Content!$A$1, $D94, $E94)&$C94 -> Total Measured + Indicated ⁶ | H94: 28980 | K94: 1.8584649 | L94: 1731.5837 | M94: 9.2002784 | N94: 1731.5837
C95: =IFERROR(CHOOSE(B95, " ¹ "," ² "," ³ "," ⁴ "," ⁵ "," ⁶ "," ⁷ "," ⁸ "," ⁹ ", " ¹⁰ "," ¹¹ "," ¹² " ),"") | D95: Inferred | E95: Предполагаемые | F95: =CHOOSE(Content!$A$1, $D95, $E95)&$C95 -> Inferred
C96: =IFERROR(CHOOSE(B96, " ¹ "," ² "," ³ "," ⁴ "," ⁵ "," ⁶ "," ⁷ "," ⁸ "," ⁹ ", " ¹⁰ "," ¹¹ "," ¹² " ),"") | D96: Stand-alone mines | E96: Самостоятельные месторождения | F96: =CHOOSE(Content!$A$1, $D96, $E96)&$C96 -> Stand-alone mines | H96: 7410 | K96: 6.7223688 | L96: 1601.516 | M96: 0 | N96: 1601.516
C97: =IFERROR(CHOOSE(B97, " ¹ "," ² "," ³ "," ⁴ "," ⁵ "," ⁶ "," ⁷ "," ⁸ "," ⁹ ", " ¹⁰ "," ¹¹ "," ¹² " ),"") | D97: Kyzyl | E97: Кызыл | F97: =CHOOSE(Content!$A$1, $D97, $E97)&$C97 -> Kyzyl | H97: 7410 | I97: 6.7203625 | J97: 0 | K97: 6.7203625 | L97: 1601.516 | M97: 0 | N97: 1601.516
C98: =IFERROR(CHOOSE(B98, " ¹ "," ² "," ³ "," ⁴ "," ⁵ "," ⁶ "," ⁷ "," ⁸ "," ⁹ ", " ¹⁰ "," ¹¹ "," ¹² " ),"") | D98: Varvara hub | E98: Предприятия Варваринского | F98: =CHOOSE(Content!$A$1, $D98, $E98)&$C98 -> Varvara hub | H98: 8690 | K98: 1.5740104 | L98: 436.47063 | M98: 3.8460735 | N98: 439.76243
B99: 5 | C99: =IFERROR(CHOOSE(B99, " ¹ "," ² "," ³ "," ⁴ "," ⁵ "," ⁶ "," ⁷ "," ⁸ "," ⁹ ", " ¹⁰ "," ¹¹ "," ¹² " ),"") -> ⁵ | D99: Varvara | E99: Варваринское | F99: =CHOOSE(Content!$A$1, $D99, $E99)&$C99 -> Varvara ⁵ | H99: 2280 | I99: 1.4551999 | J99: 0.66098185 | K99: 1.59725 | L99: 107.06428 | M99: 2.6699835 | N99: 107.06428
C100: =IFERROR(CHOOSE(B100, " ¹ "," ² "," ³ "," ⁴ "," ⁵ "," ⁶ "," ⁷ "," ⁸ "," ⁹ ", " ¹⁰ "," ¹¹ "," ¹² " ),"") | D100: High-grade ore | E100: руда с высокими содержаниями | F100: =CHOOSE(Content!$A$1, $D100, $E100)&$C100 -> High-grade ore | H100: 400 | I100: 2.1123346 | J100: 0.66069323 | K100: 2.1123346 | L100: 27.444933 | M100: 2.6699835 | N100: 27.444933
...

Sheet Fin highlights
B1: 1 | C1: =IFERROR(CHOOSE(B1, " ¹ "," ² "," ³ "," ⁴ "," ⁵ "," ⁶ "," ⁷ "," ⁸ "," ⁹ ", " ¹⁰ "," ¹¹ "," ¹² " ),"") -> ¹ | D1: Financial highlights | E1: Финансовые результаты | F1: =CHOOSE(Content!$A$1, $D1, $E1)&$C1 -> Financial highlights ¹
C2: =IFERROR(CHOOSE(B2, " ¹ "," ² "," ³ "," ⁴ "," ⁵ "," ⁶ "," ⁷ "," ⁸ "," ⁹ ", " ¹⁰ "," ¹¹ "," ¹² " ),"") | D2: ="" | E2: ="" | F2: =CHOOSE(Content!$A$1, $D2, $E2)&$C2 | H2: =CHOOSE(Content!$A$1, "H"&MONTH(H3)/6, MONTH(H3)/6&"П")&" "&YEAR(H3) -> H1 2024 | I2: =CHOOSE(Content!$A$1, "H"&MONTH(I3)/6, MONTH(I3)/6&"П")&" "&YEAR(I3) -> H2 2024 | J2: =CHOOSE(Content!$A$1, "H"&MONTH(J3)/6, MONTH(J3)/6&"П")&" "&YEAR(J3) -> H1 2025 | K2: =CHOOSE(Content!$A$1, "H"&MONTH(K3)/6, MONTH(K3)/6&"П")&" "&YEAR(K3) -> H2 2025 | L2: =CHOOSE(Content!$A$1, "H"&MONTH(L3)/6, MONTH(L3)/6&"П")&" "&YEAR(L3) -> H1 2026 | N2: =CHOOSE(Content!$A$1, "FY "&N3, N3)&" ²" -> FY 2023 ² | O2: =CHOOSE(Content!$A$1, "FY "&O3, O3) -> FY 2024 | P2: =CHOOSE(Content!$A$1, "FY "&P3, P3) -> FY 2025
C3: =IFERROR(CHOOSE(B3, " ¹ "," ² "," ³ "," ⁴ "," ⁵ "," ⁶ "," ⁷ "," ⁸ "," ⁹ ", " ¹⁰ "," ¹¹ "," ¹² " ),"") | D3: ="" | E3: ="" | F3: =CHOOSE(Content!$A$1, $D3, $E3)&$C3 | H3: =DATE(2024, 6, 30) -> 45473 | I3: =EOMONTH(H3,6) -> 45657 | J3: =EOMONTH(I3,6) -> 45838 | K3: =EOMONTH(J3,6) -> 46022 | L3: =EOMONTH(K3,6) -> 46203 | N3: 2023 | O3: =N3+1 -> 2024 | P3: 2025
C4: =IFERROR(CHOOSE(B4, " ¹ "," ² "," ³ "," ⁴ "," ⁵ "," ⁶ "," ⁷ "," ⁸ "," ⁹ ", " ¹⁰ "," ¹¹ "," ¹² " ),"") | D4: Revenue, US$m | E4: Выручка, US$ млн | F4: =CHOOSE(Content!$A$1, $D4, $E4)&$C4 -> Revenue, US$m | H4: 703.732 | I4: 624.75683 | J4: 325 | K4: 1175 | L4: 971.73451 | N4: 893 | O4: 1328.4888 | P4: 1500
C5: =IFERROR(CHOOSE(B5, " ¹ "," ² "," ³ "," ⁴ "," ⁵ "," ⁶ "," ⁷ "," ⁸ "," ⁹ ", " ¹⁰ "," ¹¹ "," ¹² " ),"") | D5: Adjusted EBITDA, US$m | E5: Скорректированная EBITDA, US$ млн | F5: =CHOOSE(Content!$A$1, $D5, $E5)&$C5 -> Adjusted EBITDA, US$m | H5: 345.797 | I5: 366.14683 | J5: 152 | K5: 820 | L5: 641 | N5: 440 | O5: 711.94383 | P5: 972
C6: =IFERROR(CHOOSE(B6, " ¹ "," ² "," ³ "," ⁴ "," ⁵ "," ⁶ "," ⁷ "," ⁸ "," ⁹ ", " ¹⁰ "," ¹¹ "," ¹² " ),"") | D6: Adjusted EBITDA margin, % | E6: Рентабельность по скорректированной EBITDA, % | F6: =CHOOSE(Content!$A$1, $D6, $E6)&$C6 -> Adjusted EBITDA margin, % | H6: 0.49137598 | I6: 0.58606295 | J6: 0.47 | K6: 0.69787234 | L6: 0.65964519 | N6: 0.49272116 | O6: 0.53590502 | P6: 0.648
B7: 3 | C7: =IFERROR(CHOOSE(B7, " ¹ "," ² "," ³ "," ⁴ "," ⁵ "," ⁶ "," ⁷ "," ⁸ "," ⁹ ", " ¹⁰ "," ¹¹ "," ¹² " ),"") -> ³ | D7: Average realised gold price, US$/oz | E7: Средняя цена реализации золота, US$/унция | F7: =CHOOSE(Content!$A$1, $D7, $E7)&$C7 -> Average realised gold price, US$/oz ³ | H7: 2267.2556 | I7: 2552.7235 | J7: 3161 | K7: 3815 | L7: 4747.9575 | N7: 1952.5186 | O7: 2408.8142 | P7: 3657.9753
C8: =IFERROR(CHOOSE(B8, " ¹ "," ² "," ³ "," ⁴ "," ⁵ "," ⁶ "," ⁷ "," ⁸ "," ⁹ ", " ¹⁰ "," ¹¹ "," ¹² " ),"") | D8: Average LBMA closing gold price, US$/oz | E8: Средняя цена фиксинга LBMA, US$/унция | F8: =CHOOSE(Content!$A$1, $D8, $E8)&$C8 -> Average LBMA closing gold price, US$/oz | H8: 2203.1 | I8: 2567.9876 | J8: 3067 | K8: 3797 | L8: 4693.4692 | N8: 1941.6741 | O8: 2388.5185 | P8: 3439.3479
C9: =IFERROR(CHOOSE(B9, " ¹ "," ² "," ³ "," ⁴ "," ⁵ "," ⁶ "," ⁷ "," ⁸ "," ⁹ ", " ¹⁰ "," ¹¹ "," ¹² " ),"") | D9: Total cash cost, US$/GE oz | E9: Общие денежные затраты, US$ на унцию в золотом эквиваленте | F9: =CHOOSE(Content!$A$1, $D9, $E9)&$C9 -> Total cash cost, US$/GE oz | H9: 959.80472 | I9: 984.59055 | J9: 1458 | K9: 1027 | L9: 1435 | N9: 902.55362 | O9: 971.10032 | P9: 1138
C10: =IFERROR(CHOOSE(B10, " ¹ "," ² "," ³ "," ⁴ "," ⁵ "," ⁶ "," ⁷ "," ⁸ "," ⁹ ", " ¹⁰ "," ¹¹ "," ¹² " ),"") | D10: All-in sustaining costs, US$/GE oz | E10: Совокупные денежные затраты, US$ на унцию в золотом эквиваленте | F10: =CHOOSE(Content!$A$1, $D10, $E10)&$C10 -> All-in sustaining costs, US$/GE oz | H10: 1281.22 | I10: 1255.6852 | J10: 2201 | K10: 1307 | L10: 1912.4962 | N10: 1263.0458 | O10: 1297.8108 | P10: 1532.4044
C11: =IFERROR(CHOOSE(B11, " ¹ "," ² "," ³ "," ⁴ "," ⁵ "," ⁶ "," ⁷ "," ⁸ "," ⁹ ", " ¹⁰ "," ¹¹ "," ¹² " ),"") | D11: Net earnings/(loss), US$m | E11: Чистая прибыль/(убыток) | F11: =CHOOSE(Content!$A$1, $D11, $E11)&$C11 -> Net earnings/(loss), US$m | H11: 238 | I11: 295 | J11: 85 | K11: 577 | L11: 453 | N11: 272 | O11: 533 | P11: 662
C12: =IFERROR(CHOOSE(B12, " ¹ "," ² "," ³ "," ⁴ "," ⁵ "," ⁶ "," ⁷ "," ⁸ "," ⁹ ", " ¹⁰ "," ¹¹ "," ¹² " ),"") | D12: Underlying net earnings, US$m | E12: Скорректированная чистая прибыль | F12: =CHOOSE(Content!$A$1, $D12, $E12)&$C12 -> Underlying net earnings, US$m | H12: 242.85567 | I12: 255.90649 | J12: 101 | K12: 599.62403 | L12: 464.62403 | N12: 151 | O12: 498.76216 | P12: 700.62403
C13: =IFERROR(CHOOSE(B13, " ¹ "," ² "," ³ "," ⁴ "," ⁵ "," ⁶ "," ⁷ "," ⁸ "," ⁹ ", " ¹⁰ "," ¹¹ "," ¹² " ),"") | D13: Return on Assets, % | E13: Рентабельность активов, % | F13: =CHOOSE(Content!$A$1, $D13, $E13)&$C13 -> Return on Assets, % | H13: 0.14 | J13: 0.11 | K13: 0.09 | L13: 0.39563981 | N13: n/a | O13: 0.28 | P13: 0.73626177
C14: =IFERROR(CHOOSE(B14, " ¹ "," ² "," ³ "," ⁴ "," ⁵ "," ⁶ "," ⁷ "," ⁸ "," ⁹ ", " ¹⁰ "," ¹¹ "," ¹² " ),"") | D14: Return on Equity (underlying), % | E14: Рентабельность собственного капитала (скорректированная), % | F14: =CHOOSE(Content!$A$1, $D14, $E14)&$C14 -> Return on Equity (underlying), % | H14: 0.14 | J14: 0.07 | K14: 0.39 | L14: 0.25655661 | N14: n/a | O14: 0.28 | P14: 0.45223432
C15: =IFERROR(CHOOSE(B15, " ¹ "," ² "," ³ "," ⁴ "," ⁵ "," ⁶ "," ⁷ "," ⁸ "," ⁹ ", " ¹⁰ "," ¹¹ "," ¹² " ),"") | D15: Basic EPS, US$/share | E15: Базовая прибыль на акцию, US$ за акцию | F15: =CHOOSE(Content!$A$1, $D15, $E15)&$C15 -> Basic EPS, US$/share | H15: 0.5 | J15: 0.18 | K15: 1.2202511 | L15: 1.02 | P15: 1.4
C16: =IFERROR(CHOOSE(B16, " ¹ "," ² "," ³ "," ⁴ "," ⁵ "," ⁶ "," ⁷ "," ⁸ "," ⁹ ", " ¹⁰ "," ¹¹ "," ¹² " ),"") | D16: Underlying EPS, US$/share | E16: Скорректированная прибыль на акцию, US$ за акцию | F16: =CHOOSE(Content!$A$1, $D16, $E16)&$C16 -> Underlying EPS, US$/share | H16: 0.51 | I16: 0.54 | J16: 0.21 | K16: 1.2680969 | L16: 1.0484668 | N16: 0.32 | O16: 1.05 | P16: 1.4816937
C17: =IFERROR(CHOOSE(B17, " ¹ "," ² "," ³ "," ⁴ "," ⁵ "," ⁶ "," ⁷ "," ⁸ "," ⁹ ", " ¹⁰ "," ¹¹ "," ¹² " ),"") | D17: Net (cash)/debt | E17: Чистые (денежные средства)/долг, US$ млн | F17: =CHOOSE(Content!$A$1, $D17, $E17)&$C17 -> Net (cash)/debt | H17: -357 | I17: -374 | J17: -143 | K17: -464 | L17: -653 | N17: 174 | O17: -374 | P17: -464
C18: =IFERROR(CHOOSE(B18, " ¹ "," ² "," ³ "," ⁴ "," ⁵ "," ⁶ "," ⁷ "," ⁸ "," ⁹ ", " ¹⁰ "," ¹¹ "," ¹² " ),"") | D18: Net (cash) debt/Adjusted EBITDA | E18: Чистые (денежные средства) долг/скорректированная EBITDA | F18: =CHOOSE(Content!$A$1, $D18, $E18)&$C18 -> Net (cash) debt/Adjusted EBITDA | H18: -0.61046825 | I18: -1.0214482 | J18: -0.28 | K18: -0.56585366 | L18: -0.44695414 | N18: 0.39635535 | O18: -0.52606125 | P18: -0.47736626
B19: 1 | C19: =IFERROR(CHOOSE(B19, " ¹ "," ² "," ³ "," ⁴ "," ⁵ "," ⁶ "," ⁷ "," ⁸ "," ⁹ ", " ¹⁰ "," ¹¹ "," ¹² " ),"") -> ¹ | D19: Cash Flow | E19: Денежный поток | F19: =CHOOSE(Content!$A$1, $D19, $E19)&$C19 -> Cash Flow ¹
C20: =IFERROR(CHOOSE(B20, " ¹ "," ² "," ³ "," ⁴ "," ⁵ "," ⁶ "," ⁷ "," ⁸ "," ⁹ ", " ¹⁰ "," ¹¹ "," ¹² " ),"") | D20: ="" | E20: ="" | F20: =CHOOSE(Content!$A$1, $D20, $E20)&$C20 | H20: =CHOOSE(Content!$A$1, "H"&MONTH(H3)/6, MONTH(H3)/6&"П")&" "&YEAR(H3) -> H1 2024 | I20: =CHOOSE(Content!$A$1, "H"&MONTH(I3)/6, MONTH(I3)/6&"П")&" "&YEAR(I3) -> H2 2024 | J20: =CHOOSE(Content!$A$1, "H"&MONTH(J3)/6, MONTH(J3)/6&"П")&" "&YEAR(J3) -> H1 2025 | K20: =CHOOSE(Content!$A$1, "H"&MONTH(K3)/6, MONTH(K3)/6&"П")&" "&YEAR(K3) -> H2 2025 | L20: =CHOOSE(Content!$A$1, "H"&MONTH(L3)/6, MONTH(L3)/6&"П")&" "&YEAR(L3) -> H1 2026 | N20: =CHOOSE(Content!$A$1, "FY "&N3, N3)&" ²" -> FY 2023 ² | O20: =CHOOSE(Content!$A$1, "FY "&O3, O3) -> FY 2024 | P20: =CHOOSE(Content!$A$1, "FY "&P3, P3) -> FY 2025
C21: =IFERROR(CHOOSE(B21, " ¹ "," ² "," ³ "," ⁴ "," ⁵ "," ⁶ "," ⁷ "," ⁸ "," ⁹ ", " ¹⁰ "," ¹¹ "," ¹² " ),"") | D21: Cash flows from continuing operations | E21: Денежный поток от продолжающейся деятельности | F21: =CHOOSE(Content!$A$1, $D21, $E21)&$C21 -> Cash flows from continuing operations
C22: =IFERROR(CHOOSE(B22, " ¹ "," ² "," ³ "," ⁴ "," ⁵ "," ⁶ "," ⁷ "," ⁸ "," ⁹ ", " ¹⁰ "," ¹¹ "," ¹² " ),"") | D22: Net operating cash flow, US$m | E22: Чистый денежный поток от операционной деятельности, US$ млн | F22: =CHOOSE(Content!$A$1, $D22, $E22)&$C22 -> Net operating cash flow, US$m | H22: 344 | I22: 306 | J22: -86 | K22: 689 | L22: 436 | N22: 126 | O22: 650 | P22: 603
C23: =IFERROR(CHOOSE(B23, " ¹ "," ² "," ³ "," ⁴ "," ⁵ "," ⁶ "," ⁷ "," ⁸ "," ⁹ ", " ¹⁰ "," ¹¹ "," ¹² " ),"") | D23: Capital expenditure, US$m | E23: Капитальные затраты, US$ млн | F23: =CHOOSE(Content!$A$1, $D23, $E23)&$C23 -> Capital expenditure, US$m | H23: -107 | I23: -101 | J23: -128 | K23: 383 | L23: 193 | N23: 144 | O23: 208 | P23: 255
C24: =IFERROR(CHOOSE(B24, " ¹ "," ² "," ³ "," ⁴ "," ⁵ "," ⁶ "," ⁷ "," ⁸ "," ⁹ ", " ¹⁰ "," ¹¹ "," ¹² " ),"") | D24: Free cash flow, US$m | E24: Свободный денежный поток, US$ млн | F24: =CHOOSE(Content!$A$1, $D24, $E24)&$C24 -> Free cash flow, US$m | H24: 240 | I24: 195 | J24: -220 | K24: 568 | L24: 243 | N24: -3 | O24: 435 | P24: 348
C25: =IFERROR(CHOOSE(B25, " ¹ "," ² "," ³ "," ⁴ "," ⁵ "," ⁶ "," ⁷ "," ⁸ "," ⁹ ", " ¹⁰ "," ¹¹ "," ¹² " ),"") | D25: Free cash flow post-M&A, US$m | E25: Свободный денежный поток с учетом сделок M&A, US$ млн | F25: =CHOOSE(Content!$A$1, $D25, $E25)&$C25 -> Free cash flow post-M&A, US$m | H25: 25 | I25: 523 | J25: -235 | K25: 431 | L25: 173 | N25: -17 | O25: 548 | P25: 196
C26: =IFERROR(CHOOSE(B26, " ¹ "," ² "," ³ "," ⁴ "," ⁵ "," ⁶ "," ⁷ "," ⁸ "," ⁹ ", " ¹⁰ "," ¹¹ "," ¹² " ),"") | D26: Cash flows, total on continuing and discontinued operations | E26: Свободный денежный поток от продолжающейся и прекращенной деятельности | F26: =CHOOSE(Content!$A$1, $D26, $E26)&$C26 -> Cash flows, total on continuing and discontinued operations
C27: =IFERROR(CHOOSE(B27, " ¹ "," ² "," ³ "," ⁴ "," ⁵ "," ⁶ "," ⁷ "," ⁸ "," ⁹ ", " ¹⁰ "," ¹¹ "," ¹² " ),"") | D27: Free cash flow, US$m | E27: Свободный денежный поток, US$ млн | F27: =CHOOSE(Content!$A$1, $D27, $E27)&$C27 -> Free cash flow, US$m | H27: 262 | I27: 270 | J27: -220 | K27: 568 | L27: 243 | N27: -101 | O27: 532 | P27: 348
C28: =IFERROR(CHOOSE(B28, " ¹ "," ² "," ³ "," ⁴ "," ⁵ "," ⁶ "," ⁷ "," ⁸ "," ⁹ ", " ¹⁰ "," ¹¹ "," ¹² " ),"") | D28: Net cash outflow on disposal of Russian business, US$m | E28: Чистый денежный отток, связанный с прекращением деятельности выбывающей группы, US$ млн | F28: =CHOOSE(Content!$A$1, $D28, $E28)&$C28 -> Net cash outflow on disposal of Russian business, US$m | H28: -215 | I28: - | J28: - | K28: 0 | L28: 0 | N28: - | O28: -215 | P28: 0
C29: =IFERROR(CHOOSE(B29, " ¹ "," ² "," ³ "," ⁴ "," ⁵ "," ⁶ "," ⁷ "," ⁸ "," ⁹ ", " ¹⁰ "," ¹¹ "," ¹² " ),"") | D29: Free cash flow post-M&A, US$m | E29: Свободный денежный поток с учетом сделок M&A, US$ млн | F29: =CHOOSE(Content!$A$1, $D29, $E29)&$C29 -> Free cash flow post-M&A, US$m | H29: 47 | I29: 17 | J29: -235 | K29: 431 | L29: 173 | N29: -131 | O29: 64 | P29: 196
C30: =IFERROR(CHOOSE(B30, " ¹ "," ² "," ³ "," ⁴ "," ⁵ "," ⁶ "," ⁷ "," ⁸ "," ⁹ ", " ¹⁰ "," ¹¹ "," ¹² " ),"") | D30: Notes: | E30: Примечания: | F30: =CHOOSE(Content!$A$1, $D30, $E30)&$C30 -> Notes:
B31: 1 | C31: =IFERROR(CHOOSE(B31, " ¹ "," ² "," ³ "," ⁴ "," ⁵ "," ⁶ "," ⁷ "," ⁸ "," ⁹ ", " ¹⁰ "," ¹¹ "," ¹² " ),"") -> ¹ | D31: Totals may not correspond to the sum of the separate figures due to rounding. % changes can be different from zero even when absolute amounts are unchanged because of rounding. Likewise, % changes can be equal to zero when absolute amounts differ due to the same reason. This note applies to all tables in this release. | E31: Итоговые данные могут не совпадать с суммой отдельных цифр из-за округлений. Изменение в процентном выражении может отличаться от нуля при неизменных абсолютных значениях из-за округлений, а также по этой же причине может быть равно нулю, когда абсолютные значения отличаются. Данное примечание относится ко всем приведенным в настоящем релизе таблицам. | F31: =$C31&CHOOSE(Content!$A$1, $D31, $E31) -> ¹ Totals may not correspond to the sum of the separate figures due to rounding. % changes can be different from zero even when absolute amounts are unchanged because of rounding. Likewise, % changes can be equal to zero when absolute amounts differ due to the same reason. This note applies to all tables in this release.
B32: 2 | C32: =IFERROR(CHOOSE(B32, " ¹ "," ² "," ³ "," ⁴ "," ⁵ "," ⁶ "," ⁷ "," ⁸ "," ⁹ ", " ¹⁰ "," ¹¹ "," ¹² " ),"") -> ² | D32: The amounts were restated to reflect adjustments made in connection with presentation of discontinued operations. | E32: Данные были пересмотрены и включают корректировки, внесенные в связи с представлением информации о предприятиях, прекративших свою деятельность. | F32: =$C32&CHOOSE(Content!$A$1, $D32, $E32) -> ² The amounts were restated to reflect adjustments made in connection with presentation of discontinued operations.
B33: 3 | C33: =IFERROR(CHOOSE(B33, " ¹ "," ² "," ³ "," ⁴ "," ⁵ "," ⁶ "," ⁷ "," ⁸ "," ⁹ ", " ¹⁰ "," ¹¹ "," ¹² " ),"") -> ³ | D33: In accordance with IFRS, revenue is presented net of treatment charges which are subtracted in calculating the amount to be invoiced. Average realised prices are calculated as revenue divided by gold and silver volumes sold, without effect of treatment charges deductions from revenue. | E33: В соответствии с МСФО выручка отражается за вычетом затрат на переработку. Средние цены реализации золота и серебра рассчитываются как отношение выручки до вычета затрат на переработку к объему проданного металла. | F33: =$C33&CHOOSE(Content!$A$1, $D33, $E33) -> ³ In accordance with IFRS, revenue is presented net of treatment charges which are subtracted in calculating the amount to be invoiced. Average realised prices are calculated as revenue divided by gold and silver volumes sold, without effect of treatment charges deductions from revenue.

Sheet Fin statements
C1: =IFERROR(CHOOSE(B1, " ¹ "," ² "," ³ "," ⁴ "," ⁵ "," ⁶ "," ⁷ "," ⁸ "," ⁹ ", " ¹⁰ "," ¹¹ "," ¹² " ),"") | D1: Consolidated financial statements (IFRS) | E1: Консолидированная финансовая отчетность | F1: =CHOOSE(Content!$A$1, $D1, $E1)&$C1 -> Consolidated financial statements (IFRS)
C2: =IFERROR(CHOOSE(B2, " ¹ "," ² "," ³ "," ⁴ "," ⁵ "," ⁶ "," ⁷ "," ⁸ "," ⁹ ", " ¹⁰ "," ¹¹ "," ¹² " ),"") | D2: (US$m) | E2: US$ млн | F2: =CHOOSE(Content!$A$1, $D2, $E2)&$C2 -> (US$m) | H2: =CHOOSE(Content!$A$1, "H"&MONTH(H3)/6, MONTH(H3)/6&"П")&" "&YEAR(H3) -> H1 2024 | I2: =CHOOSE(Content!$A$1, "H"&MONTH(I3)/6, MONTH(I3)/6&"П")&" "&YEAR(I3) -> H1 2025 | J2: =CHOOSE(Content!$A$1, "H"&MONTH(J3)/6, MONTH(J3)/6&"П")&" "&YEAR(J3) -> H1 2026 | L2: =CHOOSE(Content!$A$1, "FY","")&" "&YEAR(L3) -> FY 2023 | M2: =CHOOSE(Content!$A$1, "FY","")&" "&YEAR(M3) -> FY 2024 | N2: =CHOOSE(Content!$A$1, "FY","")&" "&YEAR(N3) -> FY 2025
D3: ="" | E3: ="" | F3: =CHOOSE(Content!$A$1, $D3, $E3)&$C3 | H3: =DATE(2024,6,30) -> 45473 | I3: =EOMONTH(H3,12) -> 45838 | J3: =EOMONTH(I3,12) -> 46203 | L3: 45291 | M3: 45657 | N3: 46022
C4: =IFERROR(CHOOSE(B4, " ¹ "," ² "," ³ "," ⁴ "," ⁵ "," ⁶ "," ⁷ "," ⁸ "," ⁹ ", " ¹⁰ "," ¹¹ "," ¹² " ),"") | D4: Income statement | E4: Консолидированный отчет о прибылях и убытках | F4: =CHOOSE(Content!$A$1, $D4, $E4)&$C4 -> Income statement
C5: =IFERROR(CHOOSE(B5, " ¹ "," ² "," ³ "," ⁴ "," ⁵ "," ⁶ "," ⁷ "," ⁸ "," ⁹ ", " ¹⁰ "," ¹¹ "," ¹² " ),"") | D5: Revenue | E5: Выручка | F5: =CHOOSE(Content!$A$1, $D5, $E5)&$C5 -> Revenue | H5: 704 | I5: 325 | J5: 972 | L5: 893 | M5: 1328 | N5: 1500
C6: =IFERROR(CHOOSE(B6, " ¹ "," ² "," ³ "," ⁴ "," ⁵ "," ⁶ "," ⁷ "," ⁸ "," ⁹ ", " ¹⁰ "," ¹¹ "," ¹² " ),"") | D6: Cost of sales | E6: Себестоимость реализации | F6: =CHOOSE(Content!$A$1, $D6, $E6)&$C6 -> Cost of sales | H6: -358 | I6: -155 | J6: -317 | L6: -441 | M6: -621 | N6: -513
C7: =IFERROR(CHOOSE(B7, " ¹ "," ² "," ³ "," ⁴ "," ⁵ "," ⁶ "," ⁷ "," ⁸ "," ⁹ ", " ¹⁰ "," ¹¹ "," ¹² " ),"") | D7: Gross profit | E7: Валовая прибыль | F7: =CHOOSE(Content!$A$1, $D7, $E7)&$C7 -> Gross profit | H7: 346 | I7: 170 | J7: 655 | L7: 452 | M7: 707 | N7: 987
C8: =IFERROR(CHOOSE(B8, " ¹ "," ² "," ³ "," ⁴ "," ⁵ "," ⁶ "," ⁷ "," ⁸ "," ⁹ ", " ¹⁰ "," ¹¹ "," ¹² " ),"") | D8: General, administrative and selling expenses | E8: Общехозяйственные, коммерческие и административные расходы | F8: =CHOOSE(Content!$A$1, $D8, $E8)&$C8 -> General, administrative and selling expenses | H8: -35 | I8: -34 | J8: -50 | L8: -71 | M8: -65 | N8: -70
C9: =IFERROR(CHOOSE(B9, " ¹ "," ² "," ³ "," ⁴ "," ⁵ "," ⁶ "," ⁷ "," ⁸ "," ⁹ ", " ¹⁰ "," ¹¹ "," ¹² " ),"") | D9: Other operating expenses, net | E9: Прочие операционные расходы | F9: =CHOOSE(Content!$A$1, $D9, $E9)&$C9 -> Other operating expenses, net | H9: -19 | I9: -9 | J9: -9 | L9: -18 | M9: -31 | N9: -27
D10: Impairment of non-current assets | E10: Убыток от обесценения внеоборотных активов | F10: =CHOOSE(Content!$A$1, $D10, $E10)&$C10 -> Impairment of non-current assets | H10: 0 | I10: 0 | J10: 0 | L10: -16 | M10: -2 | N10: 0
D11: Share of loss in joint ventures | E11: Доля убытка в совместных предприятиях | F11: =CHOOSE(Content!$A$1, $D11, $E11)&$C11 -> Share of loss in joint ventures | H11: 0 | I11: 0 | J11: 0 | L11: 0 | M11: 0 | N11: -1
C12: =IFERROR(CHOOSE(B12, " ¹ "," ² "," ³ "," ⁴ "," ⁵ "," ⁶ "," ⁷ "," ⁸ "," ⁹ ", " ¹⁰ "," ¹¹ "," ¹² " ),"") | D12: Operating profit | E12: Операционная прибыль | F12: =CHOOSE(Content!$A$1, $D12, $E12)&$C12 -> Operating profit | H12: 292 | I12: 127 | J12: 596 | L12: 347 | M12: 609 | N12: 889
C13: =IFERROR(CHOOSE(B13, " ¹ "," ² "," ³ "," ⁴ "," ⁵ "," ⁶ "," ⁷ "," ⁸ "," ⁹ ", " ¹⁰ "," ¹¹ "," ¹² " ),"") | D13: Foreign exchange gain/(loss), net | E13: Чистая прибыль/(убыток) от курсовых разниц | F13: =CHOOSE(Content!$A$1, $D13, $E13)&$C13 -> Foreign exchange gain/(loss), net | H13: -6 | I13: -8 | J13: -15 | L13: 170 | M13: 31 | N13: -16
C14: =IFERROR(CHOOSE(B14, " ¹ "," ² "," ³ "," ⁴ "," ⁵ "," ⁶ "," ⁷ "," ⁸ "," ⁹ ", " ¹⁰ "," ¹¹ "," ¹² " ),"") | D14: Change in fair value of derivative financial instruments | E14: Изменения в справедливой стоимости производных финансовых инструментов | F14: =CHOOSE(Content!$A$1, $D14, $E14)&$C14 -> Change in fair value of derivative financial instruments | H14: 0 | I14: -11 | J14: 0 | L14: -2 | M14: 0 | N14: -32
D15: Impairment losses on financial assets | E15: Убыток от обесценения финансовых активов | F15: =CHOOSE(Content!$A$1, $D15, $E15)&$C15 -> Impairment losses on financial assets | H15: 0 | I15: 0 | J15: -5 | L15: 0 | M15: 0 | N15: -2
C16: =IFERROR(CHOOSE(B16, " ¹ "," ² "," ³ "," ⁴ "," ⁵ "," ⁶ "," ⁷ "," ⁸ "," ⁹ ", " ¹⁰ "," ¹¹ "," ¹² " ),"") | D16: Finance income | E16: Финансовые доходы | F16: =CHOOSE(Content!$A$1, $D16, $E16)&$C16 -> Finance income | H16: -9 | I16: -8 | J16: 44 | L16: -29 | M16: -21 | N16: 43
C17: =IFERROR(CHOOSE(B17, " ¹ "," ² "," ³ "," ⁴ "," ⁵ "," ⁶ "," ⁷ "," ⁸ "," ⁹ ", " ¹⁰ "," ¹¹ "," ¹² " ),"") | D17: Finance costs | E17: Финансовые расходы | F17: =CHOOSE(Content!$A$1, $D17, $E17)&$C17 -> Finance costs | H17: 10 | I17: 18 | J17: -8 | L17: 16 | M17: 30 | N17: -21
C18: =IFERROR(CHOOSE(B18, " ¹ "," ² "," ³ "," ⁴ "," ⁵ "," ⁶ "," ⁷ "," ⁸ "," ⁹ ", " ¹⁰ "," ¹¹ "," ¹² " ),"") | D18: Profit before income tax | E18: Прибыль до налогообложения | F18: =CHOOSE(Content!$A$1, $D18, $E18)&$C18 -> Profit before income tax | H18: 287 | I18: 118 | J18: 612 | L18: 502 | M18: 649 | N18: 861
C19: =IFERROR(CHOOSE(B19, " ¹ "," ² "," ³ "," ⁴ "," ⁵ "," ⁶ "," ⁷ "," ⁸ "," ⁹ ", " ¹⁰ "," ¹¹ "," ¹² " ),"") | D19: Income tax | E19: Налог на прибыль | F19: =CHOOSE(Content!$A$1, $D19, $E19)&$C19 -> Income tax | H19: -49 | I19: -33 | J19: -159 | L19: -230 | M19: -116 | N19: -199
C20: =IFERROR(CHOOSE(B20, " ¹ "," ² "," ³ "," ⁴ "," ⁵ "," ⁶ "," ⁷ "," ⁸ "," ⁹ ", " ¹⁰ "," ¹¹ "," ¹² " ),"") | D20: Profit for the period | E20: Прибыль за отчетный период | F20: =CHOOSE(Content!$A$1, $D20, $E20)&$C20 -> Profit for the period | H20: 238 | I20: 85 | J20: 453 | L20: 272 | M20: 533 | N20: 662
C21: =IFERROR(CHOOSE(B21, " ¹ "," ² "," ³ "," ⁴ "," ⁵ "," ⁶ "," ⁷ "," ⁸ "," ⁹ ", " ¹⁰ "," ¹¹ "," ¹² " ),"") | D21: Discontinued operations: | E21: Прекращенная деятельность: | F21: =CHOOSE(Content!$A$1, $D21, $E21)&$C21 -> Discontinued operations:
C22: =IFERROR(CHOOSE(B22, " ¹ "," ² "," ³ "," ⁴ "," ⁵ "," ⁶ "," ⁷ "," ⁸ "," ⁹ ", " ¹⁰ "," ¹¹ "," ¹² " ),"") | D22: Net loss from discontinued operations | E22: Убыток от прекращенной деятельности | F22: =CHOOSE(Content!$A$1, $D22, $E22)&$C22 -> Net loss from discontinued operations | H22: -2045 | I22: 0 | J22: 0 | L22: 256 | M22: -2045 | N22: 0
C23: =IFERROR(CHOOSE(B23, " ¹ "," ² "," ³ "," ⁴ "," ⁵ "," ⁶ "," ⁷ "," ⁸ "," ⁹ ", " ¹⁰ "," ¹¹ "," ¹² " ),"") | D23: Net (loss)/profit | E23: Чистая прибыль/убыток | F23: =CHOOSE(Content!$A$1, $D23, $E23)&$C23 -> Net (loss)/profit | H23: -1807 | I23: 85 | J23: 453 | L23: 528 | M23: -1512 | N23: 662
C24: =IFERROR(CHOOSE(B24, " ¹ "," ² "," ³ "," ⁴ "," ⁵ "," ⁶ "," ⁷ "," ⁸ "," ⁹ ", " ¹⁰ "," ¹¹ "," ¹² " ),"") | D24: (Loss)/profit for the financial year attributable to: | E24: Прибыль/убыток за период, относящаяся к: | F24: =CHOOSE(Content!$A$1, $D24, $E24)&$C24 -> (Loss)/profit for the financial year attributable to:
C25: =IFERROR(CHOOSE(B25, " ¹ "," ² "," ³ "," ⁴ "," ⁵ "," ⁶ "," ⁷ "," ⁸ "," ⁹ ", " ¹⁰ "," ¹¹ "," ¹² " ),"") | D25: Equity shareholders of the Parent | E25: Акционерам материнской компании | F25: =CHOOSE(Content!$A$1, $D25, $E25)&$C25 -> Equity shareholders of the Parent | H25: -1807 | I25: 85 | J25: 453 | L25: 528 | M25: -1512 | N25: 662
C26: =IFERROR(CHOOSE(B26, " ¹ "," ² "," ³ "," ⁴ "," ⁵ "," ⁶ "," ⁷ "," ⁸ "," ⁹ ", " ¹⁰ "," ¹¹ "," ¹² " ),"") | D26: Earnings per share (US$) | E26: Прибыль на акцию (US$) | F26: =CHOOSE(Content!$A$1, $D26, $E26)&$C26 -> Earnings per share (US$)
C27: =IFERROR(CHOOSE(B27, " ¹ "," ² "," ³ "," ⁴ "," ⁵ "," ⁶ "," ⁷ "," ⁸ "," ⁹ ", " ¹⁰ "," ¹¹ "," ¹² " ),"") | D27: Basic | E27: Базовая | F27: =CHOOSE(Content!$A$1, $D27, $E27)&$C27 -> Basic | H27: 0.5 | I27: 0.18 | J27: 1.02 | L27: 0.57 | M27: 1.13 | N27: 1.4
C28: =IFERROR(CHOOSE(B28, " ¹ "," ² "," ³ "," ⁴ "," ⁵ "," ⁶ "," ⁷ "," ⁸ "," ⁹ ", " ¹⁰ "," ¹¹ "," ¹² " ),"") | D28: Diluted | E28: Разводненная | F28: =CHOOSE(Content!$A$1, $D28, $E28)&$C28 -> Diluted | H28: 0.5 | I28: 0.18 | J28: 1.02 | L28: 0.57 | M28: 1.13 | N28: 1.4
C29: =IFERROR(CHOOSE(B29, " ¹ "," ² "," ³ "," ⁴ "," ⁵ "," ⁶ "," ⁷ "," ⁸ "," ⁹ ", " ¹⁰ "," ¹¹ "," ¹² " ),"") | D29: Earnings per share for discontinued operations (US$) | E29: Прибыль на акцию прекращенной деятельности (US$) | F29: =CHOOSE(Content!$A$1, $D29, $E29)&$C29 -> Earnings per share for discontinued operations (US$)
C30: =IFERROR(CHOOSE(B30, " ¹ "," ² "," ³ "," ⁴ "," ⁵ "," ⁶ "," ⁷ "," ⁸ "," ⁹ ", " ¹⁰ "," ¹¹ "," ¹² " ),"") | D30: Basic | E30: Базовая | F30: =CHOOSE(Content!$A$1, $D30, $E30)&$C30 -> Basic | H30: -4.32 | I30: 0 | J30: 0 | L30: 0.54 | M30: -4.32 | N30: 0
C31: =IFERROR(CHOOSE(B31, " ¹ "," ² "," ³ "," ⁴ "," ⁵ "," ⁶ "," ⁷ "," ⁸ "," ⁹ ", " ¹⁰ "," ¹¹ "," ¹² " ),"") | D31: Diluted | E31: Разводненная | F31: =CHOOSE(Content!$A$1, $D31, $E31)&$C31 -> Diluted | H31: -4.32 | I31: 0 | J31: 0 | L31: 0.54 | M31: -4.32 | N31: 0
C32: =IFERROR(CHOOSE(B32, " ¹ "," ² "," ³ "," ⁴ "," ⁵ "," ⁶ "," ⁷ "," ⁸ "," ⁹ ", " ¹⁰ "," ¹¹ "," ¹² " ),"") | D32: Loss/(Earnings) per share for continuing and discontinued operations (US$) | E32: Прибыль на акцию продолжающейся и прекращенной деятельности (US$) | F32: =CHOOSE(Content!$A$1, $D32, $E32)&$C32 -> Loss/(Earnings) per share for continuing and discontinued operations (US$) | H32: -3.81 | I32: 0.18 | J32: 1.02 | L32: 1.11 | M32: -3.19 | N32: 1.4
C33: =IFERROR(CHOOSE(B33, " ¹ "," ² "," ³ "," ⁴ "," ⁵ "," ⁶ "," ⁷ "," ⁸ "," ⁹ ", " ¹⁰ "," ¹¹ "," ¹² " ),"") | D33: Basic | E33: Базовая | F33: =CHOOSE(Content!$A$1, $D33, $E33)&$C33 -> Basic | H33: -3.81 | I33: 0.18 | J33: 1.02 | L33: 1.11 | M33: -3.19 | N33: 1.4
C34: =IFERROR(CHOOSE(B34, " ¹ "," ² "," ³ "," ⁴ "," ⁵ "," ⁶ "," ⁷ "," ⁸ "," ⁹ ", " ¹⁰ "," ¹¹ "," ¹² " ),"") | D34: Diluted | E34: Разводненная | F34: =CHOOSE(Content!$A$1, $D34, $E34)&$C34 -> Diluted
C36: =IFERROR(CHOOSE(B36, " ¹ "," ² "," ³ "," ⁴ "," ⁵ "," ⁶ "," ⁷ "," ⁸ "," ⁹ ", " ¹⁰ "," ¹¹ "," ¹² " ),"") | D36: Weighted average number of outstanding common shares, th | E36: Средневзвешенное количество обыкновенных акций, находящихся в обращении, тыс | F36: =CHOOSE(Content!$A$1, $D36, $E36)&$C36 -> Weighted average number of outstanding common shares, th | H36: 473666.49 | I36: 473690 | J36: 443146 | L36: 473626.24 | M36: 473666.49 | N36: 472853.49
C37: =IFERROR(CHOOSE(B37, " ¹ "," ² "," ³ "," ⁴ "," ⁵ "," ⁶ "," ⁷ "," ⁸ "," ⁹ ", " ¹⁰ "," ¹¹ "," ¹² " ),"") | D37: Weighted average number of outstanding common shares after dilution | E37: Средневзвешенное количество обыкновенных акций, находящихся в обращении после разводнения | F37: =CHOOSE(Content!$A$1, $D37, $E37)&$C37 -> Weighted average number of outstanding common shares after dilution | H37: 473666.49 | I37: 473690 | J37: 443146 | L37: 473626.24 | M37: 473666.49 | N37: 472853.49
C38: =IFERROR(CHOOSE(B38, " ¹ "," ² "," ³ "," ⁴ "," ⁵ "," ⁶ "," ⁷ "," ⁸ "," ⁹ ", " ¹⁰ "," ¹¹ "," ¹² " ),"") | D38: Balance sheet | E38: Консолидированный баланс | F38: =CHOOSE(Content!$A$1, $D38, $E38)&$C38 -> Balance sheet
C39: =IFERROR(CHOOSE(B39, " ¹ "," ² "," ³ "," ⁴ "," ⁵ "," ⁶ "," ⁷ "," ⁸ "," ⁹ ", " ¹⁰ "," ¹¹ "," ¹² " ),"") | D39: (US$m) | E39: US$ млн | F39: =CHOOSE(Content!$A$1, $D39, $E39)&$C39 -> (US$m) | H39: 45473 | I39: 45838 | J39: 46203 | L39: 45291 | M39: 45657 | N39: 46022
C40: =IFERROR(CHOOSE(B40, " ¹ "," ² "," ³ "," ⁴ "," ⁵ "," ⁶ "," ⁷ "," ⁸ "," ⁹ ", " ¹⁰ "," ¹¹ "," ¹² " ),"") | D40: Assets | E40: Активы | F40: =CHOOSE(Content!$A$1, $D40, $E40)&$C40 -> Assets
C41: =IFERROR(CHOOSE(B41, " ¹ "," ² "," ³ "," ⁴ "," ⁵ "," ⁶ "," ⁷ "," ⁸ "," ⁹ ", " ¹⁰ "," ¹¹ "," ¹² " ),"") | D41: Property, plant and equipment, net | E41: Основные средства | F41: =CHOOSE(Content!$A$1, $D41, $E41)&$C41 -> Property, plant and equipment, net | H41: 832 | I41: 901 | J41: 1254 | L41: 2998 | M41: 819 | N41: 1034
C42: =IFERROR(CHOOSE(B42, " ¹ "," ² "," ³ "," ⁴ "," ⁵ "," ⁶ "," ⁷ "," ⁸ "," ⁹ ", " ¹⁰ "," ¹¹ "," ¹² " ),"") | D42: Right of use assets | E42: Актив в форме права пользования | F42: =CHOOSE(Content!$A$1, $D42, $E42)&$C42 -> Right of use assets | H42: 3 | I42: 1 | J42: 0 | L42: 76 | M42: 2 | N42: 0
D43: Goodwill | E43: Гудвил | F43: =CHOOSE(Content!$A$1, $D43, $E43)&$C43 -> Goodwill | H43: 0 | I43: 0 | J43: 0 | L43: 11 | M43: 0 | N43: 0
C44: =IFERROR(CHOOSE(B44, " ¹ "," ² "," ³ "," ⁴ "," ⁵ "," ⁶ "," ⁷ "," ⁸ "," ⁹ ", " ¹⁰ "," ¹¹ "," ¹² " ),"") | D44: Investments in associates and joint ventures | E44: Инвестиции в зависимые и совместные предприятия | F44: =CHOOSE(Content!$A$1, $D44, $E44)&$C44 -> Investments in associates and joint ventures | H44: 6 | I44: 80 | J44: 93 | L44: 129 | M44: 80 | N44: 82
C45: =IFERROR(CHOOSE(B45, " ¹ "," ² "," ³ "," ⁴ "," ⁵ "," ⁶ "," ⁷ "," ⁸ "," ⁹ ", " ¹⁰ "," ¹¹ "," ¹² " ),"") | D45: Non-current inventories | E45: Долгосрочные материально-производственные запасы | F45: =CHOOSE(Content!$A$1, $D45, $E45)&$C45 -> Non-current inventories | H45: 39 | I45: 39 | J45: 41 | L45: 115 | M45: 41 | N45: 44
C46: =IFERROR(CHOOSE(B46, " ¹ "," ² "," ³ "," ⁴ "," ⁵ "," ⁶ "," ⁷ "," ⁸ "," ⁹ ", " ¹⁰ "," ¹¹ "," ¹² " ),"") | D46: Non-current account receivables | E46: Долгосрочная дебиторска задолженность | F46: =CHOOSE(Content!$A$1, $D46, $E46)&$C46 -> Non-current account receivables | H46: 28 | I46: 127 | J46: 215 | L46: 107 | M46: 129 | N46: 161
C47: =IFERROR(CHOOSE(B47, " ¹ "," ² "," ³ "," ⁴ "," ⁵ "," ⁶ "," ⁷ "," ⁸ "," ⁹ ", " ¹⁰ "," ¹¹ "," ¹² " ),"") | D47: Non-current financial assets at fair value | E47: Внеоборотные финансовые активы по справедливой стоимости | F47: =CHOOSE(Content!$A$1, $D47, $E47)&$C47 -> Non-current financial assets at fair value | H47: 8 | I47: 18 | J47: 31 | L47: 9 | M47: 5 | N47: 28
C48: =IFERROR(CHOOSE(B48, " ¹ "," ² "," ³ "," ⁴ "," ⁵ "," ⁶ "," ⁷ "," ⁸ "," ⁹ ", " ¹⁰ "," ¹¹ "," ¹² " ),"") | D48: Deferred tax asset | E48: Отложенные налоговые активы | F48: =CHOOSE(Content!$A$1, $D48, $E48)&$C48 -> Deferred tax asset | H48: 5 | I48: 5 | J48: 3 | L48: 192 | M48: 5 | N48: 7
D49: Non-current VAT receivable | E49: Долгосрочная дебиторская задолженность по НДС | F49: =CHOOSE(Content!$A$1, $D49, $E49)&$C49 -> Non-current VAT receivable | H49: 0 | I49: 0 | J49: 14
C50: =IFERROR(CHOOSE(B50, " ¹ "," ² "," ³ "," ⁴ "," ⁵ "," ⁶ "," ⁷ "," ⁸ "," ⁹ ", " ¹⁰ "," ¹¹ "," ¹² " ),"") | D50: Total non-current assets | E50: Итого долгосрочные активы | F50: =CHOOSE(Content!$A$1, $D50, $E50)&$C50 -> Total non-current assets | H50: 921 | I50: 1171 | J50: 1651 | L50: 3637 | M50: 1081 | N50: 1356
C51: =IFERROR(CHOOSE(B51, " ¹ "," ² "," ³ "," ⁴ "," ⁵ "," ⁶ "," ⁷ "," ⁸ "," ⁹ ", " ¹⁰ "," ¹¹ "," ¹² " ),"") | D51: Current inventories | E51: Краткосрочные материально-производственные запасы | F51: =CHOOSE(Content!$A$1, $D51, $E51)&$C51 -> Current inventories | H51: 194 | I51: 330 | J51: 406 | L51: 1178 | M51: 178 | N51: 295
C52: =IFERROR(CHOOSE(B52, " ¹ "," ² "," ³ "," ⁴ "," ⁵ "," ⁶ "," ⁷ "," ⁸ "," ⁹ ", " ¹⁰ "," ¹¹ "," ¹² " ),"") | D52: Prepayments to suppliers | E52: Предоплаты поставщикам | F52: =CHOOSE(Content!$A$1, $D52, $E52)&$C52 -> Prepayments to suppliers | H52: 30 | I52: 31 | J52: 48 | L52: 180 | M52: 34 | N52: 48
C53: =IFERROR(CHOOSE(B53, " ¹ "," ² "," ³ "," ⁴ "," ⁵ "," ⁶ "," ⁷ "," ⁸ "," ⁹ ", " ¹⁰ "," ¹¹ "," ¹² " ),"") | D53: Income tax prepaid | E53: Авансовые платежи по налогу на прибыль | F53: =CHOOSE(Content!$A$1, $D53, $E53)&$C53 -> Income tax prepaid | H53: 17 | I53: 40 | J53: 1 | L53: 46 | M53: 12 | N53: 9
C54: =IFERROR(CHOOSE(B54, " ¹ "," ² "," ³ "," ⁴ "," ⁵ "," ⁶ "," ⁷ "," ⁸ "," ⁹ ", " ¹⁰ "," ¹¹ "," ¹² " ),"") | D54: VAT receivable | E54: Дебиторская задолженность по НДС | F54: =CHOOSE(Content!$A$1, $D54, $E54)&$C54 -> VAT receivable | H54: 47 | I54: 50 | J54: 116 | L54: 131 | M54: 42 | N54: 70
C55: =IFERROR(CHOOSE(B55, " ¹ "," ² "," ³ "," ⁴ "," ⁵ "," ⁶ "," ⁷ "," ⁸ "," ⁹ ", " ¹⁰ "," ¹¹ "," ¹² " ),"") | D55: Trade and other receivables | E55: Торговая и прочая дебиторская задолженность | F55: =CHOOSE(Content!$A$1, $D55, $E55)&$C55 -> Trade and other receivables | H55: 37 | I55: 67 | J55: 156 | L55: 266 | M55: 26 | N55: 190
C56: =IFERROR(CHOOSE(B56, " ¹ "," ² "," ³ "," ⁴ "," ⁵ "," ⁶ "," ⁷ "," ⁸ "," ⁹ ", " ¹⁰ "," ¹¹ "," ¹² " ),"") | D56: Other financial assets at FVTPL | E56: Прочие финансовые активы, оцениваемых по справедливой стоимости через прибыли и убытки (ОССЧПУ) | F56: =CHOOSE(Content!$A$1, $D56, $E56)&$C56 -> Other financial assets at FVTPL | H56: 1 | I56: 0 | J56: 0 | L56: 0 | M56: 0 | N56: 0
C57: =IFERROR(CHOOSE(B57, " ¹ "," ² "," ³ "," ⁴ "," ⁵ "," ⁶ "," ⁷ "," ⁸ "," ⁹ ", " ¹⁰ "," ¹¹ "," ¹² " ),"") | D57: Cash and cash equivalents | E57: Денежные средства и их эквиваленты | F57: =CHOOSE(Content!$A$1, $D57, $E57)&$C57 -> Cash and cash equivalents | H57: 761 | I57: 351 | J57: 878 | L57: 842 | M57: 696 | N57: 731
C58: =IFERROR(CHOOSE(B58, " ¹ "," ² "," ³ "," ⁴ "," ⁵ "," ⁶ "," ⁷ "," ⁸ "," ⁹ ", " ¹⁰ "," ¹¹ "," ¹² " ),"") | D58: Total current assets | E58: Итого краткосрочные активы | F58: =CHOOSE(Content!$A$1, $D58, $E58)&$C58 -> Total current assets | H58: 1087 | I58: 869 | J58: 1605 | L58: 2643 | M58: 988 | N58: 1343
C59: =IFERROR(CHOOSE(B59, " ¹ "," ² "," ³ "," ⁴ "," ⁵ "," ⁶ "," ⁷ "," ⁸ "," ⁹ ", " ¹⁰ "," ¹¹ "," ¹² " ),"") | D59: TOTAL ASSETS | E59: ИТОГО АКТИВЫ | F59: =CHOOSE(Content!$A$1, $D59, $E59)&$C59 -> TOTAL ASSETS | H59: 2008 | I59: 2040 | J59: 3256 | L59: 6280 | M59: 2069 | N59: 2699
C60: =IFERROR(CHOOSE(B60, " ¹ "," ² "," ³ "," ⁴ "," ⁵ "," ⁶ "," ⁷ "," ⁸ "," ⁹ ", " ¹⁰ "," ¹¹ "," ¹² " ),"") | D60: Liabilities and shareholders' equity | E60: Обязательства и акционерный капитал | F60: =CHOOSE(Content!$A$1, $D60, $E60)&$C60 -> Liabilities and shareholders' equity
C61: =IFERROR(CHOOSE(B61, " ¹ "," ² "," ³ "," ⁴ "," ⁵ "," ⁶ "," ⁷ "," ⁸ "," ⁹ ", " ¹⁰ "," ¹¹ "," ¹² " ),"") | D61: Accounts payable and accrued liabilities | E61: Кредиторская задолженность и начисленные обязательства | F61: =CHOOSE(Content!$A$1, $D61, $E61)&$C61 -> Accounts payable and accrued liabilities | H61: -71 | I61: -62 | J61: -86 | L61: -240 | M61: -70 | N61: -66
C62: =IFERROR(CHOOSE(B62, " ¹ "," ² "," ³ "," ⁴ "," ⁵ "," ⁶ "," ⁷ "," ⁸ "," ⁹ ", " ¹⁰ "," ¹¹ "," ¹² " ),"") | D62: Current borrowings | E62: Краткосрочные кредиты и займы | F62: =CHOOSE(Content!$A$1, $D62, $E62)&$C62 -> Current borrowings | H62: -219 | I62: -105 | J62: -75 | L62: -1005 | M62: -179 | N62: -105
C63: =IFERROR(CHOOSE(B63, " ¹ "," ² "," ³ "," ⁴ "," ⁵ "," ⁶ "," ⁷ "," ⁸ "," ⁹ ", " ¹⁰ "," ¹¹ "," ¹² " ),"") | D63: Income tax payable | E63: Задолженность по налогу на прибыль | F63: =CHOOSE(Content!$A$1, $D63, $E63)&$C63 -> Income tax payable | H63: -33 | I63: - | J63: -26 | L63: -20 | M63: -25 | N63: -30
C64: =IFERROR(CHOOSE(B64, " ¹ "," ² "," ³ "," ⁴ "," ⁵ "," ⁶ "," ⁷ "," ⁸ "," ⁹ ", " ¹⁰ "," ¹¹ "," ¹² " ),"") | D64: Current provisions | E64: Краткосрочные оценочные обязательства | F64: =CHOOSE(Content!$A$1, $D64, $E64)&$C64 -> Current provisions | H64: 0 | I64: -7 | J64: -9 | L64: 0 | M64: 0 | N64: -5
C65: =IFERROR(CHOOSE(B65, " ¹ "," ² "," ³ "," ⁴ "," ⁵ "," ⁶ "," ⁷ "," ⁸ "," ⁹ ", " ¹⁰ "," ¹¹ "," ¹² " ),"") | D65: Other taxes payable | E65: Задолженность по прочим налогам | F65: =CHOOSE(Content!$A$1, $D65, $E65)&$C65 -> Other taxes payable | H65: -31 | I65: -41 | J65: -75 | L65: -81 | M65: -31 | N65: -55
D66: Current portion of contingent consideration liability | E66: Краткосрочные условные обязательства и отсроченные выплаты | F66: =CHOOSE(Content!$A$1, $D66, $E66)&$C66 -> Current portion of contingent consideration liability | H66: 0 | I66: 0 | J66: 0 | L66: -15 | M66: 0 | N66: 0
C67: =IFERROR(CHOOSE(B67, " ¹ "," ² "," ³ "," ⁴ "," ⁵ "," ⁶ "," ⁷ "," ⁸ "," ⁹ ", " ¹⁰ "," ¹¹ "," ¹² " ),"") | D67: Current lease liabilities | E67: Обязательства по финансовому лизингу | F67: =CHOOSE(Content!$A$1, $D67, $E67)&$C67 -> Current lease liabilities | H67: -3 | I67: -1 | J67: 0 | L67: -18 | M67: -1 | N67: 0
C68: =IFERROR(CHOOSE(B68, " ¹ "," ² "," ³ "," ⁴ "," ⁵ "," ⁶ "," ⁷ "," ⁸ "," ⁹ ", " ¹⁰ "," ¹¹ "," ¹² " ),"") | D68: Liabilities associated with assets classified as held for sale | E68: Обязательства, связанные с активами, удерживаемыми для продажи | F68: =CHOOSE(Content!$A$1, $D68, $E68)&$C68 -> Liabilities associated with assets classified as held for sale | H68: -1 | I68: 0 | J68: 0 | L68: 0 | M68: 0 | N68: 0
C69: =IFERROR(CHOOSE(B69, " ¹ "," ² "," ³ "," ⁴ "," ⁵ "," ⁶ "," ⁷ "," ⁸ "," ⁹ ", " ¹⁰ "," ¹¹ "," ¹² " ),"") | D69: Total current liabilities | E69: Итого текущие обязательства | F69: =CHOOSE(Content!$A$1, $D69, $E69)&$C69 -> Total current liabilities | H69: -358 | I69: -216 | J69: -271 | L69: -1379 | M69: -306 | N69: -261
C70: =IFERROR(CHOOSE(B70, " ¹ "," ² "," ³ "," ⁴ "," ⁵ "," ⁶ "," ⁷ "," ⁸ "," ⁹ ", " ¹⁰ "," ¹¹ "," ¹² " ),"") | D70: Non-current borrowings | E70: Долгосрочные кредиты и займы | F70: =CHOOSE(Content!$A$1, $D70, $E70)&$C70 -> Non-current borrowings | H70: -185 | I70: -103 | J70: -150 | L70: -2220 | M70: -143 | N70: -162
C71: =IFERROR(CHOOSE(B71, " ¹ "," ² "," ³ "," ⁴ "," ⁵ "," ⁶ "," ⁷ "," ⁸ "," ⁹ ", " ¹⁰ "," ¹¹ "," ¹² " ),"") | D71: Contingent consideration liabilities | E71: Условные обязательства и выплаты | F71: =CHOOSE(Content!$A$1, $D71, $E71)&$C71 -> Contingent consideration liabilities | H71: -13 | I71: -28 | J71: 0 | L71: -29 | M71: -16 | N71: 0
C72: =IFERROR(CHOOSE(B72, " ¹ "," ² "," ³ "," ⁴ "," ⁵ "," ⁶ "," ⁷ "," ⁸ "," ⁹ ", " ¹⁰ "," ¹¹ "," ¹² " ),"") | D72: Non-current provisions | E72: Долгосрочные оценочные обязательства | F72: =CHOOSE(Content!$A$1, $D72, $E72)&$C72 -> Non-current provisions | H72: 0 | I72: -37 | J72: -56 | L72: -77 | M72: -40 | N72: -37
C73: =IFERROR(CHOOSE(B73, " ¹ "," ² "," ³ "," ⁴ "," ⁵ "," ⁶ "," ⁷ "," ⁸ "," ⁹ ", " ¹⁰ "," ¹¹ "," ¹² " ),"") | D73: Non-current lease liabilities | E73: Долгосрочные обязательства по аренде | F73: =CHOOSE(Content!$A$1, $D73, $E73)&$C73 -> Non-current lease liabilities | H73: -2 | I73: 0 | J73: 0 | L73: -52 | M73: -2 | N73: 0
C74: =IFERROR(CHOOSE(B74, " ¹ "," ² "," ³ "," ⁴ "," ⁵ "," ⁶ "," ⁷ "," ⁸ "," ⁹ ", " ¹⁰ "," ¹¹ "," ¹² " ),"") | D74: Other non-current liabilities | E74: Прочие долгосрочные обязательства | F74: =CHOOSE(Content!$A$1, $D74, $E74)&$C74 -> Other non-current liabilities | H74: -9 | I74: 0 | J74: -5 | L74: -18 | M74: 0 | N74: 0
C75: =IFERROR(CHOOSE(B75, " ¹ "," ² "," ³ "," ⁴ "," ⁵ "," ⁶ "," ⁷ "," ⁸ "," ⁹ ", " ¹⁰ "," ¹¹ "," ¹² " ),"") | D75: Deferred tax liability | E75: Отложенные налоговые обязательства | F75: =CHOOSE(Content!$A$1, $D75, $E75)&$C75 -> Deferred tax liability | H75: -54 | I75: -48 | J75: -41 | L75: -252 | M75: -47 | N75: -37
C76: =IFERROR(CHOOSE(B76, " ¹ "," ² "," ³ "," ⁴ "," ⁵ "," ⁶ "," ⁷ "," ⁸ "," ⁹ ", " ¹⁰ "," ¹¹ "," ¹² " ),"") | D76: Environmental obligations | E76: Обязательства по восстановлению окружающей среды | F76: =CHOOSE(Content!$A$1, $D76, $E76)&$C76 -> Environmental obligations | H76: -15 | I76: 0 | J76: 0 | L76: 0 | M76: 0 | N76: 0
C77: =IFERROR(CHOOSE(B77, " ¹ "," ² "," ³ "," ⁴ "," ⁵ "," ⁶ "," ⁷ "," ⁸ "," ⁹ ", " ¹⁰ "," ¹¹ "," ¹² " ),"") | D77: Total non-current liabilities | E77: Итого долгосрочные обязательства | F77: =CHOOSE(Content!$A$1, $D77, $E77)&$C77 -> Total non-current liabilities | H77: -278 | I77: -216 | J77: -252 | L77: -2648 | M77: -248 | N77: -236
C78: =IFERROR(CHOOSE(B78, " ¹ "," ² "," ³ "," ⁴ "," ⁵ "," ⁶ "," ⁷ "," ⁸ "," ⁹ ", " ¹⁰ "," ¹¹ "," ¹² " ),"") | D78: TOTAL LIABILITIES | E78: ИТОГО ОБЯЗАТЕЛЬСТВА | F78: =CHOOSE(Content!$A$1, $D78, $E78)&$C78 -> TOTAL LIABILITIES | H78: -636 | I78: -432 | J78: -523 | L78: -4027 | M78: -554 | N78: -497
... C81: =IFERROR(CHOOSE(B81, " ¹ "," ² "," ³ "," ⁴ "," ⁵ "," ⁶ "," ⁷ "," ⁸ "," ⁹ ", " ¹⁰ "," ¹¹ "," ¹² " ),"") | D81: Share premium | E81: Добавочный капитал | F81: =CHOOSE(Content!$A$1, $D81, $E81)&$C81 -> Share premium | H81: 2436 | I81: 2436 | J81: 2436 | L81: 2436 | M81: 2436 | N81: 2436
D82: Purchase of shares through mandatory buyback | E82: Приобретение акций посредством обязательного выкупа | F82: =CHOOSE(Content!$A$1, $D82, $E82)&$C82 -> Purchase of shares through mandatory buyback | H82: 0 | I82: 0 | J82: 0 | L82: 0 | M82: 0 | N82: -79
C83: =IFERROR(CHOOSE(B83, " ¹ "," ² "," ³ "," ⁴ "," ⁵ "," ⁶ "," ⁷ "," ⁸ "," ⁹ ", " ¹⁰ "," ¹¹ "," ¹² " ),"") | D83: Share-based compensation reserve | E83: Резерв по выплатам на основе акций | F83: =CHOOSE(Content!$A$1, $D83, $E83)&$C83 -> Share-based compensation reserve | H83: 4 | I83: - | J83: 0 | L83: 33 | M83: 4 | N83: 0
C84: =IFERROR(CHOOSE(B84, " ¹ "," ² "," ³ "," ⁴ "," ⁵ "," ⁶ "," ⁷ "," ⁸ "," ⁹ ", " ¹⁰ "," ¹¹ "," ¹² " ),"") | D84: Cash flow hedging reserve | E84: Резерв хеджирования денежных потоков | F84: =CHOOSE(Content!$A$1, $D84, $E84)&$C84 -> Cash flow hedging reserve | H84: -1138 | I84: 3 | J84: 1 | L84: 8 | M84: 5 | N84: 2
C85: =IFERROR(CHOOSE(B85, " ¹ "," ² "," ³ "," ⁴ "," ⁵ "," ⁶ "," ⁷ "," ⁸ "," ⁹ ", " ¹⁰ "," ¹¹ "," ¹² " ),"") | D85: Translation reserve | E85: Резерв по пересчету иностранной валюты | F85: =CHOOSE(Content!$A$1, $D85, $E85)&$C85 -> Translation reserve | H85: 7 | I85: -1278 | J85: -1117 | L85: -2063 | M85: -1288 | N85: -1192
D86: Fair value reserve | E86: Резерв справедливой стоимости | F86: =CHOOSE(Content!$A$1, $D86, $E86)&$C86 -> Fair value reserve | J86: 4 | N86: 11
C87: =IFERROR(CHOOSE(B87, " ¹ "," ² "," ³ "," ⁴ "," ⁵ "," ⁶ "," ⁷ "," ⁸ "," ⁹ ", " ¹⁰ "," ¹¹ "," ¹² " ),"") | D87: Retained earnings | E87: Нераспределенная прибыль | F87: =CHOOSE(Content!$A$1, $D87, $E87)&$C87 -> Retained earnings | H87: 49 | I87: 433 | J87: 1463 | L87: 1825 | M87: 344 | N87: 1010
C88: =IFERROR(CHOOSE(B88, " ¹ "," ² "," ³ "," ⁴ "," ⁵ "," ⁶ "," ⁷ "," ⁸ "," ⁹ ", " ¹⁰ "," ¹¹ "," ¹² " ),"") | D88: TOTAL EQUITY | E88: ИТОГО КАПИТАЛ | F88: =CHOOSE(Content!$A$1, $D88, $E88)&$C88 -> TOTAL EQUITY | H88: 1372 | I88: 1608 | J88: 2733 | L88: 2253 | M88: 1515 | N88: 2202
C89: =IFERROR(CHOOSE(B89, " ¹ "," ² "," ³ "," ⁴ "," ⁵ "," ⁶ "," ⁷ "," ⁸ "," ⁹ ", " ¹⁰ "," ¹¹ "," ¹² " ),"") | D89: ="" | E89: ="" | F89: =CHOOSE(Content!$A$1, $D89, $E89)&$C89
C90: =IFERROR(CHOOSE(B90, " ¹ "," ² "," ³ "," ⁴ "," ⁵ "," ⁶ "," ⁷ "," ⁸ "," ⁹ ", " ¹⁰ "," ¹¹ "," ¹² " ),"") | D90: TOTAL LIABILITIES AND SHAREHOLDERS' EQUITY | E90: ИТОГО ОБЯЗАТЕЛЬСТВА И КАПИТАЛ | F90: =CHOOSE(Content!$A$1, $D90, $E90)&$C90 -> TOTAL LIABILITIES AND SHAREHOLDERS' EQUITY | H90: 2008 | I90: 2040 | J90: 3256 | L90: 6280 | M90: 2069 | N90: 2699
C91: =IFERROR(CHOOSE(B91, " ¹ "," ² "," ³ "," ⁴ "," ⁵ "," ⁶ "," ⁷ "," ⁸ "," ⁹ ", " ¹⁰ "," ¹¹ "," ¹² " ),"") | D91: Cash flow statement | E91: Консолидированный отчет о движении денежных средств | F91: =CHOOSE(Content!$A$1, $D91, $E91)&$C91 -> Cash flow statement
C92: =IFERROR(CHOOSE(B92, " ¹ "," ² "," ³ "," ⁴ "," ⁵ "," ⁶ "," ⁷ "," ⁸ "," ⁹ ", " ¹⁰ "," ¹¹ "," ¹² " ),"") | D92: (US$m) | E92: US$ млн | F92: =CHOOSE(Content!$A$1, $D92, $E92)&$C92 -> (US$m) | H92: =H2 -> H1 2024 | I92: =I2 -> H1 2025 | J92: =J2 -> H1 2026 | L92: =L2 -> FY 2023 | M92: =M2 -> FY 2024 | N92: =N2 -> FY 2025
C93: =IFERROR(CHOOSE(B93, " ¹ "," ² "," ³ "," ⁴ "," ⁵ "," ⁶ "," ⁷ "," ⁸ "," ⁹ ", " ¹⁰ "," ¹¹ "," ¹² " ),"") | D93: Net cash generated by operating activities | E93: Чистые денежные средства, полученные от операционной деятельности | F93: =CHOOSE(Content!$A$1, $D93, $E93)&$C93 -> Net cash generated by operating activities | H93: 517 | I93: -86 | J93: 436 | L93: 575 | M93: 823 | N93: 603
C94: =IFERROR(CHOOSE(B94, " ¹ "," ² "," ³ "," ⁴ "," ⁵ "," ⁶ "," ⁷ "," ⁸ "," ⁹ ", " ¹⁰ "," ¹¹ "," ¹² " ),"") | D94: Relating to: | E94: Относящиеся к: | F94: =CHOOSE(Content!$A$1, $D94, $E94)&$C94 -> Relating to:
C95: =IFERROR(CHOOSE(B95, " ¹ "," ² "," ³ "," ⁴ "," ⁵ "," ⁶ "," ⁷ "," ⁸ "," ⁹ ", " ¹⁰ "," ¹¹ "," ¹² " ),"") | D95: Continuing operations | E95: Текущей операционной деятельности | F95: =CHOOSE(Content!$A$1, $D95, $E95)&$C95 -> Continuing operations | H95: 344 | I95: -86 | J95: 436 | L95: 125.78903 | M95: 650 | N95: 603
C96: =IFERROR(CHOOSE(B96, " ¹ "," ² "," ³ "," ⁴ "," ⁵ "," ⁶ "," ⁷ "," ⁸ "," ⁹ ", " ¹⁰ "," ¹¹ "," ¹² " ),"") | D96: Discontinued operations | E96: Прекращенной деятельности | F96: =CHOOSE(Content!$A$1, $D96, $E96)&$C96 -> Discontinued operations | H96: 173 | I96: - | J96: 0 | L96: 449.21097 | M96: 173 | N96: 0
C97: =IFERROR(CHOOSE(B97, " ¹ "," ² "," ³ "," ⁴ "," ⁵ "," ⁶ "," ⁷ "," ⁸ "," ⁹ ", " ¹⁰ "," ¹¹ "," ¹² " ),"") | D97: Cash flows from investing activities | E97: Денежные средства от инвестиционной деятельности | F97: =CHOOSE(Content!$A$1, $D97, $E97)&$C97 -> Cash flows from investing activities
C98: =IFERROR(CHOOSE(B98, " ¹ "," ² "," ³ "," ⁴ "," ⁵ "," ⁶ "," ⁷ "," ⁸ "," ⁹ ", " ¹⁰ "," ¹¹ "," ¹² " ),"") | D98: Purchases of property, plant and equipment | E98: Приобретение основных средств | F98: =CHOOSE(Content!$A$1, $D98, $E98)&$C98 -> Purchases of property, plant and equipment | H98: -174 | I98: -128 | J98: -193 | L98: -679 | M98: -279 | N98: -255
D99: Net cash outflow on investment in time deposits | E99: Чистый отток от инвестиций в срочные депозиты | F99: =CHOOSE(Content!$A$1, $D99, $E99)&$C99 -> Net cash outflow on investment in time deposits | H99: 0 | I99: 0 | J99: -34 | L99: 0 | M99: 0 | N99: -105
D100: Acquisition of interest in joint ventures | E100: Приобретение доли участия в совместных предприятиях | F100: =CHOOSE(Content!$A$1, $D100, $E100)&$C100 -> Acquisition of interest in joint ventures | H100: 0 | I100: 0 | J100: 0 | L100: 0 | M100: -82 | N100: 0
C101: =IFERROR(CHOOSE(B101, " ¹ "," ² "," ³ "," ⁴ "," ⁵ "," ⁶ "," ⁷ "," ⁸ "," ⁹ ", " ¹⁰ "," ¹¹ "," ¹² " ),"") | D101: Net cash outflow on acquisition of financial assets | E101: Чистый отток от приобретения финансовых активов | F101: =CHOOSE(Content!$A$1, $D101, $E101)&$C101 -> Net cash outflow on acquisition of financial assets | H101: 0 | I101: -15 | J101: 0 | L101: 0 | M101: 0 | N101: -15
C102: =IFERROR(CHOOSE(B102, " ¹ "," ² "," ³ "," ⁴ "," ⁵ "," ⁶ "," ⁷ "," ⁸ "," ⁹ ", " ¹⁰ "," ¹¹ "," ¹² " ),"") | D102: Net cash (outflow)/inflow on disposal of subsidiaries | E102: Чистый (отток)/приток денежных средств от выбытия дочерних компаний | F102: =CHOOSE(Content!$A$1, $D102, $E102)&$C102 -> Net cash (outflow)/inflow on disposal of subsidiaries | H102: -215 | I102: 0 | J102: 0 | L102: 21 | M102: -215 | N102: 0
C103: =IFERROR(CHOOSE(B103, " ¹ "," ² "," ³ "," ⁴ "," ⁵ "," ⁶ "," ⁷ "," ⁸ "," ⁹ ", " ¹⁰ "," ¹¹ "," ¹² " ),"") | D103: Net cash outflow on asset acquisitions | E103: Чистый отток от приобретения активов, нетто | F103: =CHOOSE(Content!$A$1, $D103, $E103)&$C103 -> Net cash outflow on asset acquisitions | H103: -6 | I103: 0 | J103: 0 | L103: -24 | M103: -6 | N103: 0
...

Sheet Revenue
C1: =IFERROR(CHOOSE(B1, " ¹ "," ² "," ³ "," ⁴ "," ⁵ "," ⁶ "," ⁷ "," ⁸ "," ⁹ ", " ¹⁰ "," ¹¹ "," ¹² " ),"") | D1: Revenue | E1: Выручка | F1: =CHOOSE(Content!$A$1, $D1, $E1)&$C1 -> Revenue
F2: =CHOOSE(Content!$A$1, $D2, $E2)&$C2 | H2: =CHOOSE(Content!$A$1, "H"&MONTH(H3)/6, MONTH(H3)/6&"П")&" "&YEAR(H3) -> H1 2023 | I2: =CHOOSE(Content!$A$1, "H"&MONTH(I3)/6, MONTH(I3)/6&"П")&" "&YEAR(I3) -> H2 2023 | J2: =CHOOSE(Content!$A$1, "H"&MONTH(J3)/6, MONTH(J3)/6&"П")&" "&YEAR(J3) -> H1 2024 | K2: =CHOOSE(Content!$A$1, "H"&MONTH(K3)/6, MONTH(K3)/6&"П")&" "&YEAR(K3) -> H2 2024 | L2: =CHOOSE(Content!$A$1, "H"&MONTH(L3)/6, MONTH(L3)/6&"П")&" "&YEAR(L3) -> H1 2025 | M2: =CHOOSE(Content!$A$1, "H"&MONTH(M3)/6, MONTH(M3)/6&"П")&" "&YEAR(M3) -> H2 2025 | N2: =CHOOSE(Content!$A$1, "H"&MONTH(N3)/6, MONTH(N3)/6&"П")&" "&YEAR(N3) -> H1 2026 | P2: =CHOOSE(Content!$A$1, "FY "&P3, P3) -> FY 2023 | Q2: =CHOOSE(Content!$A$1, "FY "&Q3, Q3) -> FY 2024 | R2: =CHOOSE(Content!$A$1, "FY "&R3, R3) -> FY 2025
C3: =IFERROR(CHOOSE(B3, " ¹ "," ² "," ³ "," ⁴ "," ⁵ "," ⁶ "," ⁷ "," ⁸ "," ⁹ ", " ¹⁰ "," ¹¹ "," ¹² " ),"") | D3: ="" | E3: ="" | F3: =CHOOSE(Content!$A$1, $D3, $E3)&$C3 | H3: =DATE(2023,6,30) -> 45107 | I3: =EOMONTH(H3,6) -> 45291 | J3: =EOMONTH(I3,6) -> 45473 | K3: =EOMONTH(J3,6) -> 45657 | L3: =EOMONTH(K3,6) -> 45838 | M3: =EOMONTH(L3,6) -> 46022 | N3: =EOMONTH(M3,6) -> 46203 | P3: 2023 | Q3: =P3+1 -> 2024 | R3: =Q3+1 -> 2025
C4: =IFERROR(CHOOSE(B4, " ¹ "," ² "," ³ "," ⁴ "," ⁵ "," ⁶ "," ⁷ "," ⁸ "," ⁹ ", " ¹⁰ "," ¹¹ "," ¹² " ),"") | D4: Revenue (US$m) | E4: Выручка (US$ млн) | F4: =CHOOSE(Content!$A$1, $D4, $E4)&$C4 -> Revenue (US$m)
C5: =IFERROR(CHOOSE(B5, " ¹ "," ² "," ³ "," ⁴ "," ⁵ "," ⁶ "," ⁷ "," ⁸ "," ⁹ ", " ¹⁰ "," ¹¹ "," ¹² " ),"") | D5: Gold | E5: Золото | F5: =CHOOSE(Content!$A$1, $D5, $E5)&$C5 -> Gold | H5: 380 | I5: 491 | J5: 694 | K5: 614 | L5: 318 | M5: 1167 | N5: 965.63248 | P5: 871 | Q5: 1308 | R5: 1485
C6: =IFERROR(CHOOSE(B6, " ¹ "," ² "," ³ "," ⁴ "," ⁵ "," ⁶ "," ⁷ "," ⁸ "," ⁹ ", " ¹⁰ "," ¹¹ "," ¹² " ),"") | D6: Other metals | E6: Другие металлы | F6: =CHOOSE(Content!$A$1, $D6, $E6)&$C6 -> Other metals | H6: 13 | I6: 9 | J6: 10 | K6: 10 | L6: 7 | M6: 8 | N6: 6.1020347 | P6: 22 | Q6: 20 | R6: 15
C7: =IFERROR(CHOOSE(B7, " ¹ "," ² "," ³ "," ⁴ "," ⁵ "," ⁶ "," ⁷ "," ⁸ "," ⁹ ", " ¹⁰ "," ¹¹ "," ¹² " ),"") | D7: Total | E7: Итого | F7: =CHOOSE(Content!$A$1, $D7, $E7)&$C7 -> Total | H7: 393 | I7: 500 | J7: 704 | K7: 624 | L7: 325 | M7: 1175 | N7: 971.73451 | P7: 893 | Q7: 1328 | R7: 1500
C8: =IFERROR(CHOOSE(B8, " ¹ "," ² "," ³ "," ⁴ "," ⁵ "," ⁶ "," ⁷ "," ⁸ "," ⁹ ", " ¹⁰ "," ¹¹ "," ¹² " ),"") | D8: Sales volume | E8: Объем продаж | F8: =CHOOSE(Content!$A$1, $D8, $E8)&$C8 -> Sales volume
C9: =IFERROR(CHOOSE(B9, " ¹ "," ² "," ³ "," ⁴ "," ⁵ "," ⁶ "," ⁷ "," ⁸ "," ⁹ ", " ¹⁰ "," ¹¹ "," ¹² " ),"") | D9: Gold (thousand ounces) | E9: Золото (тыс. унций) | F9: =CHOOSE(Content!$A$1, $D9, $E9)&$C9 -> Gold (thousand ounces) | H9: 200 | I9: 252.10048 | J9: 317 | K9: 240 | L9: 102 | M9: 306 | N9: 203.40948 | P9: 452.10048 | Q9: 557 | R9: 408
B10: 1 | C10: =IFERROR(CHOOSE(B10, " ¹ "," ² "," ³ "," ⁴ "," ⁵ "," ⁶ "," ⁷ "," ⁸ "," ⁹ ", " ¹⁰ "," ¹¹ "," ¹² " ),"") -> ¹ | D10: Gold equivalent sold, Koz | E10: Итого | F10: =CHOOSE(Content!$A$1, $D10, $E10)&$C10 -> Gold equivalent sold, Koz ¹ | H10: 206.19209 | I10: 257.80791 | J10: 321.06314 | K10: 244.76712 | L10: 104 | M10: 308 | N10: 205 | P10: 464 | Q10: 565.83026 | R10: 412
B11: 2 | C11: =IFERROR(CHOOSE(B11, " ¹ "," ² "," ³ "," ⁴ "," ⁵ "," ⁶ "," ⁷ "," ⁸ "," ⁹ ", " ¹⁰ "," ¹¹ "," ¹² " ),"") -> ² | D11: Average realised price | E11: Средняя цена реализации | F11: =CHOOSE(Content!$A$1, $D11, $E11)&$C11 -> Average realised price ²
C12: =IFERROR(CHOOSE(B12, " ¹ "," ² "," ³ "," ⁴ "," ⁵ "," ⁶ "," ⁷ "," ⁸ "," ⁹ ", " ¹⁰ "," ¹¹ "," ¹² " ),"") | D12: Gold, US$/oz | E12: Золото, US$/унция | F12: =CHOOSE(Content!$A$1, $D12, $E12)&$C12 -> Gold, US$/oz | H12: 1904 | I12: 1967.3316 | J12: 2190 | K12: 2552.7235 | L12: 3126.93 | M12: 3815 | N12: 4747.9575 | P12: 1952.5186 | Q12: 2408.8142 | R12: 3657.9753
C13: =IFERROR(CHOOSE(B13, " ¹ "," ² "," ³ "," ⁴ "," ⁵ "," ⁶ "," ⁷ "," ⁸ "," ⁹ ", " ¹⁰ "," ¹¹ "," ¹² " ),"") | D13: Revenue by segment | E13: Выручка по предприятиям | F13: =CHOOSE(Content!$A$1, $D13, $E13)&$C13 -> Revenue by segment
C14: =IFERROR(CHOOSE(B14, " ¹ "," ² "," ³ "," ⁴ "," ⁵ "," ⁶ "," ⁷ "," ⁸ "," ⁹ ", " ¹⁰ "," ¹¹ "," ¹² " ),"") | D14: US$m | E14: US$ млн | F14: =CHOOSE(Content!$A$1, $D14, $E14)&$C14 -> US$m | H14: =H2 -> H1 2023 | I14: =I2 -> H2 2023 | J14: =J2 -> H1 2024 | K14: =K2 -> H2 2024 | L14: =L2 -> H1 2025 | M14: =M2 -> H2 2025 | N14: =N2 -> H1 2026 | P14: =P2 -> FY 2023 | Q14: =Q2 -> FY 2024 | R14: =R2 -> FY 2025
C15: =IFERROR(CHOOSE(B15, " ¹ "," ² "," ³ "," ⁴ "," ⁵ "," ⁶ "," ⁷ "," ⁸ "," ⁹ ", " ¹⁰ "," ¹¹ "," ¹² " ),"") | D15: Kyzyl | E15: Кызыл | F15: =CHOOSE(Content!$A$1, $D15, $E15)&$C15 -> Kyzyl | H15: 214 | I15: 304 | J15: 456.21 | K15: 400.31628 | L15: 74 | M15: 818 | N15: 579 | P15: 518 | Q15: 856.52628 | R15: 892
C16: =IFERROR(CHOOSE(B16, " ¹ "," ² "," ³ "," ⁴ "," ⁵ "," ⁶ "," ⁷ "," ⁸ "," ⁹ ", " ¹⁰ "," ¹¹ "," ¹² " ),"") | D16: Varvara | E16: Варваринское | F16: =CHOOSE(Content!$A$1, $D16, $E16)&$C16 -> Varvara | H16: 179 | I16: 186 | J16: 189.498 | K16: 222.44019 | L16: 251 | M16: 357 | N16: 393 | P16: 365 | Q16: 411.93819 | R16: 608
B17: 3 | C17: =IFERROR(CHOOSE(B17, " ¹ "," ² "," ³ "," ⁴ "," ⁵ "," ⁶ "," ⁷ "," ⁸ "," ⁹ ", " ¹⁰ "," ¹¹ "," ¹² " ),"") -> ³ | D17: Other | E17: Прочее | F17: =CHOOSE(Content!$A$1, $D17, $E17)&$C17 -> Other ³ | H17: 0 | I17: 10 | J17: 59.024 | K17: 0.00035628969 | L17: 0 | M17: 0 | N17: 0 | P17: 10 | Q17: 59.024356 | R17: 0
C18: =IFERROR(CHOOSE(B18, " ¹ "," ² "," ³ "," ⁴ "," ⁵ "," ⁶ "," ⁷ "," ⁸ "," ⁹ ", " ¹⁰ "," ¹¹ "," ¹² " ),"") | D18: Total | E18: Итого | F18: =CHOOSE(Content!$A$1, $D18, $E18)&$C18 -> Total | H18: 393 | I18: 500 | J18: 703.732 | K18: 624.75683 | L18: 325 | M18: 1175 | N18: 972 | P18: 893 | Q18: 1328.4888 | R18: 1500
C19: =IFERROR(CHOOSE(B19, " ¹ "," ² "," ³ "," ⁴ "," ⁵ "," ⁶ "," ⁷ "," ⁸ "," ⁹ ", " ¹⁰ "," ¹¹ "," ¹² " ),"") | D19: ="" | E19: ="" | F19: =CHOOSE(Content!$A$1, $D19, $E19)&$C19
C20: =IFERROR(CHOOSE(B20, " ¹ "," ² "," ³ "," ⁴ "," ⁵ "," ⁶ "," ⁷ "," ⁸ "," ⁹ ", " ¹⁰ "," ¹¹ "," ¹² " ),"") | D20: Revenue by region | E20: Выручка по регионам | F20: =CHOOSE(Content!$A$1, $D20, $E20)&$C20 -> Revenue by region
C21: =IFERROR(CHOOSE(B21, " ¹ "," ² "," ³ "," ⁴ "," ⁵ "," ⁶ "," ⁷ "," ⁸ "," ⁹ ", " ¹⁰ "," ¹¹ "," ¹² " ),"") | D21: US$m | E21: US$ млн | F21: =CHOOSE(Content!$A$1, $D21, $E21)&$C21 -> US$m | H21: =H2 -> H1 2023 | I21: =I2 -> H2 2023 | J21: =J2 -> H1 2024 | K21: =K2 -> H2 2024 | L21: =L2 -> H1 2025 | M21: =M2 -> H2 2025 | N21: =N2 -> H1 2026 | P21: =P2 -> FY 2023 | Q21: =Q2 -> FY 2024 | R21: =R2 -> FY 2025
C22: =IFERROR(CHOOSE(B22, " ¹ "," ² "," ³ "," ⁴ "," ⁵ "," ⁶ "," ⁷ "," ⁸ "," ⁹ ", " ¹⁰ "," ¹¹ "," ¹² " ),"") | D22: Sales to Kazakhstan | E22: Продажи в Казахстан | F22: =CHOOSE(Content!$A$1, $D22, $E22)&$C22 -> Sales to Kazakhstan | H22: 327 | I22: 333 | J22: 436 | K22: 518 | L22: 269 | M22: 1175.4198 | N22: 972 | P22: 660 | Q22: 954 | R22: 1444.4198
C23: =IFERROR(CHOOSE(B23, " ¹ "," ² "," ³ "," ⁴ "," ⁵ "," ⁶ "," ⁷ "," ⁸ "," ⁹ ", " ¹⁰ "," ¹¹ "," ¹² " ),"") | D23: Sales to Asia | E23: Продажи в Азию | F23: =CHOOSE(Content!$A$1, $D23, $E23)&$C23 -> Sales to Asia | H23: 62 | I23: 171 | J23: 268 | K23: 106 | L23: 56 | M23: -0.34396057 | N23: 0 | P23: 233 | Q23: 374 | R23: 55.656039
C24: =IFERROR(CHOOSE(B24, " ¹ "," ² "," ³ "," ⁴ "," ⁵ "," ⁶ "," ⁷ "," ⁸ "," ⁹ ", " ¹⁰ "," ¹¹ "," ¹² " ),"") | D24: Other sales | E24: Прочая реализация | F24: =CHOOSE(Content!$A$1, $D24, $E24)&$C24 -> Other sales | H24: 4 | I24: -4 | J24: 0 | K24: 0 | L24: 0 | M24: 0 | N24: 0 | P24: 0 | Q24: 0 | R24: 0
C25: =IFERROR(CHOOSE(B25, " ¹ "," ² "," ³ "," ⁴ "," ⁵ "," ⁶ "," ⁷ "," ⁸ "," ⁹ ", " ¹⁰ "," ¹¹ "," ¹² " ),"") | D25: Total | E25: Итого | F25: =CHOOSE(Content!$A$1, $D25, $E25)&$C25 -> Total | H25: 393 | I25: 500 | J25: 704 | K25: 624 | L25: 325 | M25: 1175.0759 | N25: 972 | P25: 893 | Q25: 1328 | R25: 1500.0759
C26: =IFERROR(CHOOSE(B26, " ¹ "," ² "," ³ "," ⁴ "," ⁵ "," ⁶ "," ⁷ "," ⁸ "," ⁹ ", " ¹⁰ "," ¹¹ "," ¹² " ),"") | D26: Notes: | E26: Примечания: | F26: =CHOOSE(Content!$A$1, $D26, $E26)&$C26 -> Notes:
B27: 1 | C27: =IFERROR(CHOOSE(B27, " ¹ "," ² "," ³ "," ⁴ "," ⁵ "," ⁶ "," ⁷ "," ⁸ "," ⁹ ", " ¹⁰ "," ¹¹ "," ¹² " ),"") -> ¹ | D27: Based on actual realised prices. | E27: На основе фактических цен реализации. | F27: =$C27&CHOOSE(Content!$A$1, $D27, $E27) -> ¹ Based on actual realised prices.
B28: 2 | C28: =IFERROR(CHOOSE(B28, " ¹ "," ² "," ³ "," ⁴ "," ⁵ "," ⁶ "," ⁷ "," ⁸ "," ⁹ ", " ¹⁰ "," ¹¹ "," ¹² " ),"") -> ² | D28: Without the effect of deductions for treatment charges from revenue. | E28: Без учета эффекта от вычета затрат на переработку. | F28: =$C28&CHOOSE(Content!$A$1, $D28, $E28) -> ² Without the effect of deductions for treatment charges from revenue.
B29: 3 | C29: =IFERROR(CHOOSE(B29, " ¹ "," ² "," ³ "," ⁴ "," ⁵ "," ⁶ "," ⁷ "," ⁸ "," ⁹ ", " ¹⁰ "," ¹¹ "," ¹² " ),"") -> ³ | D29: Commission sales of third-party materials. | E29: Реализация стороннего сырья. | F29: =$C29&CHOOSE(Content!$A$1, $D29, $E29) -> ³ Commission sales of third-party materials.

Sheet Cost of sales
C1: =IFERROR(CHOOSE(B1, " ¹ "," ² "," ³ "," ⁴ "," ⁵ "," ⁶ "," ⁷ "," ⁸ "," ⁹ ", " ¹⁰ "," ¹¹ "," ¹² " ),"") | D1: Cost of sales | E1: Себестоимость реализации | F1: =CHOOSE(Content!$A$1, $D1, $E1)&$C1 -> Cost of sales
C2: =IFERROR(CHOOSE(B2, " ¹ "," ² "," ³ "," ⁴ "," ⁵ "," ⁶ "," ⁷ "," ⁸ "," ⁹ ", " ¹⁰ "," ¹¹ "," ¹² " ),"") | D2: US$m | E2: US$ млн | F2: =CHOOSE(Content!$A$1, $D2, $E2)&$C2 -> US$m | H2: =CHOOSE(Content!$A$1, "H"&MONTH(H3)/6, MONTH(H3)/6&"П")&" "&YEAR(H3) -> H1 2023 | I2: =CHOOSE(Content!$A$1, "H"&MONTH(I3)/6, MONTH(I3)/6&"П")&" "&YEAR(I3) -> H2 2023 | J2: =CHOOSE(Content!$A$1, "H"&MONTH(J3)/6, MONTH(J3)/6&"П")&" "&YEAR(J3) -> H1 2024 | K2: =CHOOSE(Content!$A$1, "H"&MONTH(K3)/6, MONTH(K3)/6&"П")&" "&YEAR(K3) -> H2 2024 | L2: =CHOOSE(Content!$A$1, "H"&MONTH(L3)/6, MONTH(L3)/6&"П")&" "&YEAR(L3) -> H1 2025 | M2: =CHOOSE(Content!$A$1, "H"&MONTH(M3)/6, MONTH(M3)/6&"П")&" "&YEAR(M3) -> H2 2025 | N2: =CHOOSE(Content!$A$1, "H"&MONTH(N3)/6, MONTH(N3)/6&"П")&" "&YEAR(N3) -> H1 2026 | P2: =CHOOSE(Content!$A$1, "FY "&P3, P3) -> FY 2023 | Q2: =CHOOSE(Content!$A$1, "FY "&Q3, Q3) -> FY 2024 | R2: =CHOOSE(Content!$A$1, "FY "&R3, R3) -> FY 2025
D3: ="" | E3: ="" | F3: =CHOOSE(Content!$A$1, $D3, $E3)&$C3 | H3: =DATE(2023,6,30) -> 45107 | I3: =EOMONTH(H3,6) -> 45291 | J3: =EOMONTH(I3,6) -> 45473 | K3: =EOMONTH(J3,6) -> 45657 | L3: =EOMONTH(K3,6) -> 45838 | M3: =EOMONTH(L3,6) -> 46022 | N3: =EOMONTH(M3,6) -> 46203 | P3: =2023 -> 2023 | Q3: =P3+1 -> 2024 | R3: =Q3+1 -> 2025
C4: =IFERROR(CHOOSE(B4, " ¹ "," ² "," ³ "," ⁴ "," ⁵ "," ⁶ "," ⁷ "," ⁸ "," ⁹ ", " ¹⁰ "," ¹¹ "," ¹² " ),"") | D4: Cash operating costs | E4: Денежные операционные расходы | F4: =CHOOSE(Content!$A$1, $D4, $E4)&$C4 -> Cash operating costs
C5: =IFERROR(CHOOSE(B5, " ¹ "," ² "," ³ "," ⁴ "," ⁵ "," ⁶ "," ⁷ "," ⁸ "," ⁹ ", " ¹⁰ "," ¹¹ "," ¹² " ),"") | D5: On-mine costs | E5: Расходы на добычу | F5: =CHOOSE(Content!$A$1, $D5, $E5)&$C5 -> On-mine costs | H5: 83 | I5: 66 | J5: 81 | K5: 83 | L5: 90 | M5: 93 | N5: 95 | P5: 149 | Q5: 164 | R5: 183
C6: =IFERROR(CHOOSE(B6, " ¹ "," ² "," ³ "," ⁴ "," ⁵ "," ⁶ "," ⁷ "," ⁸ "," ⁹ ", " ¹⁰ "," ¹¹ "," ¹² " ),"") | D6: Smelting costs | E6: Расходы на переработку | F6: =CHOOSE(Content!$A$1, $D6, $E6)&$C6 -> Smelting costs | H6: 60 | I6: 45 | J6: 58 | K6: 56 | L6: 54 | M6: 63 | N6: 63 | P6: 105 | Q6: 114 | R6: 117
C7: =IFERROR(CHOOSE(B7, " ¹ "," ² "," ³ "," ⁴ "," ⁵ "," ⁶ "," ⁷ "," ⁸ "," ⁹ ", " ¹⁰ "," ¹¹ "," ¹² " ),"") | D7: Purchase of ore and concentrate from third parties | E7: Приобретение руды и концентрата у третьих сторон | F7: =CHOOSE(Content!$A$1, $D7, $E7)&$C7 -> Purchase of ore and concentrate from third parties | H7: 35 | I7: 92 | J7: 59 | K7: 39 | L7: 48 | M7: 44 | N7: 53 | P7: 127 | Q7: 98 | R7: 92
C8: =IFERROR(CHOOSE(B8, " ¹ "," ² "," ³ "," ⁴ "," ⁵ "," ⁶ "," ⁷ "," ⁸ "," ⁹ ", " ¹⁰ "," ¹¹ "," ¹² " ),"") | D8: Mining tax | E8: Налог на добычу полезных ископаемых | F8: =CHOOSE(Content!$A$1, $D8, $E8)&$C8 -> Mining tax | H8: 38 | I8: 38 | J8: 43 | K8: 48 | L8: 64 | M8: 67 | N8: 142 | P8: 76 | Q8: 91 | R8: 131
C9: =IFERROR(CHOOSE(B9, " ¹ "," ² "," ³ "," ⁴ "," ⁵ "," ⁶ "," ⁷ "," ⁸ "," ⁹ ", " ¹⁰ "," ¹¹ "," ¹² " ),"") | D9: Total cash operating costs | E9: Итого денежные операционные расходы | F9: =CHOOSE(Content!$A$1, $D9, $E9)&$C9 -> Total cash operating costs | H9: 216 | I9: 241 | J9: 241 | K9: 226 | L9: 256 | M9: 267 | N9: 353 | P9: 457 | Q9: 467 | R9: 523
C10: =IFERROR(CHOOSE(B10, " ¹ "," ² "," ³ "," ⁴ "," ⁵ "," ⁶ "," ⁷ "," ⁸ "," ⁹ ", " ¹⁰ "," ¹¹ "," ¹² " ),"") | D10: Depreciation and depletion of operating assets | E10: Износ и истощение внеоборотных активов | F10: =CHOOSE(Content!$A$1, $D10, $E10)&$C10 -> Depreciation and depletion of operating assets | H10: 37 | I10: 34 | J10: 49 | K10: 48 | L10: 48 | M10: 49 | N10: 52 | P10: 71 | Q10: 97 | R10: 97
C11: =IFERROR(CHOOSE(B11, " ¹ "," ² "," ³ "," ⁴ "," ⁵ "," ⁶ "," ⁷ "," ⁸ "," ⁹ ", " ¹⁰ "," ¹¹ "," ¹² " ),"") | D11: Rehabilitation expenses | E11: Расходы на рекультивацию | F11: =CHOOSE(Content!$A$1, $D11, $E11)&$C11 -> Rehabilitation expenses | H11: 0 | I11: 0 | J11: 0 | K11: 0 | L11: 0 | M11: 0 | P11: 0 | Q11: 0 | R11: 0
C12: =IFERROR(CHOOSE(B12, " ¹ "," ² "," ³ "," ⁴ "," ⁵ "," ⁶ "," ⁷ "," ⁸ "," ⁹ ", " ¹⁰ "," ¹¹ "," ¹² " ),"") | D12: Total costs of production | E12: Итого издержки производства | F12: =CHOOSE(Content!$A$1, $D12, $E12)&$C12 -> Total costs of production | H12: 253 | I12: 275 | J12: 290 | K12: 274 | L12: 304 | M12: 316 | N12: 405 | P12: 528 | Q12: 564 | R12: 620
C13: =IFERROR(CHOOSE(B13, " ¹ "," ² "," ³ "," ⁴ "," ⁵ "," ⁶ "," ⁷ "," ⁸ "," ⁹ ", " ¹⁰ "," ¹¹ "," ¹² " ),"") | D13: Change in metal inventories | E13: Изменение запасов металлопродукции | F13: =CHOOSE(Content!$A$1, $D13, $E13)&$C13 -> Change in metal inventories | H13: -67 | I13: -20 | J13: 67 | K13: -11 | L13: -149 | M13: 42 | N13: -88 | P13: -87 | Q13: 56 | R13: -107
C14: =IFERROR(CHOOSE(B14, " ¹ "," ² "," ³ "," ⁴ "," ⁵ "," ⁶ "," ⁷ "," ⁸ "," ⁹ ", " ¹⁰ "," ¹¹ "," ¹² " ),"") | D14: Write-down of metal inventories to net realisable value | E14: Снижение стоимости материально-производственных запасов до возможной чистой стоимости реализации | F14: =CHOOSE(Content!$A$1, $D14, $E14)&$C14 -> Write-down of metal inventories to net realisable value | H14: 0 | I14: 0 | J14: 1 | K14: -1 | L14: 0 | M14: 0 | N14: 0 | P14: 0 | Q14: 0 | R14: 0
C15: =IFERROR(CHOOSE(B15, " ¹ "," ² "," ³ "," ⁴ "," ⁵ "," ⁶ "," ⁷ "," ⁸ "," ⁹ ", " ¹⁰ "," ¹¹ "," ¹² " ),"") | D15: Total change in inventories | E15: Итого изменение запасов | F15: =CHOOSE(Content!$A$1, $D15, $E15)&$C15 -> Total change in inventories | H15: -67 | I15: -20 | J15: 68 | K15: -12 | L15: -149 | M15: 42 | N15: 317 | P15: -87 | Q15: 56 | R15: -107
C16: =IFERROR(CHOOSE(B16, " ¹ "," ² "," ³ "," ⁴ "," ⁵ "," ⁶ "," ⁷ "," ⁸ "," ⁹ ", " ¹⁰ "," ¹¹ "," ¹² " ),"") | D16: Write-down of non-metal inventories to net realisable value | E16: Снижение стоимости нематериально запасов до возможной чистой стоимости реализации | F16: =CHOOSE(Content!$A$1, $D16, $E16)&$C16 -> Write-down of non-metal inventories to net realisable value | I16: 0 | J16: 0 | K16: 0 | L16: 0 | M16: 0 | N16: 0 | P16: 0 | Q16: 0 | R16: 0
C17: =IFERROR(CHOOSE(B17, " ¹ "," ² "," ³ "," ⁴ "," ⁵ "," ⁶ "," ⁷ "," ⁸ "," ⁹ ", " ¹⁰ "," ¹¹ "," ¹² " ),"") | D17: Idle capacities and abnormal production costs | E17: Простаивающие мощности и ненормированные производственные затраты | F17: =CHOOSE(Content!$A$1, $D17, $E17)&$C17 -> Idle capacities and abnormal production costs | I17: 0 | J17: 0 | K17: 1 | L17: 0 | M17: 0 | N17: 0 | P17: 0 | Q17: 1 | R17: 0
C18: =IFERROR(CHOOSE(B18, " ¹ "," ² "," ³ "," ⁴ "," ⁵ "," ⁶ "," ⁷ "," ⁸ "," ⁹ ", " ¹⁰ "," ¹¹ "," ¹² " ),"") | D18: Total cost of sales | E18: Итого себестоимость реализации | F18: =CHOOSE(Content!$A$1, $D18, $E18)&$C18 -> Total cost of sales | H18: 186 | I18: 255 | J18: 358 | K18: 263 | L18: 155 | M18: 358 | N18: 317 | P18: 441 | Q18: 621 | R18: 513
C19: =IFERROR(CHOOSE(B19, " ¹ "," ² "," ³ "," ⁴ "," ⁵ "," ⁶ "," ⁷ "," ⁸ "," ⁹ ", " ¹⁰ "," ¹¹ "," ¹² " ),"") | D19: Mining costs | E19: Расходы на добычу | F19: =CHOOSE(Content!$A$1, $D19, $E19)&$C19 -> Mining costs
C20: =IFERROR(CHOOSE(B20, " ¹ "," ² "," ³ "," ⁴ "," ⁵ "," ⁶ "," ⁷ "," ⁸ "," ⁹ ", " ¹⁰ "," ¹¹ "," ¹² " ),"") | D20: US$m | E20: US$ млн | F20: =CHOOSE(Content!$A$1, $D20, $E20)&$C20 -> US$m | H20: =H2 -> H1 2023 | I20: =I2 -> H2 2023 | J20: =J2 -> H1 2024 | K20: =K2 -> H2 2024 | L20: =L2 -> H1 2025 | M20: =M2 -> H2 2025 | N20: =N2 -> H1 2026 | P20: =P2 -> FY 2023 | Q20: =Q2 -> FY 2024 | R20: =R2 -> FY 2025
C21: =IFERROR(CHOOSE(B21, " ¹ "," ² "," ³ "," ⁴ "," ⁵ "," ⁶ "," ⁷ "," ⁸ "," ⁹ ", " ¹⁰ "," ¹¹ "," ¹² " ),"") | D21: Services | E21: Услуги | F21: =CHOOSE(Content!$A$1, $D21, $E21)&$C21 -> Services | H21: 37 | I21: 41 | J21: 42 | K21: 42 | L21: 48 | M21: 47 | N21: 50 | P21: 78 | Q21: 84 | R21: 95
C22: =IFERROR(CHOOSE(B22, " ¹ "," ² "," ³ "," ⁴ "," ⁵ "," ⁶ "," ⁷ "," ⁸ "," ⁹ ", " ¹⁰ "," ¹¹ "," ¹² " ),"") | D22: Consumables and spare parts | E22: Расходные материалы и запасные части | F22: =CHOOSE(Content!$A$1, $D22, $E22)&$C22 -> Consumables and spare parts | H22: 34 | I22: 14 | J22: 25 | K22: 26 | L22: 28 | M22: 31 | N22: 26 | P22: 48 | Q22: 51 | R22: 59
C23: =IFERROR(CHOOSE(B23, " ¹ "," ² "," ³ "," ⁴ "," ⁵ "," ⁶ "," ⁷ "," ⁸ "," ⁹ ", " ¹⁰ "," ¹¹ "," ¹² " ),"") | D23: Labour | E23: Заработная плата | F23: =CHOOSE(Content!$A$1, $D23, $E23)&$C23 -> Labour | H23: 9 | I23: 10 | J23: 12 | K23: 11 | L23: 13 | M23: 12 | N23: 17 | P23: 19 | Q23: 23 | R23: 25
C24: =IFERROR(CHOOSE(B24, " ¹ "," ² "," ³ "," ⁴ "," ⁵ "," ⁶ "," ⁷ "," ⁸ "," ⁹ ", " ¹⁰ "," ¹¹ "," ¹² " ),"") | D24: Other expenses | E24: Прочие расходы | F24: =CHOOSE(Content!$A$1, $D24, $E24)&$C24 -> Other expenses | H24: 3 | I24: 1 | J24: 2 | K24: 4 | L24: 1 | M24: 3 | N24: 2 | P24: 4 | Q24: 6 | R24: 4
C25: =IFERROR(CHOOSE(B25, " ¹ "," ² "," ³ "," ⁴ "," ⁵ "," ⁶ "," ⁷ "," ⁸ "," ⁹ ", " ¹⁰ "," ¹¹ "," ¹² " ),"") | D25: Total | E25: Итого | F25: =CHOOSE(Content!$A$1, $D25, $E25)&$C25 -> Total | H25: 83 | I25: 66 | J25: 81 | K25: 83 | L25: 90 | M25: 93 | N25: 95 | P25: 149 | Q25: 164 | R25: 183
C26: =IFERROR(CHOOSE(B26, " ¹ "," ² "," ³ "," ⁴ "," ⁵ "," ⁶ "," ⁷ "," ⁸ "," ⁹ ", " ¹⁰ "," ¹¹ "," ¹² " ),"") | D26: Smelting costs | E26: Расходы на переработку | F26: =CHOOSE(Content!$A$1, $D26, $E26)&$C26 -> Smelting costs
C27: =IFERROR(CHOOSE(B27, " ¹ "," ² "," ³ "," ⁴ "," ⁵ "," ⁶ "," ⁷ "," ⁸ "," ⁹ ", " ¹⁰ "," ¹¹ "," ¹² " ),"") | D27: US$m | E27: US$ млн | F27: =CHOOSE(Content!$A$1, $D27, $E27)&$C27 -> US$m | H27: =H2 -> H1 2023 | I27: =I2 -> H2 2023 | J27: =J2 -> H1 2024 | K27: =K2 -> H2 2024 | L27: =L2 -> H1 2025 | M27: =M2 -> H2 2025 | N27: =N2 -> H1 2026 | P27: =P2 -> FY 2023 | Q27: =Q2 -> FY 2024 | R27: =R2 -> FY 2025
C28: =IFERROR(CHOOSE(B28, " ¹ "," ² "," ³ "," ⁴ "," ⁵ "," ⁶ "," ⁷ "," ⁸ "," ⁹ ", " ¹⁰ "," ¹¹ "," ¹² " ),"") | D28: Consumables and spare parts | E28: Расходные материалы и запасные части | F28: =CHOOSE(Content!$A$1, $D28, $E28)&$C28 -> Consumables and spare parts | H28: 36 | I28: 14 | J28: 23 | K28: 23 | L28: 24 | M28: 23 | N28: 24 | P28: 50 | Q28: 46 | R28: 47
C29: =IFERROR(CHOOSE(B29, " ¹ "," ² "," ³ "," ⁴ "," ⁵ "," ⁶ "," ⁷ "," ⁸ "," ⁹ ", " ¹⁰ "," ¹¹ "," ¹² " ),"") | D29: Services | E29: Услуги | F29: =CHOOSE(Content!$A$1, $D29, $E29)&$C29 -> Services | H29: 17 | I29: 23 | J29: 26 | K29: 23 | L29: 22 | M29: 29 | N29: 26 | P29: 40 | Q29: 49 | R29: 51
C30: =IFERROR(CHOOSE(B30, " ¹ "," ² "," ³ "," ⁴ "," ⁵ "," ⁶ "," ⁷ "," ⁸ "," ⁹ ", " ¹⁰ "," ¹¹ "," ¹² " ),"") | D30: Labour | E30: Заработная плата | F30: =CHOOSE(Content!$A$1, $D30, $E30)&$C30 -> Labour | H30: 7 | I30: 7 | J30: 9 | K30: 8 | L30: 8 | M30: 10 | N30: 12 | P30: 14 | Q30: 17 | R30: 18
C31: =IFERROR(CHOOSE(B31, " ¹ "," ² "," ³ "," ⁴ "," ⁵ "," ⁶ "," ⁷ "," ⁸ "," ⁹ ", " ¹⁰ "," ¹¹ "," ¹² " ),"") | D31: Other expenses | E31: Прочие расходы | F31: =CHOOSE(Content!$A$1, $D31, $E31)&$C31 -> Other expenses | H31: 0 | I31: 1 | J31: 0 | K31: 2 | L31: 0 | M31: 1 | N31: 1 | P31: 1 | Q31: 2 | R31: 1
C32: =IFERROR(CHOOSE(B32, " ¹ "," ² "," ³ "," ⁴ "," ⁵ "," ⁶ "," ⁷ "," ⁸ "," ⁹ ", " ¹⁰ "," ¹¹ "," ¹² " ),"") | D32: Total | E32: Итого | F32: =CHOOSE(Content!$A$1, $D32, $E32)&$C32 -> Total | H32: 60 | I32: 45 | J32: 58 | K32: 56 | L32: 54 | M32: 63 | N32: 53 | P32: 105 | Q32: 114 | R32: 117
C34: =IFERROR(CHOOSE(B34, " ¹ "," ² "," ³ "," ⁴ "," ⁵ "," ⁶ "," ⁷ "," ⁸ "," ⁹ ", " ¹⁰ "," ¹¹ "," ¹² " ),"") | D34: SG&A | E34: Общие, административные и коммерческие расходы | F34: =CHOOSE(Content!$A$1, $D34, $E34)&$C34 -> SG&A
C35: =IFERROR(CHOOSE(B35, " ¹ "," ² "," ³ "," ⁴ "," ⁵ "," ⁶ "," ⁷ "," ⁸ "," ⁹ ", " ¹⁰ "," ¹¹ "," ¹² " ),"") | D35: (US$m) | E35: US$ млн | F35: =CHOOSE(Content!$A$1, $D35, $E35)&$C35 -> (US$m) | H35: =H2 -> H1 2023 | I35: =I2 -> H2 2023 | J35: =J2 -> H1 2024 | K35: =K2 -> H2 2024 | L35: =L2 -> H1 2025 | M35: =M2 -> H2 2025 | N35: =N2 -> H1 2026 | P35: =P2 -> FY 2023 | Q35: =Q2 -> FY 2024 | R35: =R2 -> FY 2025
C36: =IFERROR(CHOOSE(B36, " ¹ "," ² "," ³ "," ⁴ "," ⁵ "," ⁶ "," ⁷ "," ⁸ "," ⁹ ", " ¹⁰ "," ¹¹ "," ¹² " ),"") | D36: Labour | E36: Оплата труда | F36: =CHOOSE(Content!$A$1, $D36, $E36)&$C36 -> Labour | H36: 14 | I36: 17 | J36: 22 | K36: 15 | L36: 21 | M36: 23 | N36: 31 | P36: 31 | Q36: 37 | R36: 44
C37: =IFERROR(CHOOSE(B37, " ¹ "," ² "," ³ "," ⁴ "," ⁵ "," ⁶ "," ⁷ "," ⁸ "," ⁹ ", " ¹⁰ "," ¹¹ "," ¹² " ),"") | D37: Services | E37: Услуги | F37: =CHOOSE(Content!$A$1, $D37, $E37)&$C37 -> Services | H37: 8 | I37: 10 | J37: 5 | K37: 6 | L37: 5 | M37: 4 | N37: 5 | P37: 18 | Q37: 11 | R37: 11
D38: Audit and consulting | E38: Аудит и консалтинг | F38: =CHOOSE(Content!$A$1, $D38, $E38)&$C38 -> Audit and consulting | H38: 0 | I38: 0 | J38: 0 | K38: 0 | L38: 2 | M38: 0 | N38: 5
C39: =IFERROR(CHOOSE(B39, " ¹ "," ² "," ³ "," ⁴ "," ⁵ "," ⁶ "," ⁷ "," ⁸ "," ⁹ ", " ¹⁰ "," ¹¹ "," ¹² " ),"") | D39: Share based compensation | E39: Опционная программа | F39: =CHOOSE(Content!$A$1, $D39, $E39)&$C39 -> Share based compensation | H39: 5 | I39: 6 | J39: 2 | K39: 0 | L39: 0 | M39: 0 | N39: 0 | P39: 11 | Q39: 2 | R39: 0
C40: =IFERROR(CHOOSE(B40, " ¹ "," ² "," ³ "," ⁴ "," ⁵ "," ⁶ "," ⁷ "," ⁸ "," ⁹ ", " ¹⁰ "," ¹¹ "," ¹² " ),"") | D40: Depreciation | E40: Амортизация | F40: =CHOOSE(Content!$A$1, $D40, $E40)&$C40 -> Depreciation | H40: 1 | I40: 1 | J40: 1 | K40: 1 | L40: 1 | M40: 2 | N40: 2 | P40: 2 | Q40: 2 | R40: 3
C41: =IFERROR(CHOOSE(B41, " ¹ "," ² "," ³ "," ⁴ "," ⁵ "," ⁶ "," ⁷ "," ⁸ "," ⁹ ", " ¹⁰ "," ¹¹ "," ¹² " ),"") | D41: Other | E41: Прочее | F41: =CHOOSE(Content!$A$1, $D41, $E41)&$C41 -> Other | H41: 4 | I41: 5 | J41: 5 | K41: 8 | L41: 5 | M41: 7 | N41: 7 | P41: 9 | Q41: 13 | R41: 12
C42: =IFERROR(CHOOSE(B42, " ¹ "," ² "," ³ "," ⁴ "," ⁵ "," ⁶ "," ⁷ "," ⁸ "," ⁹ ", " ¹⁰ "," ¹¹ "," ¹² " ),"") | D42: Total | E42: Итого | F42: =CHOOSE(Content!$A$1, $D42, $E42)&$C42 -> Total | H42: 32 | I42: 39 | J42: 35 | K42: 30 | L42: 34 | M42: 36 | N42: 50 | P42: 71 | Q42: 65 | R42: 70
C43: =IFERROR(CHOOSE(B43, " ¹ "," ² "," ³ "," ⁴ "," ⁵ "," ⁶ "," ⁷ "," ⁸ "," ⁹ ", " ¹⁰ "," ¹¹ "," ¹² " ),"") | D43: Other expenses | E43: Прочие расходы | F43: =CHOOSE(Content!$A$1, $D43, $E43)&$C43 -> Other expenses
C44: =IFERROR(CHOOSE(B44, " ¹ "," ² "," ³ "," ⁴ "," ⁵ "," ⁶ "," ⁷ "," ⁸ "," ⁹ ", " ¹⁰ "," ¹¹ "," ¹² " ),"") | D44: (US$m) | E44: US$ млн | F44: =CHOOSE(Content!$A$1, $D44, $E44)&$C44 -> (US$m) | H44: =H2 -> H1 2023 | I44: =I2 -> H2 2023 | J44: =J2 -> H1 2024 | K44: =K2 -> H2 2024 | L44: =L2 -> H1 2025 | M44: =M2 -> H2 2025 | N44: =N2 -> H1 2026 | P44: =P2 -> FY 2023 | Q44: =Q2 -> FY 2024 | R44: =R2 -> FY 2025
C45: =IFERROR(CHOOSE(B45, " ¹ "," ² "," ³ "," ⁴ "," ⁵ "," ⁶ "," ⁷ "," ⁸ "," ⁹ ", " ¹⁰ "," ¹¹ "," ¹² " ),"") | D45: Social payments | E45: Социальные выплаты | F45: =CHOOSE(Content!$A$1, $D45, $E45)&$C45 -> Social payments | H45: 2 | I45: 7 | J45: 10 | K45: 3 | L45: 7 | M45: 2 | N45: 5 | P45: 9 | Q45: 13 | R45: 9
C46: =IFERROR(CHOOSE(B46, " ¹ "," ² "," ³ "," ⁴ "," ⁵ "," ⁶ "," ⁷ "," ⁸ "," ⁹ ", " ¹⁰ "," ¹¹ "," ¹² " ),"") | D46: Exploration expenses | E46: Расходы на геологоразведочные работы | F46: =CHOOSE(Content!$A$1, $D46, $E46)&$C46 -> Exploration expenses | H46: 1 | I46: 3 | J46: 2 | K46: 6 | L46: 0 | M46: 4 | N46: 1 | P46: 4 | Q46: 8 | R46: 4
C47: =IFERROR(CHOOSE(B47, " ¹ "," ² "," ³ "," ⁴ "," ⁵ "," ⁶ "," ⁷ "," ⁸ "," ⁹ ", " ¹⁰ "," ¹¹ "," ¹² " ),"") | D47: Taxes, other than income tax | E47: Налоги (кроме налога на прибыль) | F47: =CHOOSE(Content!$A$1, $D47, $E47)&$C47 -> Taxes, other than income tax | H47: 2 | I47: 1 | J47: 4 | K47: 3 | L47: 4 | M47: 7 | N47: 5 | P47: 3 | Q47: 7 | R47: 11
C48: =IFERROR(CHOOSE(B48, " ¹ "," ² "," ³ "," ⁴ "," ⁵ "," ⁶ "," ⁷ "," ⁸ "," ⁹ ", " ¹⁰ "," ¹¹ "," ¹² " ),"") | D48: Change in estimate of environmental obligations | E48: Изменения в оценке обязательств по охране окружающей среды | F48: =CHOOSE(Content!$A$1, $D48, $E48)&$C48 -> Change in estimate of environmental obligations | I48: -2 | K48: 0 | L48: 0 | M48: 0 | N48: 0 | P48: -2 | Q48: 0 | R48: 0
C49: =IFERROR(CHOOSE(B49, " ¹ "," ² "," ³ "," ⁴ "," ⁵ "," ⁶ "," ⁷ "," ⁸ "," ⁹ ", " ¹⁰ "," ¹¹ "," ¹² " ),"") | D49: Other expenses | E49: Прочие расходы | F49: =CHOOSE(Content!$A$1, $D49, $E49)&$C49 -> Other expenses | H49: 2 | I49: 2 | J49: 3 | K49: 0 | L49: -2 | M49: 5 | N49: -2 | P49: 4 | Q49: 3 | R49: 3
C50: =IFERROR(CHOOSE(B50, " ¹ "," ² "," ³ "," ⁴ "," ⁵ "," ⁶ "," ⁷ "," ⁸ "," ⁹ ", " ¹⁰ "," ¹¹ "," ¹² " ),"") | D50: Total | E50: Итого | F50: =CHOOSE(Content!$A$1, $D50, $E50)&$C50 -> Total | H50: 7 | I50: 11 | J50: 19 | K50: 12 | L50: 9 | M50: 18 | N50: 9 | P50: 18 | Q50: 31 | R50: 27

Sheet Debt_EBITDA
C1: =IFERROR(CHOOSE(B1, " ¹ "," ² "," ³ "," ⁴ "," ⁵ "," ⁶ "," ⁷ "," ⁸ "," ⁹ ", " ¹⁰ "," ¹¹ "," ¹² " ),"") | D1: Net debt | E1: Чистый долг | F1: =CHOOSE(Content!$A$1, $D1, $E1)&$C1 -> Net debt
C2: =IFERROR(CHOOSE(B2, " ¹ "," ² "," ³ "," ⁴ "," ⁵ "," ⁶ "," ⁷ "," ⁸ "," ⁹ ", " ¹⁰ "," ¹¹ "," ¹² " ),"") | D2: US$m | E2: US$ млн | F2: =CHOOSE(Content!$A$1, $D2, $E2)&$C2 -> US$m | I2: =I13 -> 45291 | J2: =J13 -> 45473 | K2: =K13 -> 45657 | L2: =L13 -> 45838 | M2: =M13 -> 46022 | N2: =N13 -> 46203
C3: =IFERROR(CHOOSE(B3, " ¹ "," ² "," ³ "," ⁴ "," ⁵ "," ⁶ "," ⁷ "," ⁸ "," ⁹ ", " ¹⁰ "," ¹¹ "," ¹² " ),"") | D3: Short-term debt and current portion of long-term debt | E3: Краткосрочная задолженность и текущая долгосрочная задолженность | F3: =CHOOSE(Content!$A$1, $D3, $E3)&$C3 -> Short-term debt and current portion of long-term debt | I3: 1005 | J3: 219 | K3: 179 | L3: 105 | M3: 105 | N3: 75
C4: =IFERROR(CHOOSE(B4, " ¹ "," ² "," ³ "," ⁴ "," ⁵ "," ⁶ "," ⁷ "," ⁸ "," ⁹ ", " ¹⁰ "," ¹¹ "," ¹² " ),"") | D4: Long-term debt | E4: Долгосрочная задолженность | F4: =CHOOSE(Content!$A$1, $D4, $E4)&$C4 -> Long-term debt | I4: 2220 | J4: 185 | K4: 143 | L4: 103 | M4: 162 | N4: 150
C5: =IFERROR(CHOOSE(B5, " ¹ "," ² "," ³ "," ⁴ "," ⁵ "," ⁶ "," ⁷ "," ⁸ "," ⁹ ", " ¹⁰ "," ¹¹ "," ¹² " ),"") | D5: Gross debt | E5: Общая задолженность | F5: =CHOOSE(Content!$A$1, $D5, $E5)&$C5 -> Gross debt | I5: 3225 | J5: 404 | K5: 322 | L5: 208 | M5: 267 | N5: 225
C6: =IFERROR(CHOOSE(B6, " ¹ "," ² "," ³ "," ⁴ "," ⁵ "," ⁶ "," ⁷ "," ⁸ "," ⁹ ", " ¹⁰ "," ¹¹ "," ¹² " ),"") | D6: Less: cash and cash equivalents | E6: Денежные средства и их эквиваленты | F6: =CHOOSE(Content!$A$1, $D6, $E6)&$C6 -> Less: cash and cash equivalents | I6: 842 | J6: 761 | K6: 696 | L6: 351 | M6: 731 | N6: 878
C7: =IFERROR(CHOOSE(B7, " ¹ "," ² "," ³ "," ⁴ "," ⁵ "," ⁶ "," ⁷ "," ⁸ "," ⁹ ", " ¹⁰ "," ¹¹ "," ¹² " ),"") | D7: Net debt/(cash) | E7: Чистый долг/(денежные средства) | F7: =CHOOSE(Content!$A$1, $D7, $E7)&$C7 -> Net debt/(cash) | I7: 2383 | J7: -357 | K7: -374 | L7: -143 | M7: -464 | N7: -653
C8: =IFERROR(CHOOSE(B8, " ¹ "," ² "," ³ "," ⁴ "," ⁵ "," ⁶ "," ⁷ "," ⁸ "," ⁹ ", " ¹⁰ "," ¹¹ "," ¹² " ),"") | D8: Continuing operations | E8: Продолжающаяся деятельность | F8: =CHOOSE(Content!$A$1, $D8, $E8)&$C8 -> Continuing operations | I8: 174 | J8: -357 | K8: -374 | L8: -143 | M8: -464 | N8: -653
C9: =IFERROR(CHOOSE(B9, " ¹ "," ² "," ³ "," ⁴ "," ⁵ "," ⁶ "," ⁷ "," ⁸ "," ⁹ ", " ¹⁰ "," ¹¹ "," ¹² " ),"") | D9: Discontinued operations | E9: Прекращенная деятельность | F9: =CHOOSE(Content!$A$1, $D9, $E9)&$C9 -> Discontinued operations | I9: 2209 | J9: 0 | K9: 0 | L9: 0 | M9: 0 | N9: 0
C10: =IFERROR(CHOOSE(B10, " ¹ "," ² "," ³ "," ⁴ "," ⁵ "," ⁶ "," ⁷ "," ⁸ "," ⁹ ", " ¹⁰ "," ¹¹ "," ¹² " ),"") | D10: Net debt/(cash) / adjusted 12M EBITDA (continung operations) | E10: Чистый долг/(денежные средства) / скорректированная EBITDA за 12 месяцев (продолжающаяся деятельность) | F10: =CHOOSE(Content!$A$1, $D10, $E10)&$C10 -> Net debt/(cash) / adjusted 12M EBITDA (continung operations) | I10: 0.39545455 | J10: -0.61046825 | K10: -0.52532234 | L10: -0.28 | M10: -0.47736626 | N10: -0.45
C11: =IFERROR(CHOOSE(B11, " ¹ "," ² "," ³ "," ⁴ "," ⁵ "," ⁶ "," ⁷ "," ⁸ "," ⁹ ", " ¹⁰ "," ¹¹ "," ¹² " ),"") | D11: Adjusted EBITDA by segment | E11: Скорректированная EBITDA по предприятиям | F11: =CHOOSE(Content!$A$1, $D11, $E11)&$C11 -> Adjusted EBITDA by segment
C12: =IFERROR(CHOOSE(B12, " ¹ "," ² "," ³ "," ⁴ "," ⁵ "," ⁶ "," ⁷ "," ⁸ "," ⁹ ", " ¹⁰ "," ¹¹ "," ¹² " ),"") | D12: US$m | E12: US$ млн | F12: =CHOOSE(Content!$A$1, $D12, $E12)&$C12 -> US$m | H12: =CHOOSE(Content!$A$1, "H"&MONTH(H13)/6, MONTH(H13)/6&"П")&" "&YEAR(H13) -> H1 2023 | I12: =CHOOSE(Content!$A$1, "H"&MONTH(I13)/6, MONTH(I13)/6&"П")&" "&YEAR(I13) -> H2 2023 | J12: =CHOOSE(Content!$A$1, "H"&MONTH(J13)/6, MONTH(J13)/6&"П")&" "&YEAR(J13) -> H1 2024 | K12: =CHOOSE(Content!$A$1, "H"&MONTH(K13)/6, MONTH(K13)/6&"П")&" "&YEAR(K13) -> H2 2024 | L12: =CHOOSE(Content!$A$1, "H"&MONTH(L13)/6, MONTH(L13)/6&"П")&" "&YEAR(L13) -> H1 2025 | M12: =CHOOSE(Content!$A$1, "H"&MONTH(M13)/6, MONTH(M13)/6&"П")&" "&YEAR(M13) -> H2 2025 | N12: =CHOOSE(Content!$A$1, "H"&MONTH(N13)/6, MONTH(N13)/6&"П")&" "&YEAR(N13) -> H1 2026 | P12: =CHOOSE(Content!$A$1, "FY "&P13, P13) -> FY 2023 | Q12: =CHOOSE(Content!$A$1, "FY "&Q13, Q13) -> FY 2024 | R12: =CHOOSE(Content!$A$1, "FY "&R13, R13) -> FY 2025
F13: =CHOOSE(Content!$A$1, $D13, $E13)&$C13 | H13: =DATE(2023,6,30) -> 45107 | I13: =EOMONTH(H13, 6) -> 45291 | J13: =EOMONTH(I13, 6) -> 45473 | K13: =EOMONTH(J13, 6) -> 45657 | L13: =EOMONTH(K13, 6) -> 45838 | M13: =EOMONTH(L13, 6) -> 46022 | N13: =EOMONTH(M13, 6) -> 46203 | P13: 2023 | Q13: =P13+1 -> 2024 | R13: =Q13+1 -> 2025
C14: =IFERROR(CHOOSE(B14, " ¹ "," ² "," ³ "," ⁴ "," ⁵ "," ⁶ "," ⁷ "," ⁸ "," ⁹ ", " ¹⁰ "," ¹¹ "," ¹² " ),"") | D14: Kyzyl | E14: Кызыл | F14: =CHOOSE(Content!$A$1, $D14, $E14)&$C14 -> Kyzyl | H14: 143 | I14: 190 | J14: 294 | K14: 283 | L14: 44 | M14: 643 | N14: 443 | P14: 333 | Q14: 577 | R14: 687
C15: =IFERROR(CHOOSE(B15, " ¹ "," ² "," ³ "," ⁴ "," ⁵ "," ⁶ "," ⁷ "," ⁸ "," ⁹ ", " ¹⁰ "," ¹¹ "," ¹² " ),"") | D15: Varvara | E15: Варваринское | F15: =CHOOSE(Content!$A$1, $D15, $E15)&$C15 -> Varvara | H15: 70 | I15: 67 | J15: 70.168 | K15: 97.832 | L15: 125 | M15: 207 | N15: 225 | P15: 137 | Q15: 168 | R15: 332
C16: =IFERROR(CHOOSE(B16, " ¹ "," ² "," ³ "," ⁴ "," ⁵ "," ⁶ "," ⁷ "," ⁸ "," ⁹ ", " ¹⁰ "," ¹¹ "," ¹² " ),"") | D16: Corporate and other and intersegment operations | E16: Корпоративные и прочие, внутригрупповые операции | F16: =CHOOSE(Content!$A$1, $D16, $E16)&$C16 -> Corporate and other and intersegment operations | H16: -13 | I16: -17 | J16: -18.371 | K16: -14.629 | L16: -17 | M16: -30 | N16: -27 | P16: -30 | Q16: -33 | R16: -47
C17: =IFERROR(CHOOSE(B17, " ¹ "," ² "," ³ "," ⁴ "," ⁵ "," ⁶ "," ⁷ "," ⁸ "," ⁹ ", " ¹⁰ "," ¹¹ "," ¹² " ),"") | D17: Total | E17: Итого | F17: =CHOOSE(Content!$A$1, $D17, $E17)&$C17 -> Total | H17: 200 | I17: 240 | J17: 345.797 | K17: 366.14683 | L17: 152 | M17: 820 | N17: 641 | P17: 440 | Q17: 711.94383 | R17: 972
C18: =IFERROR(CHOOSE(B18, " ¹ "," ² "," ³ "," ⁴ "," ⁵ "," ⁶ "," ⁷ "," ⁸ "," ⁹ ", " ¹⁰ "," ¹¹ "," ¹² " ),"") | D18: Reconciliation of Adjusted EBITDA | E18: Расчет скорректированной EBITDA | F18: =CHOOSE(Content!$A$1, $D18, $E18)&$C18 -> Reconciliation of Adjusted EBITDA
C19: =IFERROR(CHOOSE(B19, " ¹ "," ² "," ³ "," ⁴ "," ⁵ "," ⁶ "," ⁷ "," ⁸ "," ⁹ ", " ¹⁰ "," ¹¹ "," ¹² " ),"") | D19: US$m | E19: US$ млн | F19: =CHOOSE(Content!$A$1, $D19, $E19)&$C19 -> US$m | H19: =H12 -> H1 2023 | I19: =I12 -> H2 2023 | J19: =J12 -> H1 2024 | K19: =K12 -> H2 2024 | L19: =L12 -> H1 2025 | M19: =M12 -> H2 2025 | N19: =N12 -> H1 2026 | P19: =P12 -> FY 2023 | Q19: =Q12 -> FY 2024 | R19: =R12 -> FY 2025
